Workbook
Name Chk_Tol: #REF!
Name Chk_Tol: #REF!
Name Chk_Tol: #REF!
Name Chk_Tol: #REF!
Name Chk_Tol: #REF!
Name Chk_Tol: #REF!
Name Chk_Tol: #REF!
Name Chk_Tol: #REF!
Name ChK_Tol: #REF!
Name CHK_TOL_TAX: #REF!
Name LIVE_RESULTS: #REF!
Name Pct_Tol: #REF!
Name START_TRACK_STORE: #REF!
Name TRACK_ACTIVE: #REF!
Name TRACK_COMMENT_START: #REF!
Name TRK_COMMENT: #REF!
Name Trk_Tol: #REF!

Sheet Cover
A1: Cover
B3: PR19 WINEP and Green Recovery carryover PCDs
B5: Version number: | C5: 1
B6: File name: | C6: PR24PCD117 WINEP and GER Carryover PCDs.xlsx
B7: Date: | C7: 45645
B9: For enquiries please contact: | C9: PR24@ofwat.gov.uk
B33: Contents:
B35: Tab name | C35: Description
B36: WINEP Carryover >>
B37: WINEP Carryover_ANH | C37: PR19 WINEP Carryover PCD for Anglian Water
B38: WINEP Carryover_NES | C38: PR19 WINEP Carryover PCD for Northumbrian Water
B39: WINEP Carryover_SRN | C39: PR19 WINEP Carryover PCD for Southern Water
B40: WINEP Carryover_TMS | C40: PR19 WINEP Carryover PCD for Thames Water
B41: WINEP Carryover_NWT | C41: PR19 WINEP Carryover PCD for United Utilities
B42: WINEP Carryover_WSX | C42: PR19 WINEP Carryover PCD for Wessex Water
B43: WINEP Carryover_YKY | C43: PR19 WINEP Carryover PCD for Yorkshire Water
B44: GER >>
B45: GER Carryover_NWT | C45: Green Economic Recovery (GER) PCD for United Utilities
B46: Annex >>>> | C46: Excerpt from company PR19 WINEP reconciliation models, with data for all PR19 WINEP carryover actions covered by the PCD.
B47: WINEP_Inputs_ANH | C47: PCD Inputs data extracted from PR19 WINEP Reconciliation model
B48: WINEP_Inputs_NES | C48: PCD Inputs data extracted from PR19 WINEP Reconciliation model
B49: WINEP_Inputs_SRN | C49: PCD Inputs data extracted from PR19 WINEP Reconciliation model
B50: WINEP_Inputs_TMS | C50: PCD Inputs data extracted from PR19 WINEP Reconciliation model
B51: WINEP_Inputs_NWT | C51: PCD Inputs data extracted from PR19 WINEP Reconciliation model
B52: WINEP_Inputs_WSX | C52: PCD Inputs data extracted from PR19 WINEP Reconciliation model
B53: WINEP_Inputs_YKY | C53: PCD Inputs data extracted from PR19 WINEP Reconciliation model
B54: WINEP_Inputs_ALL | C54: PCD Inputs data from PR19 WINEP Reconciliation model - all companies

Sheet WINEP Carryover >>

Sheet WINEP Carryover_ANH
A1: =CONCATENATE(C4," - ", C5) -> ANH - PR19 WINEP Carryover
B4: Company | C4: ANH
B5: Enhancement area | C5: PR19 WINEP Carryover
B6: PCD No. | C6: PCDWW35
B8: Common requirements | C8: See Section 15.1 of Price control deliverable appendix
B10: Additional company specific requirements
B11: Deliverable | C11: These PCDs are for tracking delivery of expenditure funded through the PR19 WINEP Carryover model. They are for delivery of specified late delivery PR19 WINEP actions each with a specific totex unit rate.
B12: Output measurement and reporting | C12: These deliverables for these PCDs (both non delivery and late delivery) require the completion of specific PR19 WINEP actions for each company. The action IDs and WINEP action names are taken from the PR19 WINEP Carryover model, which is an excerpt of actions from the company PR19 WINEP reconciliation models. Companies should report progress against the deliverables on an annual basis through their annual PCD report return . We expect companies to report deliverables based on the exact completion date (month of completion to be included) of the action.
B13: Conditions on scheme | C13: We expect the company to secure confirmation from the Environment Agency that schemes have been completed in accordance with WINEP obligations. Any removal of actions from the PR19 WINEP must be reported and confirmed by the Environment Agency.
B14: Assurance | C14: We are proposing that companies should provide independent assessment and assurance of delivered PR19 WINEP Carryover actions and forecast of likely outturn position at end of March 2030.
B16: Non-delivery PCD payment (WINEP action ID) | C16: Unit | D16: Payment rate
B17: 7AW200058 | C17: £m | D17: =INDEX(WINEP_Inputs_ANH!$DG$5:$DG$26, MATCH('WINEP Carryover_ANH'!B17, WINEP_Inputs_ANH!$DK$5:$DK$26,0)) -> 1.3798265
B18: 7AW200061 | C18: £m | D18: =INDEX(WINEP_Inputs_ANH!$DG$5:$DG$26, MATCH('WINEP Carryover_ANH'!B18, WINEP_Inputs_ANH!$DK$5:$DK$26,0)) -> 0.10960669
B19: 7AW200064 | C19: £m | D19: =INDEX(WINEP_Inputs_ANH!$DG$5:$DG$26, MATCH('WINEP Carryover_ANH'!B19, WINEP_Inputs_ANH!$DK$5:$DK$26,0)) -> 0.27036318
B20: 7AW200068 | C20: £m | D20: =INDEX(WINEP_Inputs_ANH!$DG$5:$DG$26, MATCH('WINEP Carryover_ANH'!B20, WINEP_Inputs_ANH!$DK$5:$DK$26,0)) -> 0.10960669
B21: 7AW200077 | C21: £m | D21: =INDEX(WINEP_Inputs_ANH!$DG$5:$DG$26, MATCH('WINEP Carryover_ANH'!B21, WINEP_Inputs_ANH!$DK$5:$DK$26,0)) -> 0.27401673
B22: 7AW200091 | C22: £m | D22: =INDEX(WINEP_Inputs_ANH!$DG$5:$DG$26, MATCH('WINEP Carryover_ANH'!B22, WINEP_Inputs_ANH!$DK$5:$DK$26,0)) -> 1.9266421
B23: 7AW200095 | C23: £m | D23: =INDEX(WINEP_Inputs_ANH!$DG$5:$DG$26, MATCH('WINEP Carryover_ANH'!B23, WINEP_Inputs_ANH!$DK$5:$DK$26,0)) -> 0.10960669
B24: 7AW200100 | C24: £m | D24: =INDEX(WINEP_Inputs_ANH!$DG$5:$DG$26, MATCH('WINEP Carryover_ANH'!B24, WINEP_Inputs_ANH!$DK$5:$DK$26,0)) -> 0.10960669
B25: 7AW200105 | C25: £m | D25: =INDEX(WINEP_Inputs_ANH!$DG$5:$DG$26, MATCH('WINEP Carryover_ANH'!B25, WINEP_Inputs_ANH!$DK$5:$DK$26,0)) -> 0.19120279
B26: 7AW200109 | C26: £m | D26: =INDEX(WINEP_Inputs_ANH!$DG$5:$DG$26, MATCH('WINEP Carryover_ANH'!B26, WINEP_Inputs_ANH!$DK$5:$DK$26,0)) -> 0.27401673
B27: 7AW200116 | C27: £m | D27: =INDEX(WINEP_Inputs_ANH!$DG$5:$DG$26, MATCH('WINEP Carryover_ANH'!B27, WINEP_Inputs_ANH!$DK$5:$DK$26,0)) -> 0.27401673
B28: 7AW200167 | C28: £m | D28: =INDEX(WINEP_Inputs_ANH!$DG$5:$DG$26, MATCH('WINEP Carryover_ANH'!B28, WINEP_Inputs_ANH!$DK$5:$DK$26,0)) -> 0.27036318
... B37: 7AW202086 | C37: £m | D37: =INDEX(WINEP_Inputs_ANH!$DG$5:$DG$26, MATCH('WINEP Carryover_ANH'!B37, WINEP_Inputs_ANH!$DK$5:$DK$26,0)) -> 0.27401673
B40: Time incentives PCD rate (WINEP action ID) | C40: Unit | D40: Under-performance
B41: 7AW200058 | C41: £m per month | D41: =INDEX(WINEP_Inputs_ANH!$DI$5:$DI$26, MATCH('WINEP Carryover_ANH'!B41, WINEP_Inputs_ANH!$DK$5:$DK$26,0)) -> 0.0045649259
B42: 7AW200061 | C42: £m per month | D42: =INDEX(WINEP_Inputs_ANH!$DI$5:$DI$26, MATCH('WINEP Carryover_ANH'!B42, WINEP_Inputs_ANH!$DK$5:$DK$26,0)) -> 0.00036261548
B43: 7AW200064 | C43: £m per month | D43: =INDEX(WINEP_Inputs_ANH!$DI$5:$DI$26, MATCH('WINEP Carryover_ANH'!B43, WINEP_Inputs_ANH!$DK$5:$DK$26,0)) -> 0.00089445151
B44: 7AW200068 | C44: £m per month | D44: =INDEX(WINEP_Inputs_ANH!$DI$5:$DI$26, MATCH('WINEP Carryover_ANH'!B44, WINEP_Inputs_ANH!$DK$5:$DK$26,0)) -> 0.00036261548
B45: 7AW200077 | C45: £m per month | D45: =INDEX(WINEP_Inputs_ANH!$DI$5:$DI$26, MATCH('WINEP Carryover_ANH'!B45, WINEP_Inputs_ANH!$DK$5:$DK$26,0)) -> 0.00090653869
B46: 7AW200091 | C46: £m per month | D46: =INDEX(WINEP_Inputs_ANH!$DI$5:$DI$26, MATCH('WINEP Carryover_ANH'!B46, WINEP_Inputs_ANH!$DK$5:$DK$26,0)) -> 0.0063739743
B47: 7AW200095 | C47: £m per month | D47: =INDEX(WINEP_Inputs_ANH!$DI$5:$DI$26, MATCH('WINEP Carryover_ANH'!B47, WINEP_Inputs_ANH!$DK$5:$DK$26,0)) -> 0.00036261548
B48: 7AW200100 | C48: £m per month | D48: =INDEX(WINEP_Inputs_ANH!$DI$5:$DI$26, MATCH('WINEP Carryover_ANH'!B48, WINEP_Inputs_ANH!$DK$5:$DK$26,0)) -> 0.00036261548
B49: 7AW200105 | C49: £m per month | D49: =INDEX(WINEP_Inputs_ANH!$DI$5:$DI$26, MATCH('WINEP Carryover_ANH'!B49, WINEP_Inputs_ANH!$DK$5:$DK$26,0)) -> 0.00063256255
B50: 7AW200109 | C50: £m per month | D50: =INDEX(WINEP_Inputs_ANH!$DI$5:$DI$26, MATCH('WINEP Carryover_ANH'!B50, WINEP_Inputs_ANH!$DK$5:$DK$26,0)) -> 0.00090653869
B51: 7AW200116 | C51: £m per month | D51: =INDEX(WINEP_Inputs_ANH!$DI$5:$DI$26, MATCH('WINEP Carryover_ANH'!B51, WINEP_Inputs_ANH!$DK$5:$DK$26,0)) -> 0.00090653869
B52: 7AW200167 | C52: £m per month | D52: =INDEX(WINEP_Inputs_ANH!$DI$5:$DI$26, MATCH('WINEP Carryover_ANH'!B52, WINEP_Inputs_ANH!$DK$5:$DK$26,0)) -> 0.00089445151
... B61: 7AW202086 | C61: £m per month | D61: =INDEX(WINEP_Inputs_ANH!$DI$5:$DI$26, MATCH('WINEP Carryover_ANH'!B61, WINEP_Inputs_ANH!$DK$5:$DK$26,0)) -> 0.00090653869
B65: PCD outputs (cumulative) | C65: Unit | D65: 2023-24 | E65: 2024-25 | F65: 2025-26 | G65: 2026-27 | H65: 2027-28 | I65: 2028-29 | J65: 2029-30 | K65: 2030-31 | L65: 2031-32 | M65: 2032-33 | N65: 2033-34 | O65: 2034-35
B66: 7AW200058 | D66: 0 | E66: 0 | F66: 1 | G66: 1 | H66: 1 | I66: 1 | J66: 1 | K66: 1 | L66: 1 | M66: 1 | N66: 1 | O66: 1
B67: 7AW200061 | D67: 0 | E67: 0 | F67: 1 | G67: 1 | H67: 1 | I67: 1 | J67: 1 | K67: 1 | L67: 1 | M67: 1 | N67: 1 | O67: 1
B68: 7AW200064 | D68: 0 | E68: 0 | F68: 1 | G68: 1 | H68: 1 | I68: 1 | J68: 1 | K68: 1 | L68: 1 | M68: 1 | N68: 1 | O68: 1
B69: 7AW200068 | D69: 0 | E69: 0 | F69: 1 | G69: 1 | H69: 1 | I69: 1 | J69: 1 | K69: 1 | L69: 1 | M69: 1 | N69: 1 | O69: 1
B70: 7AW200077 | D70: 0 | E70: 0 | F70: 1 | G70: 1 | H70: 1 | I70: 1 | J70: 1 | K70: 1 | L70: 1 | M70: 1 | N70: 1 | O70: 1
B71: 7AW200091 | D71: 0 | E71: 0 | F71: 1 | G71: 1 | H71: 1 | I71: 1 | J71: 1 | K71: 1 | L71: 1 | M71: 1 | N71: 1 | O71: 1
B72: 7AW200095 | D72: 0 | E72: 0 | F72: 1 | G72: 1 | H72: 1 | I72: 1 | J72: 1 | K72: 1 | L72: 1 | M72: 1 | N72: 1 | O72: 1
B73: 7AW200100 | D73: 0 | E73: 0 | F73: 1 | G73: 1 | H73: 1 | I73: 1 | J73: 1 | K73: 1 | L73: 1 | M73: 1 | N73: 1 | O73: 1
B74: 7AW200105 | D74: 0 | E74: 0 | F74: 1 | G74: 1 | H74: 1 | I74: 1 | J74: 1 | K74: 1 | L74: 1 | M74: 1 | N74: 1 | O74: 1
B75: 7AW200109 | D75: 0 | E75: 0 | F75: 1 | G75: 1 | H75: 1 | I75: 1 | J75: 1 | K75: 1 | L75: 1 | M75: 1 | N75: 1 | O75: 1
B76: 7AW200116 | D76: 0 | E76: 0 | F76: 1 | G76: 1 | H76: 1 | I76: 1 | J76: 1 | K76: 1 | L76: 1 | M76: 1 | N76: 1 | O76: 1
B77: 7AW200167 | D77: 0 | E77: 0 | F77: 1 | G77: 1 | H77: 1 | I77: 1 | J77: 1 | K77: 1 | L77: 1 | M77: 1 | N77: 1 | O77: 1
... B86: 7AW202086 | D86: 0 | E86: 0 | F86: 1 | G86: 1 | H86: 1 | I86: 1 | J86: 1 | K86: 1 | L86: 1 | M86: 1 | N86: 1 | O86: 1

Sheet WINEP Carryover_NES
A1: =CONCATENATE(C4," - ", C5) -> NES - PR19 WINEP Carryover
B4: Company | C4: NES
B5: Enhancement area | C5: PR19 WINEP Carryover
B6: PCD No. | C6: PCDWW35
B8: Common requirements | C8: See Section 15.1 of Price control deliverable appendix
B10: Additional company specific requirements
B11: Deliverable | C11: These PCDs are for tracking delivery of expenditure funded through the PR19 WINEP Carryover model. They are for delivery of specified late delivery PR19 WINEP actions each with a specific totex unit rate.
B12: Output measurement and reporting | C12: These deliverables for these PCDs (both non delivery and late delivery) require the completion of specific PR19 WINEP actions for each company. The action IDs and WINEP action names are taken from the PR19 WINEP Carryover model, which is an excerpt of actions from the company PR19 WINEP reconciliation models. Companies should report progress against the deliverables on an annual basis through their annual PCD report return . We expect companies to report deliverables based on the exact completion date (month of completion to be included) of the action.
B13: Conditions on scheme | C13: We expect the company to secure confirmation from the Environment Agency that schemes have been completed in accordance with WINEP obligations. Any removal of actions from the PR19 WINEP must be reported and confirmed by the Environment Agency.
B14: Assurance | C14: We are proposing that companies should provide independent assessment and assurance of delivered PR19 WINEP Carryover actions and forecast of likely outturn position at end of March 2030.
B16: Non-delivery PCD payment (WINEP action ID) | C16: Unit | D16: Payment rate
B17: 7NW10005 | C17: £m | D17: =INDEX(WINEP_Inputs_NES!$DG$5:$DG$7, MATCH('WINEP Carryover_NES'!B17, WINEP_Inputs_NES!$DK$5:$DK$7,0)) -> 1.3043196
B18: 7NW200568 | C18: £m | D18: =INDEX(WINEP_Inputs_NES!$DG$5:$DG$7, MATCH('WINEP Carryover_NES'!B18, WINEP_Inputs_NES!$DK$5:$DK$7,0)) -> 5.1941394
B19: 7NW200583 | C19: £m | D19: =INDEX(WINEP_Inputs_NES!$DG$5:$DG$7, MATCH('WINEP Carryover_NES'!B19, WINEP_Inputs_NES!$DK$5:$DK$7,0)) -> 3.3174292
B22: Time incentives PCD rate (WINEP action ID) | C22: Unit | D22: Under-performance
B23: 7NW10005 | C23: £m per month | D23: =INDEX(WINEP_Inputs_NES!$DI$5:$DI$7, MATCH('WINEP Carryover_NES'!B23, WINEP_Inputs_NES!$DK$5:$DK$7,0)) -> 0.0043151242
B24: 7NW200568 | C24: £m per month | D24: =INDEX(WINEP_Inputs_NES!$DI$5:$DI$7, MATCH('WINEP Carryover_NES'!B24, WINEP_Inputs_NES!$DK$5:$DK$7,0)) -> 0.017183945
B25: 7NW200583 | C25: £m per month | D25: =INDEX(WINEP_Inputs_NES!$DI$5:$DI$7, MATCH('WINEP Carryover_NES'!B25, WINEP_Inputs_NES!$DK$5:$DK$7,0)) -> 0.010975162
B29: PCD outputs (cumulative) | C29: Unit | D29: 2023-24 | E29: 2024-25 | F29: 2025-26 | G29: 2026-27 | H29: 2027-28 | I29: 2028-29 | J29: 2029-30 | K29: 2030-31 | L29: 2031-32 | M29: 2032-33 | N29: 2033-34 | O29: 2034-35
B30: 7NW10005 | D30: 0 | E30: 0 | F30: 1 | G30: 1 | H30: 1 | I30: 1 | J30: 1 | K30: 1 | L30: 1 | M30: 1 | N30: 1 | O30: 1
B31: 7NW200568 | D31: 0 | E31: 0 | F31: 1 | G31: 1 | H31: 1 | I31: 1 | J31: 1 | K31: 1 | L31: 1 | M31: 1 | N31: 1 | O31: 1
B32: 7NW200583 | D32: 0 | E32: 0 | F32: 1 | G32: 1 | H32: 1 | I32: 1 | J32: 1 | K32: 1 | L32: 1 | M32: 1 | N32: 1 | O32: 1

Sheet WINEP Carryover_SRN
A1: =CONCATENATE(C4," - ", C5) -> SRN - PR19 WINEP Carryover
B4: Company | C4: SRN
B5: Enhancement area | C5: PR19 WINEP Carryover
B6: PCD No. | C6: PCDWW35
B8: Common requirements | C8: See Section 15.1 of Price control deliverable appendix
B10: Additional company specific requirements
B11: Deliverable | C11: These PCDs are for tracking delivery of expenditure funded through the PR19 WINEP Carryover model. They are for delivery of specified late delivery PR19 WINEP actions each with a specific totex unit rate.
B12: Output measurement and reporting | C12: These deliverables for these PCDs (both non delivery and late delivery) require the completion of specific PR19 WINEP actions for each company. The action IDs and WINEP action names are taken from the PR19 WINEP Carryover model, which is an excerpt of actions from the company PR19 WINEP reconciliation models. Companies should report progress against the deliverables on an annual basis through their annual PCD report return . We expect companies to report deliverables based on the exact completion date (month of completion to be included) of the action.
B13: Conditions on scheme | C13: We expect the company to secure confirmation from the Environment Agency that schemes have been completed in accordance with WINEP obligations. Any removal of actions from the PR19 WINEP must be reported and confirmed by the Environment Agency.
B14: Assurance | C14: We are proposing that companies should provide independent assessment and assurance of delivered PR19 WINEP Carryover actions and forecast of likely outturn position at end of March 2030.
B16: Non-delivery PCD payment (WINEP action ID) | C16: Unit | D16: Payment rate
B17: 7SO200397 | C17: £m | D17: =INDEX(WINEP_Inputs_SRN!$DG$5:$DG$18, MATCH('WINEP Carryover_SRN'!B17, WINEP_Inputs_SRN!$DK$5:$DK$18,0)) -> 4.220965
B18: 7SO300507 | C18: £m | D18: =INDEX(WINEP_Inputs_SRN!$DG$5:$DG$18, MATCH('WINEP Carryover_SRN'!B18, WINEP_Inputs_SRN!$DK$5:$DK$18,0)) -> 4.056112
B19: 7SO300513 | C19: £m | D19: =INDEX(WINEP_Inputs_SRN!$DG$5:$DG$18, MATCH('WINEP Carryover_SRN'!B19, WINEP_Inputs_SRN!$DK$5:$DK$18,0)) -> 4.056112
B20: 7SO300531 | C20: £m | D20: =INDEX(WINEP_Inputs_SRN!$DG$5:$DG$18, MATCH('WINEP Carryover_SRN'!B20, WINEP_Inputs_SRN!$DK$5:$DK$18,0)) -> 4.056112
B21: 7SO300538 | C21: £m | D21: =INDEX(WINEP_Inputs_SRN!$DG$5:$DG$18, MATCH('WINEP Carryover_SRN'!B21, WINEP_Inputs_SRN!$DK$5:$DK$18,0)) -> 4.056112
B22: 7SO300542 | C22: £m | D22: =INDEX(WINEP_Inputs_SRN!$DG$5:$DG$18, MATCH('WINEP Carryover_SRN'!B22, WINEP_Inputs_SRN!$DK$5:$DK$18,0)) -> 4.056112
B23: 7SO300544 | C23: £m | D23: =INDEX(WINEP_Inputs_SRN!$DG$5:$DG$18, MATCH('WINEP Carryover_SRN'!B23, WINEP_Inputs_SRN!$DK$5:$DK$18,0)) -> 4.056112
B24: 7SO300552 | C24: £m | D24: =INDEX(WINEP_Inputs_SRN!$DG$5:$DG$18, MATCH('WINEP Carryover_SRN'!B24, WINEP_Inputs_SRN!$DK$5:$DK$18,0)) -> 4.056112
B25: 7SO300561 | C25: £m | D25: =INDEX(WINEP_Inputs_SRN!$DG$5:$DG$18, MATCH('WINEP Carryover_SRN'!B25, WINEP_Inputs_SRN!$DK$5:$DK$18,0)) -> 4.056112
B26: 7SO300562 | C26: £m | D26: =INDEX(WINEP_Inputs_SRN!$DG$5:$DG$18, MATCH('WINEP Carryover_SRN'!B26, WINEP_Inputs_SRN!$DK$5:$DK$18,0)) -> 4.056112
B27: 7SO300563 | C27: £m | D27: =INDEX(WINEP_Inputs_SRN!$DG$5:$DG$18, MATCH('WINEP Carryover_SRN'!B27, WINEP_Inputs_SRN!$DK$5:$DK$18,0)) -> 4.056112
B28: 7SO400120 | C28: £m | D28: =INDEX(WINEP_Inputs_SRN!$DG$5:$DG$18, MATCH('WINEP Carryover_SRN'!B28, WINEP_Inputs_SRN!$DK$5:$DK$18,0)) -> 16.420752
... B30: 7SO400161 | C30: £m | D30: =INDEX(WINEP_Inputs_SRN!$DG$5:$DG$18, MATCH('WINEP Carryover_SRN'!B30, WINEP_Inputs_SRN!$DK$5:$DK$18,0)) -> 16.420752
B33: Time incentives PCD rate (WINEP action ID) | C33: Unit | D33: Under-performance
B34: 7SO200397 | C34: £m per month | D34: =INDEX(WINEP_Inputs_SRN!$DI$5:$DI$18, MATCH('WINEP Carryover_SRN'!B34, WINEP_Inputs_SRN!$DK$5:$DK$18,0)) -> 0.013964359
B35: 7SO300507 | C35: £m per month | D35: =INDEX(WINEP_Inputs_SRN!$DI$5:$DI$18, MATCH('WINEP Carryover_SRN'!B35, WINEP_Inputs_SRN!$DK$5:$DK$18,0)) -> 0.013418971
B36: 7SO300513 | C36: £m per month | D36: =INDEX(WINEP_Inputs_SRN!$DI$5:$DI$18, MATCH('WINEP Carryover_SRN'!B36, WINEP_Inputs_SRN!$DK$5:$DK$18,0)) -> 0.013418971
B37: 7SO300531 | C37: £m per month | D37: =INDEX(WINEP_Inputs_SRN!$DI$5:$DI$18, MATCH('WINEP Carryover_SRN'!B37, WINEP_Inputs_SRN!$DK$5:$DK$18,0)) -> 0.013418971
B38: 7SO300538 | C38: £m per month | D38: =INDEX(WINEP_Inputs_SRN!$DI$5:$DI$18, MATCH('WINEP Carryover_SRN'!B38, WINEP_Inputs_SRN!$DK$5:$DK$18,0)) -> 0.013418971
B39: 7SO300542 | C39: £m per month | D39: =INDEX(WINEP_Inputs_SRN!$DI$5:$DI$18, MATCH('WINEP Carryover_SRN'!B39, WINEP_Inputs_SRN!$DK$5:$DK$18,0)) -> 0.013418971
B40: 7SO300544 | C40: £m per month | D40: =INDEX(WINEP_Inputs_SRN!$DI$5:$DI$18, MATCH('WINEP Carryover_SRN'!B40, WINEP_Inputs_SRN!$DK$5:$DK$18,0)) -> 0.013418971
B41: 7SO300552 | C41: £m per month | D41: =INDEX(WINEP_Inputs_SRN!$DI$5:$DI$18, MATCH('WINEP Carryover_SRN'!B41, WINEP_Inputs_SRN!$DK$5:$DK$18,0)) -> 0.013418971
B42: 7SO300561 | C42: £m per month | D42: =INDEX(WINEP_Inputs_SRN!$DI$5:$DI$18, MATCH('WINEP Carryover_SRN'!B42, WINEP_Inputs_SRN!$DK$5:$DK$18,0)) -> 0.013418971
B43: 7SO300562 | C43: £m per month | D43: =INDEX(WINEP_Inputs_SRN!$DI$5:$DI$18, MATCH('WINEP Carryover_SRN'!B43, WINEP_Inputs_SRN!$DK$5:$DK$18,0)) -> 0.013418971
B44: 7SO300563 | C44: £m per month | D44: =INDEX(WINEP_Inputs_SRN!$DI$5:$DI$18, MATCH('WINEP Carryover_SRN'!B44, WINEP_Inputs_SRN!$DK$5:$DK$18,0)) -> 0.013418971
B45: 7SO400120 | C45: £m per month | D45: =INDEX(WINEP_Inputs_SRN!$DI$5:$DI$18, MATCH('WINEP Carryover_SRN'!B45, WINEP_Inputs_SRN!$DK$5:$DK$18,0)) -> 0.05432532
... B47: 7SO400161 | C47: £m per month | D47: =INDEX(WINEP_Inputs_SRN!$DI$5:$DI$18, MATCH('WINEP Carryover_SRN'!B47, WINEP_Inputs_SRN!$DK$5:$DK$18,0)) -> 0.05432532
B51: PCD outputs (cumulative) | C51: Unit | D51: 2023-24 | E51: 2024-25 | F51: 2025-26 | G51: 2026-27 | H51: 2027-28 | I51: 2028-29 | J51: 2029-30 | K51: 2030-31 | L51: 2031-32 | M51: 2032-33 | N51: 2033-34 | O51: 2034-35
B52: 7SO200397 | D52: 0 | E52: 0 | F52: 1 | G52: 1 | H52: 1 | I52: 1 | J52: 1 | K52: 1 | L52: 1 | M52: 1 | N52: 1 | O52: 1
B53: 7SO300507 | D53: 0 | E53: 0 | F53: 1 | G53: 1 | H53: 1 | I53: 1 | J53: 1 | K53: 1 | L53: 1 | M53: 1 | N53: 1 | O53: 1
B54: 7SO300513 | D54: 0 | E54: 0 | F54: 1 | G54: 1 | H54: 1 | I54: 1 | J54: 1 | K54: 1 | L54: 1 | M54: 1 | N54: 1 | O54: 1
B55: 7SO300531 | D55: 0 | E55: 0 | F55: 1 | G55: 1 | H55: 1 | I55: 1 | J55: 1 | K55: 1 | L55: 1 | M55: 1 | N55: 1 | O55: 1
B56: 7SO300538 | D56: 0 | E56: 0 | F56: 1 | G56: 1 | H56: 1 | I56: 1 | J56: 1 | K56: 1 | L56: 1 | M56: 1 | N56: 1 | O56: 1
B57: 7SO300542 | D57: 0 | E57: 0 | F57: 1 | G57: 1 | H57: 1 | I57: 1 | J57: 1 | K57: 1 | L57: 1 | M57: 1 | N57: 1 | O57: 1
B58: 7SO300544 | D58: 0 | E58: 0 | F58: 1 | G58: 1 | H58: 1 | I58: 1 | J58: 1 | K58: 1 | L58: 1 | M58: 1 | N58: 1 | O58: 1
B59: 7SO300552 | D59: 0 | E59: 0 | F59: 1 | G59: 1 | H59: 1 | I59: 1 | J59: 1 | K59: 1 | L59: 1 | M59: 1 | N59: 1 | O59: 1
B60: 7SO300561 | D60: 0 | E60: 0 | F60: 1 | G60: 1 | H60: 1 | I60: 1 | J60: 1 | K60: 1 | L60: 1 | M60: 1 | N60: 1 | O60: 1
B61: 7SO300562 | D61: 0 | E61: 0 | F61: 1 | G61: 1 | H61: 1 | I61: 1 | J61: 1 | K61: 1 | L61: 1 | M61: 1 | N61: 1 | O61: 1
B62: 7SO300563 | D62: 0 | E62: 0 | F62: 1 | G62: 1 | H62: 1 | I62: 1 | J62: 1 | K62: 1 | L62: 1 | M62: 1 | N62: 1 | O62: 1
B63: 7SO400120 | D63: 0 | E63: 0 | F63: 1 | G63: 1 | H63: 1 | I63: 1 | J63: 1 | K63: 1 | L63: 1 | M63: 1 | N63: 1 | O63: 1
... B65: 7SO400161 | D65: 0 | E65: 0 | F65: 1 | G65: 1 | H65: 1 | I65: 1 | J65: 1 | K65: 1 | L65: 1 | M65: 1 | N65: 1 | O65: 1

Sheet WINEP Carryover_TMS
A1: =CONCATENATE(C4," - ", C5) -> TMS - PR19 WINEP Carryover
B4: Company | C4: TMS
B5: Enhancement area | C5: PR19 WINEP Carryover
B6: PCD No. | C6: PCDWW35
B8: Common requirements | C8: See Section 15.1 of Price control deliverable appendix
B10: Additional company specific requirements
B11: Deliverable | C11: These PCDs are for tracking delivery of expenditure funded through the PR19 WINEP Carryover model. They are for delivery of specified late delivery PR19 WINEP actions each with a specific totex unit rate. For Thames Water these PCDs are also tracking delivery of three additional, expanded scope schemes.
B12: Output measurement and reporting | C12: These deliverables for these PCDs (both non delivery and late delivery) require the completion of specific PR19 WINEP actions for each company. The action IDs and WINEP action names are taken from the PR19 WINEP Carryover model, which is an excerpt of actions from the company PR19 WINEP reconciliation models. Companies should report progress against the deliverables on an annual basis through their annual PCD report return . We expect companies to report deliverables based on the exact completion date (month of completion to be included) of the action. For the three additional scope actions, we expect the company to report progress of each separate scheme where additional capacity and expanded scope have been provided with allowances.
B13: Conditions on scheme | C13: For the WINEP action with an ID of 7TW100021 all five components of the AoN group have been combined in the same row ("7TW100021AoN1-5") and need to be delivered to avoid the PCD clawback. We expect the company to secure confirmation from the Environment Agency that schemes have been completed in accordance with WINEP obligations. Any removal of actions from the PR19 WINEP must be reported and confirmed by the Environment Agency.
B14: Assurance | C14: We are proposing that companies should provide independent assessment and assurance of delivered PR19 WINEP Carryover actions and forecast of likely outturn position at end of March 2030. This includes the additional scope actions for the company at Oxford STW, Maple Lodge STW and other growth schemes.
B16: Non-delivery PCD payment (WINEP action ID) | C16: Unit | D16: Payment rate
B17: 7TW200737 | C17: £m | D17: =INDEX(WINEP_Inputs_TMS!$DG$5:$DG$70, MATCH('WINEP Carryover_TMS'!B17, WINEP_Inputs_TMS!$DK$5:$DK$70,0)) -> 5.8917227
B18: 7TW200656 | C18: £m | D18: =INDEX(WINEP_Inputs_TMS!$DG$5:$DG$70, MATCH('WINEP Carryover_TMS'!B18, WINEP_Inputs_TMS!$DK$5:$DK$70,0)) -> 1.7920714
B19: 7TW200110 | C19: £m | D19: =INDEX(WINEP_Inputs_TMS!$DG$5:$DG$70, MATCH('WINEP Carryover_TMS'!B19, WINEP_Inputs_TMS!$DK$5:$DK$70,0)) -> 2.0160803
B20: 7TW200743 | C20: £m | D20: =INDEX(WINEP_Inputs_TMS!$DG$5:$DG$70, MATCH('WINEP Carryover_TMS'!B20, WINEP_Inputs_TMS!$DK$5:$DK$70,0)) -> 2.2382465
B21: 7TW100007 | C21: £m | D21: =INDEX(WINEP_Inputs_TMS!$DG$5:$DG$70, MATCH('WINEP Carryover_TMS'!B21, WINEP_Inputs_TMS!$DK$5:$DK$70,0)) -> 7.6349289
B22: 7TW100008 | C22: £m | D22: =INDEX(WINEP_Inputs_TMS!$DG$5:$DG$70, MATCH('WINEP Carryover_TMS'!B22, WINEP_Inputs_TMS!$DK$5:$DK$70,0)) -> 7.6349289
B23: 7TW200115 | C23: £m | D23: =INDEX(WINEP_Inputs_TMS!$DG$5:$DG$70, MATCH('WINEP Carryover_TMS'!B23, WINEP_Inputs_TMS!$DK$5:$DK$70,0)) -> 5.8656939
B24: 7TW200122 | C24: £m | D24: =INDEX(WINEP_Inputs_TMS!$DG$5:$DG$70, MATCH('WINEP Carryover_TMS'!B24, WINEP_Inputs_TMS!$DK$5:$DK$70,0)) -> 5.8213528
B25: 7TW200747 | C25: £m | D25: =INDEX(WINEP_Inputs_TMS!$DG$5:$DG$70, MATCH('WINEP Carryover_TMS'!B25, WINEP_Inputs_TMS!$DK$5:$DK$70,0)) -> 2.3073495
B26: 7TW200659 | C26: £m | D26: =INDEX(WINEP_Inputs_TMS!$DG$5:$DG$70, MATCH('WINEP Carryover_TMS'!B26, WINEP_Inputs_TMS!$DK$5:$DK$70,0)) -> 8.2958164
B27: 7TW200109 | C27: £m | D27: =INDEX(WINEP_Inputs_TMS!$DG$5:$DG$70, MATCH('WINEP Carryover_TMS'!B27, WINEP_Inputs_TMS!$DK$5:$DK$70,0)) -> 2.8401337
B28: 7TW200096 | C28: £m | D28: =INDEX(WINEP_Inputs_TMS!$DG$5:$DG$70, MATCH('WINEP Carryover_TMS'!B28, WINEP_Inputs_TMS!$DK$5:$DK$70,0)) -> 7.3307929
... B78: 7TW200732 | C78: £m | D78: =INDEX(WINEP_Inputs_TMS!$DG$5:$DG$70, MATCH('WINEP Carryover_TMS'!B78, WINEP_Inputs_TMS!$DK$5:$DK$70,0)) -> 1.6460337
B81: Non-delivery PCD payment (additional scope actions) | C81: Unit | D81: Under-performance
B82: Oxford STW | C82: £m | D82: 165.7504
B83: Maple Lodge STW | C83: £m | D83: 253.8923
B84: Other growth schemes | C84: £m | D84: 167.5883
B87: Time incentives PCD rate (WINEP action ID) | C87: Unit | D87: Under-performance
B88: 7TW200737 | C88: £m per month | D88: =INDEX(WINEP_Inputs_TMS!$DI$5:$DI$70, MATCH('WINEP Carryover_TMS'!B88, WINEP_Inputs_TMS!$DK$5:$DK$70,0)) -> 0.019491783
B89: 7TW200656 | C89: £m per month | D89: =INDEX(WINEP_Inputs_TMS!$DI$5:$DI$70, MATCH('WINEP Carryover_TMS'!B89, WINEP_Inputs_TMS!$DK$5:$DK$70,0)) -> 0.0059287696
B90: 7TW200110 | C90: £m per month | D90: =INDEX(WINEP_Inputs_TMS!$DI$5:$DI$70, MATCH('WINEP Carryover_TMS'!B90, WINEP_Inputs_TMS!$DK$5:$DK$70,0)) -> 0.0066698658
B91: 7TW200743 | C91: £m per month | D91: =INDEX(WINEP_Inputs_TMS!$DI$5:$DI$70, MATCH('WINEP Carryover_TMS'!B91, WINEP_Inputs_TMS!$DK$5:$DK$70,0)) -> 0.0074048656
B92: 7TW100007 | C92: £m per month | D92: =INDEX(WINEP_Inputs_TMS!$DI$5:$DI$70, MATCH('WINEP Carryover_TMS'!B92, WINEP_Inputs_TMS!$DK$5:$DK$70,0)) -> 0.02525889
B93: 7TW100008 | C93: £m per month | D93: =INDEX(WINEP_Inputs_TMS!$DI$5:$DI$70, MATCH('WINEP Carryover_TMS'!B93, WINEP_Inputs_TMS!$DK$5:$DK$70,0)) -> 0.02525889
B94: 7TW200115 | C94: £m per month | D94: =INDEX(WINEP_Inputs_TMS!$DI$5:$DI$70, MATCH('WINEP Carryover_TMS'!B94, WINEP_Inputs_TMS!$DK$5:$DK$70,0)) -> 0.019405671
B95: 7TW200122 | C95: £m per month | D95: =INDEX(WINEP_Inputs_TMS!$DI$5:$DI$70, MATCH('WINEP Carryover_TMS'!B95, WINEP_Inputs_TMS!$DK$5:$DK$70,0)) -> 0.019258976
B96: 7TW200747 | C96: £m per month | D96: =INDEX(WINEP_Inputs_TMS!$DI$5:$DI$70, MATCH('WINEP Carryover_TMS'!B96, WINEP_Inputs_TMS!$DK$5:$DK$70,0)) -> 0.0076334814
B97: 7TW200659 | C97: £m per month | D97: =INDEX(WINEP_Inputs_TMS!$DI$5:$DI$70, MATCH('WINEP Carryover_TMS'!B97, WINEP_Inputs_TMS!$DK$5:$DK$70,0)) -> 0.027445326
B98: 7TW200109 | C98: £m per month | D98: =INDEX(WINEP_Inputs_TMS!$DI$5:$DI$70, MATCH('WINEP Carryover_TMS'!B98, WINEP_Inputs_TMS!$DK$5:$DK$70,0)) -> 0.0093961091
B99: 7TW200096 | C99: £m per month | D99: =INDEX(WINEP_Inputs_TMS!$DI$5:$DI$70, MATCH('WINEP Carryover_TMS'!B99, WINEP_Inputs_TMS!$DK$5:$DK$70,0)) -> 0.024252707
... B149: 7TW200732 | C149: £m per month | D149: =INDEX(WINEP_Inputs_TMS!$DI$5:$DI$70, MATCH('WINEP Carryover_TMS'!B149, WINEP_Inputs_TMS!$DK$5:$DK$70,0)) -> 0.0054456282
B152: PCD outputs (cumulative) | C152: Unit | D152: 2023-24 | E152: 2024-25 | F152: 2025-26 | G152: 2026-27 | H152: 2027-28 | I152: 2028-29 | J152: 2029-30 | K152: 2030-31 | L152: 2031-32 | M152: 2032-33 | N152: 2033-34 | O152: 2034-35
B153: 7TW200737 | D153: 0 | E153: 0 | F153: 1 | G153: 1 | H153: 1 | I153: 1 | J153: 1 | K153: 1 | L153: 1 | M153: 1 | N153: 1 | O153: 1
B154: 7TW200656 | D154: 0 | E154: 0 | F154: 1 | G154: 1 | H154: 1 | I154: 1 | J154: 1 | K154: 1 | L154: 1 | M154: 1 | N154: 1 | O154: 1
B155: 7TW200110 | D155: 0 | E155: 0 | F155: 1 | G155: 1 | H155: 1 | I155: 1 | J155: 1 | K155: 1 | L155: 1 | M155: 1 | N155: 1 | O155: 1
B156: 7TW200743 | D156: 0 | E156: 0 | F156: 1 | G156: 1 | H156: 1 | I156: 1 | J156: 1 | K156: 1 | L156: 1 | M156: 1 | N156: 1 | O156: 1
B157: 7TW100007 | D157: 0 | E157: 0 | F157: 1 | G157: 1 | H157: 1 | I157: 1 | J157: 1 | K157: 1 | L157: 1 | M157: 1 | N157: 1 | O157: 1
B158: 7TW100008 | D158: 0 | E158: 0 | F158: 1 | G158: 1 | H158: 1 | I158: 1 | J158: 1 | K158: 1 | L158: 1 | M158: 1 | N158: 1 | O158: 1
B159: 7TW200115 | D159: 0 | E159: 0 | F159: 1 | G159: 1 | H159: 1 | I159: 1 | J159: 1 | K159: 1 | L159: 1 | M159: 1 | N159: 1 | O159: 1
B160: 7TW200122 | D160: 0 | E160: 0 | F160: 1 | G160: 1 | H160: 1 | I160: 1 | J160: 1 | K160: 1 | L160: 1 | M160: 1 | N160: 1 | O160: 1
B161: 7TW200747 | D161: 0 | E161: 0 | F161: 1 | G161: 1 | H161: 1 | I161: 1 | J161: 1 | K161: 1 | L161: 1 | M161: 1 | N161: 1 | O161: 1
B162: 7TW200659 | D162: 0 | E162: 0 | F162: 1 | G162: 1 | H162: 1 | I162: 1 | J162: 1 | K162: 1 | L162: 1 | M162: 1 | N162: 1 | O162: 1
B163: 7TW200109 | D163: 0 | E163: 0 | F163: 1 | G163: 1 | H163: 1 | I163: 1 | J163: 1 | K163: 1 | L163: 1 | M163: 1 | N163: 1 | O163: 1
B164: 7TW200096 | D164: 0 | E164: 0 | F164: 1 | G164: 1 | H164: 1 | I164: 1 | J164: 1 | K164: 1 | L164: 1 | M164: 1 | N164: 1 | O164: 1
... B214: 7TW200732 | D214: 0 | E214: 0 | F214: 1 | G214: 1 | H214: 1 | I214: 1 | J214: 1 | K214: 1 | L214: 1 | M214: 1 | N214: 1 | O214: 1

Sheet WINEP Carryover_NWT
A1: =CONCATENATE(C4," - ", C5) -> NWT - PR19 WINEP Carryover
B4: Company | C4: NWT
B5: Enhancement area | C5: PR19 WINEP Carryover
B6: PCD No. | C6: PCDWW35
B8: Common requirements | C8: See Section 15.1 of Price control deliverable appendix
B10: Additional company specific requirements
B11: Deliverable | C11: These PCDs are for tracking delivery of expenditure funded through the PR19 WINEP Carryover model. They are for delivery of specified late delivery PR19 WINEP actions each with a specific totex unit rate.
B12: Output measurement and reporting | C12: These deliverables for these PCDs (both non delivery and late delivery) require the completion of specific PR19 WINEP actions for each company. The action IDs and WINEP action names are taken from the PR19 WINEP Carryover model, which is an excerpt of actions from the company PR19 WINEP reconciliation models. Companies should report progress against the deliverables on an annual basis through their annual PCD report return . We expect companies to report deliverables based on the exact completion date (month of completion to be included) of the action.
B13: Conditions on scheme | C13: We expect the company to secure confirmation from the Environment Agency that schemes have been completed in accordance with WINEP obligations. Any removal of actions from the PR19 WINEP must be reported and confirmed by the Environment Agency.
B14: Assurance | C14: We are proposing that companies should provide independent assessment and assurance of delivered PR19 WINEP Carryover actions and forecast of likely outturn position at end of March 2030.
B16: Non-delivery PCD payment (WINEP action ID) | C16: Unit | D16: Payment rate
B17: 7UU200519 | C17: £m | D17: =INDEX(WINEP_Inputs_NWT!$DG$5:$DG$13, MATCH('WINEP Carryover_NWT'!B17, WINEP_Inputs_NWT!$DK$5:$DK$13,0)) -> 4.0599114
B18: 7UU200517 | C18: £m | D18: =INDEX(WINEP_Inputs_NWT!$DG$5:$DG$13, MATCH('WINEP Carryover_NWT'!B18, WINEP_Inputs_NWT!$DK$5:$DK$13,0)) -> 1.574952
B19: 7UU200516 | C19: £m | D19: =INDEX(WINEP_Inputs_NWT!$DG$5:$DG$13, MATCH('WINEP Carryover_NWT'!B19, WINEP_Inputs_NWT!$DK$5:$DK$13,0)) -> 2.0417406
B20: 7UU200513 | C20: £m | D20: =INDEX(WINEP_Inputs_NWT!$DG$5:$DG$13, MATCH('WINEP Carryover_NWT'!B20, WINEP_Inputs_NWT!$DK$5:$DK$13,0)) -> 2.6882787
B21: 7UU200512 | C21: £m | D21: =INDEX(WINEP_Inputs_NWT!$DG$5:$DG$13, MATCH('WINEP Carryover_NWT'!B21, WINEP_Inputs_NWT!$DK$5:$DK$13,0)) -> 3.23921
B22: 7UU200520 | C22: £m | D22: =INDEX(WINEP_Inputs_NWT!$DG$5:$DG$13, MATCH('WINEP Carryover_NWT'!B22, WINEP_Inputs_NWT!$DK$5:$DK$13,0)) -> 7.0602867
B23: 7UU200521 | C23: £m | D23: =INDEX(WINEP_Inputs_NWT!$DG$5:$DG$13, MATCH('WINEP Carryover_NWT'!B23, WINEP_Inputs_NWT!$DK$5:$DK$13,0)) -> 5.7587219
B24: 7UU200518 | C24: £m | D24: =INDEX(WINEP_Inputs_NWT!$DG$5:$DG$13, MATCH('WINEP Carryover_NWT'!B24, WINEP_Inputs_NWT!$DK$5:$DK$13,0)) -> 1.6838606
B25: 7UU200515 | C25: £m | D25: =INDEX(WINEP_Inputs_NWT!$DG$5:$DG$13, MATCH('WINEP Carryover_NWT'!B25, WINEP_Inputs_NWT!$DK$5:$DK$13,0)) -> 4.4958228
B29: Time incentives PCD rate (WINEP action ID) | C29: Unit | D29: Under-performance
B30: 7UU200519 | C30: £m per month | D30: =INDEX(WINEP_Inputs_NWT!$DI$5:$DI$13, MATCH('WINEP Carryover_NWT'!B30, WINEP_Inputs_NWT!$DK$5:$DK$13,0)) -> 0.01343154
B31: 7UU200517 | C31: £m per month | D31: =INDEX(WINEP_Inputs_NWT!$DI$5:$DI$13, MATCH('WINEP Carryover_NWT'!B31, WINEP_Inputs_NWT!$DK$5:$DK$13,0)) -> 0.0052104663
B32: 7UU200516 | C32: £m per month | D32: =INDEX(WINEP_Inputs_NWT!$DI$5:$DI$13, MATCH('WINEP Carryover_NWT'!B32, WINEP_Inputs_NWT!$DK$5:$DK$13,0)) -> 0.0067547585
B33: 7UU200513 | C33: £m per month | D33: =INDEX(WINEP_Inputs_NWT!$DI$5:$DI$13, MATCH('WINEP Carryover_NWT'!B33, WINEP_Inputs_NWT!$DK$5:$DK$13,0)) -> 0.008893722
B34: 7UU200512 | C34: £m per month | D34: =INDEX(WINEP_Inputs_NWT!$DI$5:$DI$13, MATCH('WINEP Carryover_NWT'!B34, WINEP_Inputs_NWT!$DK$5:$DK$13,0)) -> 0.010716386
B35: 7UU200520 | C35: £m per month | D35: =INDEX(WINEP_Inputs_NWT!$DI$5:$DI$13, MATCH('WINEP Carryover_NWT'!B35, WINEP_Inputs_NWT!$DK$5:$DK$13,0)) -> 0.023357782
B36: 7UU200521 | C36: £m per month | D36: =INDEX(WINEP_Inputs_NWT!$DI$5:$DI$13, MATCH('WINEP Carryover_NWT'!B36, WINEP_Inputs_NWT!$DK$5:$DK$13,0)) -> 0.019051772
B37: 7UU200518 | C37: £m per month | D37: =INDEX(WINEP_Inputs_NWT!$DI$5:$DI$13, MATCH('WINEP Carryover_NWT'!B37, WINEP_Inputs_NWT!$DK$5:$DK$13,0)) -> 0.0055707722
B38: 7UU200515 | C38: £m per month | D38: =INDEX(WINEP_Inputs_NWT!$DI$5:$DI$13, MATCH('WINEP Carryover_NWT'!B38, WINEP_Inputs_NWT!$DK$5:$DK$13,0)) -> 0.01487368
B41: PCD outputs (cumulative) | C41: Unit | D41: 2023-24 | E41: 2024-25 | F41: 2025-26 | G41: 2026-27 | H41: 2027-28 | I41: 2028-29 | J41: 2029-30 | K41: 2030-31 | L41: 2031-32 | M41: 2032-33 | N41: 2033-34 | O41: 2034-35
B42: 7UU200519 | D42: 0 | E42: 0 | F42: 0 | G42: 1 | H42: 1 | I42: 1 | J42: 1 | K42: 1 | L42: 1 | M42: 1 | N42: 1 | O42: 1
B43: 7UU200517 | D43: 0 | E43: 0 | F43: 0 | G43: 1 | H43: 1 | I43: 1 | J43: 1 | K43: 1 | L43: 1 | M43: 1 | N43: 1 | O43: 1
B44: 7UU200516 | D44: 0 | E44: 0 | F44: 0 | G44: 1 | H44: 1 | I44: 1 | J44: 1 | K44: 1 | L44: 1 | M44: 1 | N44: 1 | O44: 1
B45: 7UU200513 | D45: 0 | E45: 0 | F45: 0 | G45: 1 | H45: 1 | I45: 1 | J45: 1 | K45: 1 | L45: 1 | M45: 1 | N45: 1 | O45: 1
B46: 7UU200512 | D46: 0 | E46: 0 | F46: 0 | G46: 1 | H46: 1 | I46: 1 | J46: 1 | K46: 1 | L46: 1 | M46: 1 | N46: 1 | O46: 1
B47: 7UU200520 | D47: 0 | E47: 0 | F47: 0 | G47: 1 | H47: 1 | I47: 1 | J47: 1 | K47: 1 | L47: 1 | M47: 1 | N47: 1 | O47: 1
B48: 7UU200521 | D48: 0 | E48: 0 | F48: 0 | G48: 1 | H48: 1 | I48: 1 | J48: 1 | K48: 1 | L48: 1 | M48: 1 | N48: 1 | O48: 1
B49: 7UU200518 | D49: 0 | E49: 0 | F49: 0 | G49: 1 | H49: 1 | I49: 1 | J49: 1 | K49: 1 | L49: 1 | M49: 1 | N49: 1 | O49: 1
B50: 7UU200515 | D50: 0 | E50: 0 | F50: 0 | G50: 1 | H50: 1 | I50: 1 | J50: 1 | K50: 1 | L50: 1 | M50: 1 | N50: 1 | O50: 1

Sheet WINEP Carryover_WSX
A1: =CONCATENATE(C4," - ", C5) -> WSX - PR19 WINEP Carryover
B4: Company | C4: WSX
B5: Enhancement area | C5: PR19 WINEP Carryover
B6: PCD No. | C6: PCDWW35
B8: Common requirements | C8: See Section 15.1 of Price control deliverable appendix
B10: Additional company specific requirements
B11: Deliverable | C11: These PCDs are for tracking delivery of expenditure funded through the PR19 WINEP Carryover model. They are for delivery of specified late delivery PR19 WINEP actions each with a specific totex unit rate.
B12: Output measurement and reporting | C12: These deliverables for these PCDs (both non delivery and late delivery) require the completion of specific PR19 WINEP actions for each company. The action IDs and WINEP action names are taken from the PR19 WINEP Carryover model, which is an excerpt of actions from the company PR19 WINEP reconciliation models. Companies should report progress against the deliverables on an annual basis through their annual PCD report return . We expect companies to report deliverables based on the exact completion date (month of completion to be included) of the action.
B13: Conditions on scheme | C13: We expect the company to secure confirmation from the Environment Agency that schemes have been completed in accordance with WINEP obligations. Any removal of actions from the PR19 WINEP must be reported and confirmed by the Environment Agency.
B14: Assurance | C14: We are proposing that companies should provide independent assessment and assurance of delivered PR19 WINEP Carryover actions and forecast of likely outturn position at end of March 2030.
B16: Non-delivery PCD payment (WINEP action ID) | C16: Unit | D16: Payment rate
B17: 7WW200093 | C17: £m | D17: =INDEX(WINEP_Inputs_WSX!$DG$5:$DG$5, MATCH('WINEP Carryover_WSX'!B17, WINEP_Inputs_WSX!$DK$5:$DK$5,0)) -> 0.78489344
B20: Time incentives PCD rate (WINEP action ID) | C20: Unit | D20: Under-performance
B21: 7WW200093 | C21: £m per month | D21: =INDEX(WINEP_Inputs_WSX!$DI$5:$DI$5, MATCH('WINEP Carryover_WSX'!B21, WINEP_Inputs_WSX!$DK$5:$DK$5,0)) -> 0.0025966891
B25: PCD outputs (cumulative) | C25: Unit | D25: 2023-24 | E25: 2024-25 | F25: 2025-26 | G25: 2026-27 | H25: 2027-28 | I25: 2028-29 | J25: 2029-30 | K25: 2030-31 | L25: 2031-32 | M25: 2032-33 | N25: 2033-34 | O25: 2034-35
B26: 7WW200093 | D26: 0 | E26: 0 | F26: 1 | G26: 1 | H26: 1 | I26: 1 | J26: 1 | K26: 1 | L26: 1 | M26: 1 | N26: 1 | O26: 1

Sheet WINEP Carryover_YKY
A1: =CONCATENATE(C4," - ", C5) -> YKY - PR19 WINEP Carryover
B4: Company | C4: YKY
B5: Enhancement area | C5: PR19 WINEP Carryover
B6: PCD No. | C6: PCDWW35
B8: Common requirements | C8: See Section 15.1 of Price control deliverable appendix
B10: Additional company specific requirements
B11: Deliverable | C11: These PCDs are for tracking delivery of expenditure funded through the PR19 WINEP Carryover model. They are for delivery of specified late delivery PR19 WINEP actions each with a specific totex unit rate.
B12: Output measurement and reporting | C12: These deliverables for these PCDs (both non delivery and late delivery) require the completion of specific PR19 WINEP actions for each company. The action IDs and WINEP action names are taken from the PR19 WINEP Carryover model, which is an excerpt of actions from the company PR19 WINEP reconciliation models. Companies should report progress against the deliverables on an annual basis through their annual PCD report return . We expect companies to report deliverables based on the exact completion date (month of completion to be included) of the action.
B13: Conditions on scheme | C13: We expect the company to secure confirmation from the Environment Agency that schemes have been completed in accordance with WINEP obligations. Any removal of actions from the PR19 WINEP must be reported and confirmed by the Environment Agency.
B14: Assurance | C14: We are proposing that companies should provide independent assessment and assurance of delivered PR19 WINEP Carryover actions and forecast of likely outturn position at end of March 2030.
B16: Non-delivery PCD payment (WINEP action ID) | C16: Unit | D16: Payment rate
B17: 7YW100129 | C17: £m | D17: =INDEX(WINEP_Inputs_YKY!$DG$5:$DG$18, MATCH('WINEP Carryover_YKY'!B17, WINEP_Inputs_YKY!$DK$5:$DK$18,0)) -> 9.690724
B18: 7YW200641 | C18: £m | D18: =INDEX(WINEP_Inputs_YKY!$DG$5:$DG$18, MATCH('WINEP Carryover_YKY'!B18, WINEP_Inputs_YKY!$DK$5:$DK$18,0)) -> 3.5926638
B19: 7YW300068 | C19: £m | D19: =INDEX(WINEP_Inputs_YKY!$DG$5:$DG$18, MATCH('WINEP Carryover_YKY'!B19, WINEP_Inputs_YKY!$DK$5:$DK$18,0)) -> 17.963319
B20: 7YW300070 | C20: £m | D20: =INDEX(WINEP_Inputs_YKY!$DG$5:$DG$18, MATCH('WINEP Carryover_YKY'!B20, WINEP_Inputs_YKY!$DK$5:$DK$18,0)) -> 5.3889957
B23: Time incentives PCD rate (WINEP action ID) | C23: Unit | D23: Under-performance
B24: 7YW100129 | C24: £m per month | D24: =INDEX(WINEP_Inputs_YKY!$DI$5:$DI$18, MATCH('WINEP Carryover_YKY'!B24, WINEP_Inputs_YKY!$DK$5:$DK$18,0)) -> 0.032060145
B25: 7YW200641 | C25: £m per month | D25: =INDEX(WINEP_Inputs_YKY!$DI$5:$DI$18, MATCH('WINEP Carryover_YKY'!B25, WINEP_Inputs_YKY!$DK$5:$DK$18,0)) -> 0.01188573
B26: 7YW300068 | C26: £m per month | D26: =INDEX(WINEP_Inputs_YKY!$DI$5:$DI$18, MATCH('WINEP Carryover_YKY'!B26, WINEP_Inputs_YKY!$DK$5:$DK$18,0)) -> 0.059428648
B27: 7YW300070 | C27: £m per month | D27: =INDEX(WINEP_Inputs_YKY!$DI$5:$DI$18, MATCH('WINEP Carryover_YKY'!B27, WINEP_Inputs_YKY!$DK$5:$DK$18,0)) -> 0.017828594
B31: PCD outputs (cumulative) | C31: Unit | D31: 2023-24 | E31: 2024-25 | F31: 2025-26 | G31: 2026-27 | H31: 2027-28 | I31: 2028-29 | J31: 2029-30 | K31: 2030-31 | L31: 2031-32 | M31: 2032-33 | N31: 2033-34 | O31: 2034-35
B32: 7YW100129 | D32: 0 | E32: 0 | F32: 1 | G32: 1 | H32: 1 | I32: 1 | J32: 1 | K32: 1 | L32: 1 | M32: 1 | N32: 1 | O32: 1
B33: 7YW200641 | D33: 0 | E33: 0 | F33: 1 | G33: 1 | H33: 1 | I33: 1 | J33: 1 | K33: 1 | L33: 1 | M33: 1 | N33: 1 | O33: 1
B34: 7YW300068 | D34: 0 | E34: 0 | F34: 1 | G34: 1 | H34: 1 | I34: 1 | J34: 1 | K34: 1 | L34: 1 | M34: 1 | N34: 1 | O34: 1
B35: 7YW300070 | D35: 0 | E35: 0 | F35: 1 | G35: 1 | H35: 1 | I35: 1 | J35: 1 | K35: 1 | L35: 1 | M35: 1 | N35: 1 | O35: 1

Sheet GER >>

Sheet GER Carryover_NWT
A1: =CONCATENATE(C4," - ", C5) -> United Utilities - Green Economic Recovery Carryover
B4: Company | C4: United Utilities
B5: Enhancement area | C5: Green Economic Recovery Carryover
B6: PCD No. | C6: PCDWW36
B8: Common requirements | C8: See Section 15.2 of Price control deliverable appendix
B10: Additional company specific requirements
B11: Description | C11: None
B12: Output measurement and reporting | C12: None
B13: Assurance | C13: None
B14: Conditions on scheme | C14: None
B16: Non-delivery PCD payment | C16: Unit | D16: Payment rate
B17: Storage in the network close to Nuttall Road combined sewer overflow | C17: £ / m3 | D17: 2185.66
B18: Storm tank capacity at Bury wastewater treatment works | C18: £ / m3 | D18: 2185.66
B20: Time incentives PCD rate | C20: Unit | D20: Under-performance
B21: Storage in the network close to Nuttall Road combined sewer overflow | C21: £ / m3 / month | D21: 7.231
B22: Storm tank capacity at Bury wastewater treatment works | C22: £ / m3 / month | D22: 7.231
B24: PCD outputs (cumulative) | C24: Unit | D24: 2023-24 | E24: 2024-25 | F24: 2025-26 | G24: 2026-27 | H24: 2027-28 | I24: 2028-29 | J24: 2029-30 | K24: 2030-31 | L24: 2031-32 | M24: 2032-33 | N24: 2033-34 | O24: 2034-35
B25: Storage in the network close to Nuttall Road combined sewer overflow | C25: m3 | D25: 0 | E25: 0 | F25: 5800 | G25: 5800 | H25: 5800 | I25: 5800 | J25: 5800 | K25: 5800 | L25: 5800 | M25: 5800 | N25: 5800 | O25: 5800
B26: Storm tank capacity at Bury wastewater treatment works | C26: m3 | D26: 0 | E26: 0 | F26: 18000 | G26: 18000 | H26: 18000 | I26: 18000 | J26: 18000 | K26: 18000 | L26: 18000 | M26: 18000 | N26: 18000 | O26: 18000

Sheet Annex>>>>

Sheet WINEP_Inputs_ANH
A1: WINEP3 Update March 2019 | H1: National Full data set
AI2: FBG Detail
A3: VERSION 1 | AI3: SSSI/N2K/Ramsar | AN3: Eels | AP3: NERC Driver | AX3: INNS | AZ3: MCZ | BA3: Water Quality Detail | BX3: Water Resource Detail | CH3: Environmental Outcome | CR3: WINEP model inputs
A4: WINEPID | B4: Change Log Winep 2 to 3 | C4: NEW Column. Has an alteration to this measure been made? If Y then please refer to alterations log. | D4: Application in determination by NPS? | E4: Has a permit been issued? | F4: Function | G4: RBD | H4: Area | I4: Water Company | J4: Unique ID * (completed on company collation) | K4: Scheme Name/Name of Investigation/Site Name/Licence name | L4: Name of Waterbody | M4: Waterbody ID | N4: Water Body Type(s) | O4: WFD Operational Catchment | P4: Blank Column | Q4: Blank Column | R4: Blank Column | S4: Driver Code (Primary) | T4: Further Driver Code Information (related to the primary driver if applicable) | U4: Driver Code (Secondary) | V4: Further Driver Code Information (related to the secondary driver if applicable) | W4: Driver Code (Tertiary) | X4: Further Driver Code Information (related to the tertiary driver if applicable) | Y4: Measure Type | Z4: Completion Date (DD/MM/YY) | AA4: Level of Certainty? (P= Purple, R=Red, A=Amber, G=Green | AB4: Abstraction Licence/ Permit, Obstruction ID or No Obstruction ID | AC4: Eastings | AD4: Northings | AE4: Investigation Type | AF4: Investigation Scope | AG4: Implementation Scope | AH4: Groundwater Measures Information | AI4: Name of SSSI (if applicable) | AJ4: Name of N2K/Ramsar site (if applicable) | AK4: SSSI/N2K/Ramsar Unit ID | AL4: SSSI/N2K/Ramsar Area of Unit (Hectares) | AM4: Justification for Action/Investigation | AN4: Eel Priority Status | AO4: Eel Improvement Type | AP4: Primary Type of Priority Habitat Created or Restored/Improved | AQ4: Secondary Type of Priority Habitat Created or Restored/Improved | AR4: Other Priority Habitat Created or Restored/Improved | AS4: Type of Action Taken | AT4: Units Recorded (Hectare or km) | AU4: Number of Hectares or Kms | AV4: Name of Priority Species | AW4: Name of High Risk of Extinction Species | AX4: INNS Control Measure | AY4: INNS Species (if applicable) | AZ4: Name of MCZ | BA4: Name of Bathing Water (where applicable) | BB4: Name of Shellfish Water (where applicable) | BC4: Chemical of Interest (for chemicals measures only) | BD4: Groundwater Chemicals | BE4: Drinking Water Inspectorate - Undertaking or Notice Y/N | BF4: DrWPA Substances at Risk (if applicable) | BG4: Safeguard Zone Name (if applicable) | BH4: Safeguard Zone ID (if applicable) | BI4: Population Equivalent for STWs | BJ4: Current Permit Limit (mg/l) | BK4: Proposed Permit Limit (mg/l) | BL4: Proposed Iron or Aluminium Limits (for Phosphorus measures only) | BM4: Current DWF (m3/d) | BN4: Proposed DWF (m3/d) (if applicable) | BO4: Proposed Permit Limit Other | BP4: Catchment Measure Actions | BQ4: Unsustainable Abstraction System Code | BR4: Linked Groundwater Body Name | BS4: Linked Groundwater Body ID | BT4: Licence Category | BU4: Water Resource Zone (WRZ) | BV4: WR HMWB Flag (X) | BW4: Scheme Relates to Following Missing Mitigation Measures (HMWB only) | BX4: Annual Licence Volume (Ml/a) | BY4: Daily Licence Volume (Ml/d) | BZ4: Aggregate Licence (x) | CA4: Sustainability Change (to Annual Licence Volume) Ml/a | CB4: Sustainability Change (to Daily Licence Volume) Ml/d | CC4: Sustainability Change (to HoF Condition) Ml/d | CD4: *NEW* Water returned to the environment (Reduction in actual abstraction) ML/d | CE4: New Annual Licence Volume (Ml/a) | CF4: New Daily Licence Volume (Ml/d) | CG4: New HoF Condition (Ml/d) | CH4: Quantitative Km River Length Improved or Protected | CI4: Quantitative Area (km2) Improved or Protected | CJ4: Volume (Ml/yr) Drinking Water Protected | CK4: Hectares of Designated Site (HD/RAMSAR/ SSSI) Restored or Improved | CL4: *NEW* INNS ,No Det outcome - Km2 of land with reduced risk of INNS | CM4: Delivers Additional FCERM Benefits (Y/N) | CN4: Delivers on Salmon 5-Point Action Plan | CO4: Additional Comments | CP4: CPS Reference | CQ4: Flow Categorisation 1= PR19 Synergy 2= WFD failure 3= Neither | CR4: Allowed totex unit rate | CS4: Quantity proposed in PR19 FD | CT4: Quantity Delivered | CU4: 1 = In PR19, funded 0 = In PR19, not funded | CV4: Price Control | CW4: Unit | CX4: Unit Conversion to £m | CY4: Company | CZ4: Completion date (EA or Water Company) | DA4: Allowed totex unit rate in 2017/18 prices before adjustment - £ | DB4: Adjustment - £ | DC4: Allowed totex unit rate in 2017/18 prices after adjustment - £ | DD4: PR19 WACC | DE4: Allowed totex unit rate in 2017/18 prices after adjustment & PR19 WACC - £ | DF4: CPIH adjustment (2017/18) | DG4: Allowed totex unit rate in 2022/23 prices after adjustment & PR19 WACC - £m | DH4: PR24 WACC | DI4: Allowed totex unit rate in 2022/23 prices after adjustment - £m per month | DJ4: AoN | DK4: Unique ID after AoN scenario
A5: EAN00475 | F5: WQ | G5: Anglian | H5: East Anglia | I5: Anglian Water Services Ltd | J5: 7AW200058 | K5: Beachampton STW | L5: Beachampton Brook | M5: GB105033037850 | N5: River | O5: Great Ouse Upper | S5: WFD_IMPg | T5: Phosphorus | Y5: Continuous Discharge | Z5: 45648 | AA5: Amber | AB5: AWCNF10293 | AC5: 477360 | AD5: 236670 | BI5: 114 | BK5: 2.5 | BL5: Iron 4000 ug/l (95%ile) 8000 ug/l (UT) | BM5: 30 | CH5: 1 | CO5: Measure to improve from Poor to Good phosphate status Environmental Outcome measured: Beachampton Brook from point of mixing to confluence with River Great Ouse | CR5: 1.133 | CS5: 1 | CT5: 0 | CU5: 1 | CV5: WWN | CW5: £m | CX5: 1 | CY5: ANH | CZ5: 46477 | DA5: {=_xlfn.IFS(CX5 = 1, CR5 * CS5 * 1000000, CX5 = 0.000001, CR5 * CS5 )} -> 1133000 | DC5: =IF( DB5 = "", DA5, DB5) -> 1133000 | DD5: 1.0315245 | DE5: =DC5 * DD5 -> 1168717.2 | DF5: 1.1806333 | DG5: =( DE5 * DF5 ) / 1000000 -> 1.3798265 | DH5: 0.0397 | DI5: =( DG5 * DH5 ) / 12 -> 0.0045649259 | DK5: =IF(DJ5="",J5,IF(DJ5="AoN5","7TW100021AoN group","")) -> 7AW200058
A6: EAN00478 | F6: WQ | G6: Anglian | H6: East Anglia | I6: Anglian Water Services Ltd | J6: 7AW200061 | K6: Blakesley STW | L6: Blakesley Brook | M6: GB105033038280 | N6: River | O6: Great Ouse Upper | S6: WFD_IMPg | T6: Phosphorus | Y6: Continuous Discharge | Z6: 45648 | AA6: Amber | AB6: AW1NF1056 | AC6: 462890 | AD6: 249780 | BI6: 1219 | BK6: 1 | BL6: Iron 4000 ug/l (95%ile) 8000 ug/l (UT) | BM6: 200 | CH6: 4.5 | CO6: Measure to improve from Moderate to Good phosphate status Environmental Outcome measured: Blakesley Brook, from point of mixing to confluence with River Tove | CR6: 0.09 | CS6: 1 | CT6: 0 | CU6: 1 | CV6: WWN | CW6: £m | CX6: 1 | CY6: ANH | CZ6: 46477 | DA6: {=_xlfn.IFS(CX6 = 1, CR6 * CS6 * 1000000, CX6 = 0.000001, CR6 * CS6 )} -> 90000 | DC6: =IF( DB6 = "", DA6, DB6) -> 90000 | DD6: 1.0315245 | DE6: =DC6 * DD6 -> 92837.203 | DF6: 1.1806333 | DG6: =( DE6 * DF6 ) / 1000000 -> 0.10960669 | DH6: 0.0397 | DI6: =( DG6 * DH6 ) / 12 -> 0.00036261548 | DK6: =IF(DJ6="",J6,IF(DJ6="AoN5","7TW100021AoN group","")) -> 7AW200061
A7: EAN00481 | F7: WQ | G7: Anglian | H7: East Anglia | I7: Anglian Water Services Ltd | J7: 7AW200064 | K7: Bradenham STW | L7: Wissey - Upper | M7: GB105033047890 | N7: River | O7: Wissey | S7: WFD_IMPg | T7: Phosphorus | Y7: Continuous Discharge | Z7: 45648 | AA7: Amber | AB7: AW1NF176 | AC7: 591100 | AD7: 308700 | BI7: 525 | BK7: 1 | BL7: Iron 4000 ug/l (95%ile) 8000 ug/l (UT) | BM7: 80 | CH7: 3.9 | CO7: Measure to improve from Moderate to Good phosphate status Environmental Outcome measured: River Wissey, from point of mixing to sample point 48M45 | CR7: 0.222 | CS7: 1 | CT7: 0 | CU7: 1 | CV7: WWN | CW7: £m | CX7: 1 | CY7: ANH | CZ7: 46477 | DA7: {=_xlfn.IFS(CX7 = 1, CR7 * CS7 * 1000000, CX7 = 0.000001, CR7 * CS7 )} -> 222000 | DC7: =IF( DB7 = "", DA7, DB7) -> 222000 | DD7: 1.0315245 | DE7: =DC7 * DD7 -> 228998.43 | DF7: 1.1806333 | DG7: =( DE7 * DF7 ) / 1000000 -> 0.27036318 | DH7: 0.0397 | DI7: =( DG7 * DH7 ) / 12 -> 0.00089445151 | DK7: =IF(DJ7="",J7,IF(DJ7="AoN5","7TW100021AoN group","")) -> 7AW200064
A8: EAN00485 | F8: WQ | G8: Anglian | H8: East Anglia | I8: Anglian Water Services Ltd | J8: 7AW200068 | K8: Castlethorpe STW | L8: Tove (DS Greens Norton) | M8: GB105033038180 | N8: River | O8: Great Ouse Upper | S8: WFD_IMPg | T8: Phosphorus | Y8: Continuous Discharge | Z8: 45648 | AA8: Amber | AB8: AW1NFA31A | AC8: 479500 | AD8: 243400 | BI8: 1029 | BK8: 1 | BL8: Iron 4000 ug/l (95%ile) 8000 ug/l (UT) | BM8: 151 | CH8: 1.7 | CO8: Measure to improve from Poor to Good phosphate status Environmental Outcome measured: River Tove, from point of mixing to confluence with River Great Ouse | CR8: 0.09 | CS8: 1 | CT8: 0 | CU8: 1 | CV8: WWN | CW8: £m | CX8: 1 | CY8: ANH | CZ8: 46477 | DA8: {=_xlfn.IFS(CX8 = 1, CR8 * CS8 * 1000000, CX8 = 0.000001, CR8 * CS8 )} -> 90000 | DC8: =IF( DB8 = "", DA8, DB8) -> 90000 | DD8: 1.0315245 | DE8: =DC8 * DD8 -> 92837.203 | DF8: 1.1806333 | DG8: =( DE8 * DF8 ) / 1000000 -> 0.10960669 | DH8: 0.0397 | DI8: =( DG8 * DH8 ) / 12 -> 0.00036261548 | DK8: =IF(DJ8="",J8,IF(DJ8="AoN5","7TW100021AoN group","")) -> 7AW200068
A9: EAN00494 | B9: Changed | F9: WQ | G9: Anglian | H9: East Anglia | I9: Anglian Water Services Ltd | J9: 7AW200077 | K9: Elmdon STW | L9: Cam | M9: GB105033042750 | N9: River | O9: Cam Lower | S9: WFD_IMPg | T9: Phosphorus | Y9: Continuous Discharge | Z9: 45648 | AA9: Amber | AB9: AW1NF653 | AC9: 547040 | AD9: 240290 | BI9: 863 | BK9: 1 | BL9: Iron 4000 ug/l (95%ile) 8000 ug/l (UT) | BM9: 268 | CH9: 5.1 | CO9: Measure to improve from Moderate to Good phosphate status Environmental Outcome measured: Tributary of Cam, from point of mixing to confluence with River Cam | CR9: 0.225 | CS9: 1 | CT9: 0 | CU9: 1 | CV9: WWN | CW9: £m | CX9: 1 | CY9: ANH | CZ9: 46477 | DA9: {=_xlfn.IFS(CX9 = 1, CR9 * CS9 * 1000000, CX9 = 0.000001, CR9 * CS9 )} -> 225000 | DC9: =IF( DB9 = "", DA9, DB9) -> 225000 | DD9: 1.0315245 | DE9: =DC9 * DD9 -> 232093.01 | DF9: 1.1806333 | DG9: =( DE9 * DF9 ) / 1000000 -> 0.27401673 | DH9: 0.0397 | DI9: =( DG9 * DH9 ) / 12 -> 0.00090653869 | DK9: =IF(DJ9="",J9,IF(DJ9="AoN5","7TW100021AoN group","")) -> 7AW200077
A10: EAN00508 | B10: Changed | F10: WQ | G10: Anglian | H10: East Anglia | I10: Anglian Water Services Ltd | J10: 7AW200091 | K10: Lidgate STW | L10: Kennett-Lee Brook | M10: GB105033042990 | N10: River | O10: Lark | S10: WFD_IMPg | T10: Phosphorus | Y10: Continuous Discharge | Z10: 45648 | AA10: Amber | AB10: AW1NF348A | AC10: 571200 | AD10: 258500 | BI10: 402 | BK10: 1 | BL10: Iron 4000 ug/l (95%ile) 8000 ug/l (UT) | BM10: 85 | CH10: 6.1 | CO10: Measure to improve from Moderate to Good phosphate status Environmental Outcome measured: Kennett-Lee Brook, from point of mixing to Gazeley STW | CR10: 1.582 | CS10: 1 | CT10: 0 | CU10: 1 | CV10: WWN | CW10: £m | CX10: 1 | CY10: ANH | CZ10: 46477 | DA10: {=_xlfn.IFS(CX10 = 1, CR10 * CS10 * 1000000, CX10 = 0.000001, CR10 * CS10 )} -> 1582000 | DC10: =IF( DB10 = "", DA10, DB10) -> 1582000 | DD10: 1.0315245 | DE10: =DC10 * DD10 -> 1631871.7 | DF10: 1.1806333 | DG10: =( DE10 * DF10 ) / 1000000 -> 1.9266421 | DH10: 0.0397 | DI10: =( DG10 * DH10 ) / 12 -> 0.0063739743 | DK10: =IF(DJ10="",J10,IF(DJ10="AoN5","7TW100021AoN group","")) -> 7AW200091
A11: EAN00512 | B11: Changed | F11: WQ | G11: Anglian | H11: East Anglia | I11: Anglian Water Services Ltd | J11: 7AW200095 | K11: Newport STW | L11: Cam (Newport to Audley End) | M11: GB105033037550 | N11: River | O11: Cam Rhee and Granta | S11: WFD_IMPg | T11: Phosphorus | Y11: Continuous Discharge | Z11: 45648 | AA11: Amber | AB11: AW1NF444 | AC11: 552300 | AD11: 234580 | BI11: 2765 | BK11: 1 | BL11: Iron 4000 ug/l (95%ile) 8000 ug/l (UT) | BM11: 650 | CH11: 5 | CO11: Measure to improve from Poor to Good phosphate status Environmental Outcome measured: River Cam, from point of mixing to confluence with River Slade | CR11: 0.09 | CS11: 1 | CT11: 0 | CU11: 1 | CV11: WWN | CW11: £m | CX11: 1 | CY11: ANH | CZ11: 46477 | DA11: {=_xlfn.IFS(CX11 = 1, CR11 * CS11 * 1000000, CX11 = 0.000001, CR11 * CS11 )} -> 90000 | DC11: =IF( DB11 = "", DA11, DB11) -> 90000 | DD11: 1.0315245 | DE11: =DC11 * DD11 -> 92837.203 | DF11: 1.1806333 | DG11: =( DE11 * DF11 ) / 1000000 -> 0.10960669 | DH11: 0.0397 | DI11: =( DG11 * DH11 ) / 12 -> 0.00036261548 | DK11: =IF(DJ11="",J11,IF(DJ11="AoN5","7TW100021AoN group","")) -> 7AW200095
A12: EAN00517 | B12: Changed | F12: WQ | G12: Anglian | H12: East Anglia | I12: Anglian Water Services Ltd | J12: 7AW200100 | K12: Olney STW | L12: Ouse (Newport Pagnell to Roxton) | M12: GB105033047923 | N12: River | O12: Great Ouse Bedford | S12: WFD_IMPg | T12: Phosphorus | Y12: Continuous Discharge | Z12: 45648 | AA12: Amber | AB12: AW1NF1165A | AC12: 489500 | AD12: 252300 | BI12: 8640 | BK12: 1 | BL12: Iron 4000 ug/l (95%ile) 8000 ug/l (UT) | BM12: 1822 | CH12: 15.8 | CO12: Measure to improve from Poor to Good phosphate status Environmental Outcome measured: River Great Ouse, from point of mixing to Odell STW | CR12: 0.09 | CS12: 1 | CT12: 0 | CU12: 1 | CV12: WWN | CW12: £m | CX12: 1 | CY12: ANH | CZ12: 46477 | DA12: {=_xlfn.IFS(CX12 = 1, CR12 * CS12 * 1000000, CX12 = 0.000001, CR12 * CS12 )} -> 90000 | DC12: =IF( DB12 = "", DA12, DB12) -> 90000 | DD12: 1.0315245 | DE12: =DC12 * DD12 -> 92837.203 | DF12: 1.1806333 | DG12: =( DE12 * DF12 ) / 1000000 -> 0.10960669 | DH12: 0.0397 | DI12: =( DG12 * DH12 ) / 12 -> 0.00036261548 | DK12: =IF(DJ12="",J12,IF(DJ12="AoN5","7TW100021AoN group","")) -> 7AW200100
A13: EAN00522 | B13: Changed | F13: WQ | G13: Anglian | H13: East Anglia | I13: Anglian Water Services Ltd | J13: 7AW200105 | K13: Quendon STW | L13: Cam (US Newport) | M13: GB105033037480 | N13: River | O13: Cam Rhee and Granta | S13: WFD_IMPg | T13: Phosphorus | Y13: Continuous Discharge | Z13: 45648 | AA13: Amber | AB13: AW1NFA133 | AC13: 552000 | AD13: 231200 | BI13: 466 | BK13: 1 | BL13: Iron 4000 ug/l (95%ile) 8000 ug/l (UT) | BM13: 130 | CH13: 4 | CO13: Measure to improve from Moderate to Good phosphate status Environmental Outcome measured: River Cam, from point of mixing to Newport STW | CR13: 0.157 | CS13: 1 | CT13: 0 | CU13: 1 | CV13: WWN | CW13: £m | CX13: 1 | CY13: ANH | CZ13: 46477 | DA13: {=_xlfn.IFS(CX13 = 1, CR13 * CS13 * 1000000, CX13 = 0.000001, CR13 * CS13 )} -> 157000 | DC13: =IF( DB13 = "", DA13, DB13) -> 157000 | DD13: 1.0315245 | DE13: =DC13 * DD13 -> 161949.34 | DF13: 1.1806333 | DG13: =( DE13 * DF13 ) / 1000000 -> 0.19120279 | DH13: 0.0397 | DI13: =( DG13 * DH13 ) / 12 -> 0.00063256255 | DK13: =IF(DJ13="",J13,IF(DJ13="AoN5","7TW100021AoN group","")) -> 7AW200105
A14: EAN00526 | B14: Changed | F14: WQ | G14: Anglian | H14: East Anglia | I14: Anglian Water Services Ltd | J14: 7AW200109 | K14: Shudy Camps STW | L14: Granta | M14: GB105033037810 | N14: River | O14: Cam Rhee and Granta | S14: WFD_IMPg | T14: Phosphorus | Y14: Continuous Discharge | Z14: 45648 | AA14: Amber | AB14: AW1NF1135 | AC14: 561600 | AD14: 243800 | BI14: 733 | BK14: 1 | BL14: Iron 4000 ug/l (95%ile) 8000 ug/l (UT) | BM14: 238 | CH14: 9.5 | CO14: Measure to improve from Moderate to Good phosphate status Environmental Outcome measured: River Granta, from point of mixing to Linton STW | CR14: 0.225 | CS14: 1 | CT14: 0 | CU14: 1 | CV14: WWN | CW14: £m | CX14: 1 | CY14: ANH | CZ14: 46477 | DA14: {=_xlfn.IFS(CX14 = 1, CR14 * CS14 * 1000000, CX14 = 0.000001, CR14 * CS14 )} -> 225000 | DC14: =IF( DB14 = "", DA14, DB14) -> 225000 | DD14: 1.0315245 | DE14: =DC14 * DD14 -> 232093.01 | DF14: 1.1806333 | DG14: =( DE14 * DF14 ) / 1000000 -> 0.27401673 | DH14: 0.0397 | DI14: =( DG14 * DH14 ) / 12 -> 0.00090653869 | DK14: =IF(DJ14="",J14,IF(DJ14="AoN5","7TW100021AoN group","")) -> 7AW200109
A15: EAN00533 | B15: Changed | F15: WQ | G15: Anglian | H15: East Anglia | I15: Anglian Water Services Ltd | J15: 7AW200116 | K15: Stoke Goldington STW | L15: Ravenstone Brook | M15: GB105033038160 | N15: River | O15: Great Ouse Bedford | S15: WFD_IMPg | T15: Phosphorus | Y15: Continuous Discharge | Z15: 45648 | AA15: Amber | AB15: AW1NF207A | AC15: 484750 | AD15: 248780 | BI15: 745 | BK15: 1 | BL15: Iron 4000 ug/l (95%ile) 8000 ug/l (UT) | BM15: 160 | CH15: 0.75 | CO15: Measure to improve from Poor to Good phosphate status Environmental Outcome measured: Ravenstone Brook, from point of mixing to confluence with River Great Ouse | CR15: 0.225 | CS15: 1 | CT15: 0 | CU15: 1 | CV15: WWN | CW15: £m | CX15: 1 | CY15: ANH | CZ15: 46477 | DA15: {=_xlfn.IFS(CX15 = 1, CR15 * CS15 * 1000000, CX15 = 0.000001, CR15 * CS15 )} -> 225000 | DC15: =IF( DB15 = "", DA15, DB15) -> 225000 | DD15: 1.0315245 | DE15: =DC15 * DD15 -> 232093.01 | DF15: 1.1806333 | DG15: =( DE15 * DF15 ) / 1000000 -> 0.27401673 | DH15: 0.0397 | DI15: =( DG15 * DH15 ) / 12 -> 0.00090653869 | DK15: =IF(DJ15="",J15,IF(DJ15="AoN5","7TW100021AoN group","")) -> 7AW200116
A16: EAN00589 | B16: Changed | F16: WQ | G16: Anglian | H16: East Anglia | I16: Anglian Water Services Ltd | J16: 7AW200167 | K16: Dunton STW | L16: Millbridge and Potton Brooks | M16: GB105033037820 | N16: River | O16: Ivel | S16: WFD_IMPg | T16: Phosphorus | Y16: Continuous Discharge | Z16: 45648 | AA16: Amber | AB16: AWCNF1061 | AC16: 523300 | AD16: 244420 | BI16: 572 | BK16: 1 | BL16: Iron 4000 ug/l (95%ile) 8000 ug/l (UT) | BM16: 140 | CH16: 5.9 | CO16: Measure to improve from Moderate to Good phosphate status Environmental Outcome measured: Tributary, from point of mixing to confluence with Potton Brook | CR16: 0.222 | CS16: 1 | CT16: 0 | CU16: 1 | CV16: WWN | CW16: £m | CX16: 1 | CY16: ANH | CZ16: 46477 | DA16: {=_xlfn.IFS(CX16 = 1, CR16 * CS16 * 1000000, CX16 = 0.000001, CR16 * CS16 )} -> 222000 | DC16: =IF( DB16 = "", DA16, DB16) -> 222000 | DD16: 1.0315245 | DE16: =DC16 * DD16 -> 228998.43 | DF16: 1.1806333 | DG16: =( DE16 * DF16 ) / 1000000 -> 0.27036318 | DH16: 0.0397 | DI16: =( DG16 * DH16 ) / 12 -> 0.00089445151 | DK16: =IF(DJ16="",J16,IF(DJ16="AoN5","7TW100021AoN group","")) -> 7AW200167
A17: EAN00594 | B17: Changed | F17: WQ | G17: Anglian | H17: East Anglia | I17: Anglian Water Services Ltd | J17: 7AW200172 | K17: Great Ellingham STW | L17: Thet (US Swangey Fen) | M17: GB105033047830 | N17: River | O17: Little Ouse and Thet | S17: WFD_IMPg | T17: Phosphorus | Y17: Continuous Discharge | Z17: 45648 | AA17: Amber | AB17: AW1NF18PA | AC17: 602300 | AD17: 297800 | BI17: 471 | BK17: 1.5 | BL17: Iron 4000 ug/l (95%ile) 8000 ug/l (UT) | BM17: 194 | CH17: 4 | CO17: Measure to improve from Moderate to Good phosphate status Environmental Outcome measured: Tributary, from point of mixing to confluence with River Thet | CR17: 0.225 | CS17: 1 | CT17: 0 | CU17: 1 | CV17: WWN | CW17: £m | CX17: 1 | CY17: ANH | CZ17: 46477 | DA17: {=_xlfn.IFS(CX17 = 1, CR17 * CS17 * 1000000, CX17 = 0.000001, CR17 * CS17 )} -> 225000 | DC17: =IF( DB17 = "", DA17, DB17) -> 225000 | DD17: 1.0315245 | DE17: =DC17 * DD17 -> 232093.01 | DF17: 1.1806333 | DG17: =( DE17 * DF17 ) / 1000000 -> 0.27401673 | DH17: 0.0397 | DI17: =( DG17 * DH17 ) / 12 -> 0.00090653869 | DK17: =IF(DJ17="",J17,IF(DJ17="AoN5","7TW100021AoN group","")) -> 7AW200172
A18: EAN00600 | B18: Changed | F18: WQ | G18: Anglian | H18: East Anglia | I18: Anglian Water Services Ltd | J18: 7AW200178 | K18: Old Buckenham STW | L18: Buckenham Stream | M18: GB105033043411 | N18: River | O18: Little Ouse and Thet | S18: WFD_IMPg | T18: Phosphorus | Y18: Continuous Discharge | Z18: 45648 | AA18: Amber | AB18: AW1NF623A | AC18: 606120 | AD18: 290450 | BI18: 2914 | BK18: 1 | BL18: Iron 4000 ug/l (95%ile) 8000 ug/l (UT) | BM18: 550 | CH18: 10 | CO18: Measure to improve from Moderate to Good phosphate status Environmental Outcome measured: Buckenham Stream, from point of mixing to confluence with River Thet | CR18: 0.09 | CS18: 1 | CT18: 0 | CU18: 1 | CV18: WWN | CW18: £m | CX18: 1 | CY18: ANH | CZ18: 46477 | DA18: {=_xlfn.IFS(CX18 = 1, CR18 * CS18 * 1000000, CX18 = 0.000001, CR18 * CS18 )} -> 90000 | DC18: =IF( DB18 = "", DA18, DB18) -> 90000 | DD18: 1.0315245 | DE18: =DC18 * DD18 -> 92837.203 | DF18: 1.1806333 | DG18: =( DE18 * DF18 ) / 1000000 -> 0.10960669 | DH18: 0.0397 | DI18: =( DG18 * DH18 ) / 12 -> 0.00036261548 | DK18: =IF(DJ18="",J18,IF(DJ18="AoN5","7TW100021AoN group","")) -> 7AW200178
A19: EAN00628 | B19: Changed | F19: WQ | G19: Anglian | H19: East Anglia | I19: Anglian Water Services Ltd | J19: 7AW200206 | K19: Rendlesham Park STW | L19: Deben (Brandeston Bridge - Melton) | M19: GB105035046310 | N19: River | O19: Deben | S19: WFD_IMPg | T19: Phosphorus | Y19: Continuous Discharge | Z19: 45648 | AA19: Amber | AB19: ASENF19613 | AC19: 632360 | AD19: 253680 | BI19: 2342 | BK19: 1 | BL19: Iron 4000 ug/l (95%ile) 8000 ug/l (UT) | BM19: 645.5 | CH19: 5.5 | CO19: Environmental outcomes calculated from mixing point of Rendlesham Part STW to the bottom boundary of waterbody Deben (Brandeston Bridge - Melton) GB105035046310 where it joins the coast. Improvement from Poor to Good status. | CR19: 0.09 | CS19: 1 | CT19: 0 | CU19: 1 | CV19: WWN | CW19: £m | CX19: 1 | CY19: ANH | CZ19: 46477 | DA19: {=_xlfn.IFS(CX19 = 1, CR19 * CS19 * 1000000, CX19 = 0.000001, CR19 * CS19 )} -> 90000 | DC19: =IF( DB19 = "", DA19, DB19) -> 90000 | DD19: 1.0315245 | DE19: =DC19 * DD19 -> 92837.203 | DF19: 1.1806333 | DG19: =( DE19 * DF19 ) / 1000000 -> 0.10960669 | DH19: 0.0397 | DI19: =( DG19 * DH19 ) / 12 -> 0.00036261548 | DK19: =IF(DJ19="",J19,IF(DJ19="AoN5","7TW100021AoN group","")) -> 7AW200206
A20: EAN00631 | B20: Changed | F20: WQ | G20: Anglian | H20: East Anglia | I20: Anglian Water Services Ltd | J20: 7AW200209 | K20: Ridgewell STW | L20: Colne (u/s Gt. Yeldham) | M20: GB105037041290 | N20: River | O20: Colne Essex | S20: WFD_IMPg | T20: Phosphorus | Y20: Continuous Discharge | Z20: 45648 | AA20: Amber | AB20: AW2NFE00163 | AC20: 575450 | AD20: 239530 | BI20: 452 | BK20: 1 | BL20: Iron 4000 ug/l (95%ile) 8000 ug/l (UT) | BM20: 102 | CH20: 8.5 | CO20: Colne catchment bundle is cost beneficial Also achieves good status at d/s sample point in WB d/s CL0848 (currently poor status).Environmental outcomes calculated from ridgewell stw discharge to Sible Hedingham STW (from moderate to good status) | CR20: 0.157 | CS20: 1 | CT20: 0 | CU20: 1 | CV20: WWN | CW20: £m | CX20: 1 | CY20: ANH | CZ20: 46477 | DA20: {=_xlfn.IFS(CX20 = 1, CR20 * CS20 * 1000000, CX20 = 0.000001, CR20 * CS20 )} -> 157000 | DC20: =IF( DB20 = "", DA20, DB20) -> 157000 | DD20: 1.0315245 | DE20: =DC20 * DD20 -> 161949.34 | DF20: 1.1806333 | DG20: =( DE20 * DF20 ) / 1000000 -> 0.19120279 | DH20: 0.0397 | DI20: =( DG20 * DH20 ) / 12 -> 0.00063256255 | DK20: =IF(DJ20="",J20,IF(DJ20="AoN5","7TW100021AoN group","")) -> 7AW200209
A21: EAN02357 | B21: Changed | F21: WQ | G21: Anglian | H21: East Anglia | I21: Anglian Water Services Ltd | J21: 7AW201933 | K21: Kedington STW | L21: River Stour | M21: GB105036040980 | N21: river | O21: Stour | S21: WFD_IMPg | T21: Phosphorus | Y21: Continuous Discharge | Z21: 45648 | AA21: Amber | AB21: ASENF1292 | AC21: 570780 | AD21: 245960 | BI21: 2241 | BK21: 1 | BL21: Iron 4000 ug/l (95%ile) 8000 ug/l (UT) | BM21: 600 | CH21: 2.5 | CO21: Cost beneficial. 2.5 (to next confluence) | CR21: 0.09 | CS21: 1 | CT21: 0 | CU21: 1 | CV21: WWN | CW21: £m | CX21: 1 | CY21: ANH | CZ21: 46477 | DA21: {=_xlfn.IFS(CX21 = 1, CR21 * CS21 * 1000000, CX21 = 0.000001, CR21 * CS21 )} -> 90000 | DC21: =IF( DB21 = "", DA21, DB21) -> 90000 | DD21: 1.0315245 | DE21: =DC21 * DD21 -> 92837.203 | DF21: 1.1806333 | DG21: =( DE21 * DF21 ) / 1000000 -> 0.10960669 | DH21: 0.0397 | DI21: =( DG21 * DH21 ) / 12 -> 0.00036261548 | DK21: =IF(DJ21="",J21,IF(DJ21="AoN5","7TW100021AoN group","")) -> 7AW201933
A22: LNA00138 | B22: Changed | F22: WQ | G22: Anglian | H22: Lincolnshire and Northamptonshire | I22: Anglian Water Services Ltd | J22: 7AW202034 | K22: Great Ponton STW | L22: Witham - conf cringle bk to conf brant | M22: GB105030056780 | N22: River | O22: Witham Upper | S22: WFD_IMPg | T22: Phosphorus | Y22: Continuous Discharge | Z22: 45648 | AA22: Amber | AB22: AW3NFF662 | AC22: 493100 | AD22: 330700 | BI22: 369 | BK22: 1mg/l (AA) | BL22: Total Iron= 4mg/l (95%ile) 8mg/l (MAC) | BM22: 100 | CH22: 6.97 | CO22: Part of cost beneficial bundle for catchment | CR22: 0.159 | CS22: 1 | CT22: 0 | CU22: 1 | CV22: WWN | CW22: £m | CX22: 1 | CY22: ANH | CZ22: 46477 | DA22: {=_xlfn.IFS(CX22 = 1, CR22 * CS22 * 1000000, CX22 = 0.000001, CR22 * CS22 )} -> 159000 | DC22: =IF( DB22 = "", DA22, DB22) -> 159000 | DD22: 1.0315245 | DE22: =DC22 * DD22 -> 164012.39 | DF22: 1.1806333 | DG22: =( DE22 * DF22 ) / 1000000 -> 0.19363849 | DH22: 0.0397 | DI22: =( DG22 * DH22 ) / 12 -> 0.00064062068 | DK22: =IF(DJ22="",J22,IF(DJ22="AoN5","7TW100021AoN group","")) -> 7AW202034
A23: LNA00159 | B23: Changed | F23: WQ | G23: Anglian | H23: Lincolnshire and Northamptonshire | I23: Anglian Water Services Ltd | J23: 7AW202055 | K23: Navenby STW | L23: Brant - Lower | M23: GB105030056770 | N23: River | O23: Witham Upper | S23: WFD_IMPg | T23: Phosphorus | Y23: Continuous Discharge | Z23: 45648 | AA23: Amber | AB23: ANNNF2081 | AC23: 498110 | AD23: 357740 | BI23: 2749 | BK23: 1mg/l (AA) | BL23: Total Iron= 4mg/l (95%ile) 8mg/l (MAC) | BM23: 460 | CH23: 6.87 | CO23: Part of cost beneficial bundle for catchment | CR23: 0.09 | CS23: 1 | CT23: 0 | CU23: 1 | CV23: WWN | CW23: £m | CX23: 1 | CY23: ANH | CZ23: 46477 | DA23: {=_xlfn.IFS(CX23 = 1, CR23 * CS23 * 1000000, CX23 = 0.000001, CR23 * CS23 )} -> 90000 | DC23: =IF( DB23 = "", DA23, DB23) -> 90000 | DD23: 1.0315245 | DE23: =DC23 * DD23 -> 92837.203 | DF23: 1.1806333 | DG23: =( DE23 * DF23 ) / 1000000 -> 0.10960669 | DH23: 0.0397 | DI23: =( DG23 * DH23 ) / 12 -> 0.00036261548 | DK23: =IF(DJ23="",J23,IF(DJ23="AoN5","7TW100021AoN group","")) -> 7AW202055
A24: LNA00189 | B24: Changed | F24: WQ | G24: Anglian | H24: Lincolnshire and Northamptonshire | I24: Anglian Water Services Ltd | J24: 7AW202085 | K24: Toynton St Peter STW | L24: Maud Foster and Fen catchwater drains | M24: GB205030056465 | N24: River | O24: Fens East and West | S24: WFD_IMPg | T24: Phosphorus | Y24: Continuous Discharge | Z24: 45648 | AA24: Amber | AB24: ANNNF13779 | AC24: 540280 | AD24: 362840 | BI24: 505 | BK24: 1mg/l (AA) | BL24: Total Iron= 4mg/l (95%ile) 8mg/l (MAC) | BM24: 49 | CH24: 8.26 | CO24: Part of Cost Beneficial Bundle for operational catchment | CR24: 1.578 | CS24: 1 | CT24: 0 | CU24: 1 | CV24: WWN | CW24: £m | CX24: 1 | CY24: ANH | CZ24: 46477 | DA24: {=_xlfn.IFS(CX24 = 1, CR24 * CS24 * 1000000, CX24 = 0.000001, CR24 * CS24 )} -> 1578000 | DC24: =IF( DB24 = "", DA24, DB24) -> 1578000 | DD24: 1.0315245 | DE24: =DC24 * DD24 -> 1627745.6 | DF24: 1.1806333 | DG24: =( DE24 * DF24 ) / 1000000 -> 1.9217707 | DH24: 0.0397 | DI24: =( DG24 * DH24 ) / 12 -> 0.006357858 | DK24: =IF(DJ24="",J24,IF(DJ24="AoN5","7TW100021AoN group","")) -> 7AW202085
A25: LNA00190 | B25: Changed | F25: WQ | G25: Anglian | H25: Lincolnshire and Northamptonshire | I25: Anglian Water Services Ltd | J25: 7AW202086 | K25: Upton STW | L25: Till (Witham) | M25: GB105030062500 | N25: River | O25: Witham Upper | S25: WFD_IMPg | T25: Phosphorus | Y25: Continuous Discharge | Z25: 45648 | AA25: Amber | AB25: AW3NF153 | AC25: 487700 | AD25: 386800 | BI25: 1060 | BK25: 1mg/l (AA) | BL25: Total Iron= 4mg/l (95%ile) 8mg/l (MAC) | BM25: 210 | CH25: 5.54 | CO25: Part of cost beneficial bundle for catchment | CR25: 0.225 | CS25: 1 | CT25: 0 | CU25: 1 | CV25: WWN | CW25: £m | CX25: 1 | CY25: ANH | CZ25: 46477 | DA25: {=_xlfn.IFS(CX25 = 1, CR25 * CS25 * 1000000, CX25 = 0.000001, CR25 * CS25 )} -> 225000 | DC25: =IF( DB25 = "", DA25, DB25) -> 225000 | DD25: 1.0315245 | DE25: =DC25 * DD25 -> 232093.01 | DF25: 1.1806333 | DG25: =( DE25 * DF25 ) / 1000000 -> 0.27401673 | DH25: 0.0397 | DI25: =( DG25 * DH25 ) / 12 -> 0.00090653869 | DK25: =IF(DJ25="",J25,IF(DJ25="AoN5","7TW100021AoN group","")) -> 7AW202086

Sheet WINEP_Inputs_NES
A1: WINEP3 Update March 2019 | H1: National Full data set
AI2: FBG Detail
A3: VERSION 1 | AI3: SSSI/N2K/Ramsar | AN3: Eels | AP3: NERC Driver | AX3: INNS | AZ3: MCZ | BA3: Water Quality Detail | BX3: Water Resource Detail | CH3: Environmental Outcome | CR3: WINEP model inputs
A4: WINEPID | B4: Change Log Winep 2 to 3 | C4: NEW Column. Has an alteration to this measure been made? If Y then please refer to alterations log. | D4: Application in determination by NPS? | E4: Has a permit been issued? | F4: Function | G4: RBD | H4: Area | I4: Water Company | J4: Unique ID * (completed on company collation) | K4: Scheme Name/Name of Investigation/Site Name/Licence name | L4: Name of Waterbody | M4: Waterbody ID | N4: Water Body Type(s) | O4: WFD Operational Catchment | P4: Blank Column | Q4: Blank Column | R4: Blank Column | S4: Driver Code (Primary) | T4: Further Driver Code Information (related to the primary driver if applicable) | U4: Driver Code (Secondary) | V4: Further Driver Code Information (related to the secondary driver if applicable) | W4: Driver Code (Tertiary) | X4: Further Driver Code Information (related to the tertiary driver if applicable) | Y4: Measure Type | Z4: Completion Date (DD/MM/YY) | AA4: Level of Certainty? (P= Purple, R=Red, A=Amber, G=Green | AB4: Abstraction Licence/ Permit, Obstruction ID or No Obstruction ID | AC4: Eastings | AD4: Northings | AE4: Investigation Type | AF4: Investigation Scope | AG4: Implementation Scope | AH4: Groundwater Measures Information | AI4: Name of SSSI (if applicable) | AJ4: Name of N2K/Ramsar site (if applicable) | AK4: SSSI/N2K/Ramsar Unit ID | AL4: SSSI/N2K/Ramsar Area of Unit (Hectares) | AM4: Justification for Action/Investigation | AN4: Eel Priority Status | AO4: Eel Improvement Type | AP4: Primary Type of Priority Habitat Created or Restored/Improved | AQ4: Secondary Type of Priority Habitat Created or Restored/Improved | AR4: Other Priority Habitat Created or Restored/Improved | AS4: Type of Action Taken | AT4: Units Recorded (Hectare or km) | AU4: Number of Hectares or Kms | AV4: Name of Priority Species | AW4: Name of High Risk of Extinction Species | AX4: INNS Control Measure | AY4: INNS Species (if applicable) | AZ4: Name of MCZ | BA4: Name of Bathing Water (where applicable) | BB4: Name of Shellfish Water (where applicable) | BC4: Chemical of Interest (for chemicals measures only) | BD4: Groundwater Chemicals | BE4: Drinking Water Inspectorate - Undertaking or Notice Y/N | BF4: DrWPA Substances at Risk (if applicable) | BG4: Safeguard Zone Name (if applicable) | BH4: Safeguard Zone ID (if applicable) | BI4: Population Equivalent for STWs | BJ4: Current Permit Limit (mg/l) | BK4: Proposed Permit Limit (mg/l) | BL4: Proposed Iron or Aluminium Limits (for Phosphorus measures only) | BM4: Current DWF (m3/d) | BN4: Proposed DWF (m3/d) (if applicable) | BO4: Proposed Permit Limit Other | BP4: Catchment Measure Actions | BQ4: Unsustainable Abstraction System Code | BR4: Linked Groundwater Body Name | BS4: Linked Groundwater Body ID | BT4: Licence Category | BU4: Water Resource Zone (WRZ) | BV4: WR HMWB Flag (X) | BW4: Scheme Relates to Following Missing Mitigation Measures (HMWB only) | BX4: Annual Licence Volume (Ml/a) | BY4: Daily Licence Volume (Ml/d) | BZ4: Aggregate Licence (x) | CA4: Sustainability Change (to Annual Licence Volume) Ml/a | CB4: Sustainability Change (to Daily Licence Volume) Ml/d | CC4: Sustainability Change (to HoF Condition) Ml/d | CD4: *NEW* Water returned to the environment (Reduction in actual abstraction) ML/d | CE4: New Annual Licence Volume (Ml/a) | CF4: New Daily Licence Volume (Ml/d) | CG4: New HoF Condition (Ml/d) | CH4: Quantitative Km River Length Improved or Protected | CI4: Quantitative Area (km2) Improved or Protected | CJ4: Volume (Ml/yr) Drinking Water Protected | CK4: Hectares of Designated Site (HD/RAMSAR/ SSSI) Restored or Improved | CL4: *NEW* INNS ,No Det outcome - Km2 of land with reduced risk of INNS | CM4: Delivers Additional FCERM Benefits (Y/N) | CN4: Delivers on Salmon 5-Point Action Plan | CO4: Additional Comments | CP4: CPS Reference | CQ4: Flow Categorisation 1= PR19 Synergy 2= WFD failure 3= Neither | CR4: Allowed totex unit rate | CS4: Quantity proposed in PR19 FD | CT4: Quantity Delivered | CU4: 1 = In PR19, funded 0 = In PR19, not funded | CV4: Price Control | CW4: Unit | CX4: Unit Conversion to £m | CY4: Company | CZ4: Completion date (EA or Water Company) | DA4: Allowed totex unit rate in 2017/18 prices before adjustment - £ | DB4: Adjustment - £ | DC4: Allowed totex unit rate in 2017/18 prices after adjustment - £ | DD4: PR19 WACC | DE4: Allowed totex unit rate in 2017/18 prices after adjustment & PR19 WACC - £ | DF4: CPIH adjustment (2017/18) | DG4: Allowed totex unit rate in 2022/23 prices after adjustment & PR19 WACC - £m | DH4: PR24 WACC | DI4: Allowed totex unit rate in 2022/23 prices after adjustment - £m per month | DJ4: AoN | DK4: Unique ID after AoN scenario
A5: NEA00703 | F5: WR | G5: Northumbria | H5: North East | I5: Northumbrian Water | J5: 7NW10005 | K5: Barrasford raw water pumping station - Rede to Gunnerton Burn, Barrasford to S Tyne, Watersmeet to Tidal Limit - Eels Regs and MM3 | L5: N Tyne from Barrasford to S Tyne confluence | M5: GB103023075802 | N5: River | O5: North Tyne Lower | S5: EE_IMP | Y5: Eel Screen | Z5: 45648 | AA5: Amber | AB5: 1/23/01/159 | AC5: 392280 | AD5: 572900 | AG5: Eel screens on raw water abstraction | AN5: Medium Priority | AO5: Screen | BV5: x | BX5: 21900 | BY5: 60 | BZ5: x | CM5: No | CN5: Pricipal Salmon River | CO5: Also applies under HMWB MM3 entrainment.The main work will be carried out on GB103023074920 waterbody which is linked to the abstraction licence but further outcomes will be seen at these waterbodies GB103023075802, GB103023075801. Covering North Tyne Lower & Tyne Upper. These EE_IMP lines have been grouped as it was one structure that would have outcomes on three waterbodies. | CP5: http://environment.data.gov.uk/catchment-planning/WaterBody/GB103023074920 | CR5: 1.071 | CS5: 1 | CT5: 0 | CU5: 1 | CV5: WR | CW5: £m | CX5: 1 | CY5: NES | CZ5: 46477 | DA5: {=_xlfn.IFS(CX5 = 1, CR5 * CS5 * 1000000, CX5 = 0.000001, CR5 * CS5 )} -> 1071000 | DC5: =IF( DB5 = "", DA5, DB5) -> 1071000 | DD5: 1.0315245 | DE5: =DC5 * DD5 -> 1104762.7 | DF5: 1.1806333 | DG5: =( DE5 * DF5 ) / 1000000 -> 1.3043196 | DH5: 0.0397 | DI5: =( DG5 * DH5 ) / 12 -> 0.0043151242 | DK5: =IF(DJ5="",J5,IF(DJ5="AoN5","7TW100021AoN group","")) -> 7NW10005
A6: NEA00575 | B6: Changed | F6: WQ | G6: Northumbria | H6: North East | I6: Northumbrian Water | J6: 7NW200568 | K6: Trimdon | L6: Skerne from Source to Carrs | M6: GB103025076070 | N6: River | O6: Skerne | S6: WFD_IMPm | T6: Phosphorus | Y6: Continuous Discharge | Z6: 45648 | AA6: Amber | AB6: 25/03/1232 | AC6: 437660 | AD6: 534510 | BI6: 4715 | BK6: 0.3 | BL6: Iron 4000 ug/l (95%ile) 8000 ug/l (UT) | BM6: 1308 | BN6: 1308 | CH6: 12.8 | CO6: Possible northumbria integrated drainage plans | CR6: 4.265 | CS6: 1 | CT6: 0 | CU6: 1 | CV6: WWN | CW6: £m | CX6: 1 | CY6: NES | CZ6: 46477 | DA6: {=_xlfn.IFS(CX6 = 1, CR6 * CS6 * 1000000, CX6 = 0.000001, CR6 * CS6 )} -> 4265000 | DC6: =IF( DB6 = "", DA6, DB6) -> 4265000 | DD6: 1.0315245 | DE6: =DC6 * DD6 -> 4399451.9 | DF6: 1.1806333 | DG6: =( DE6 * DF6 ) / 1000000 -> 5.1941394 | DH6: 0.0397 | DI6: =( DG6 * DH6 ) / 12 -> 0.017183945 | DK6: =IF(DJ6="",J6,IF(DJ6="AoN5","7TW100021AoN group","")) -> 7NW200568
A7: NEA00590 | B7: Changed | F7: WQ | G7: Northumbria | H7: North East | I7: Northumbrian Water | J7: 7NW200583 | K7: Witton Gilbert | L7: Browney from Deerness confl to Wear | M7: GB103024077552 | N7: River | O7: Browney | S7: WFD_IMPg | T7: Phosphorus | Y7: Continuous Discharge | Z7: 45648 | AA7: Amber | AB7: 244/1027 | AC7: 423280 | AD7: 545060 | BI7: 7377 | BK7: 0.7 | BL7: Iron 4000 ug/l (95%ile) 8000 ug/l (UT) | BM7: 1730 | BN7: 1730 | CH7: 7 | CR7: 2.724 | CS7: 1 | CT7: 0 | CU7: 1 | CV7: WWN | CW7: £m | CX7: 1 | CY7: NES | CZ7: 46477 | DA7: {=_xlfn.IFS(CX7 = 1, CR7 * CS7 * 1000000, CX7 = 0.000001, CR7 * CS7 )} -> 2724000 | DC7: =IF( DB7 = "", DA7, DB7) -> 2724000 | DD7: 1.0315245 | DE7: =DC7 * DD7 -> 2809872.7 | DF7: 1.1806333 | DG7: =( DE7 * DF7 ) / 1000000 -> 3.3174292 | DH7: 0.0397 | DI7: =( DG7 * DH7 ) / 12 -> 0.010975162 | DK7: =IF(DJ7="",J7,IF(DJ7="AoN5","7TW100021AoN group","")) -> 7NW200583

Sheet WINEP_Inputs_SRN
A1: WINEP3 Update March 2019 | H1: National Full data set
AI2: FBG Detail
A3: VERSION 1 | AI3: SSSI/N2K/Ramsar | AN3: Eels | AP3: NERC Driver | AX3: INNS | AZ3: MCZ | BA3: Water Quality Detail | BX3: Water Resource Detail | CH3: Environmental Outcome | CR3: WINEP model inputs
A4: WINEPID | B4: Change Log Winep 2 to 3 | C4: NEW Column. Has an alteration to this measure been made? If Y then please refer to alterations log. | D4: Application in determination by NPS? | E4: Has a permit been issued? | F4: Function | G4: RBD | H4: Area | I4: Water Company | J4: Unique ID * (completed on company collation) | K4: Scheme Name/Name of Investigation/Site Name/Licence name | L4: Name of Waterbody | M4: Waterbody ID | N4: Water Body Type(s) | O4: WFD Operational Catchment | P4: Blank Column | Q4: Blank Column | R4: Blank Column | S4: Driver Code (Primary) | T4: Further Driver Code Information (related to the primary driver if applicable) | U4: Driver Code (Secondary) | V4: Further Driver Code Information (related to the secondary driver if applicable) | W4: Driver Code (Tertiary) | X4: Further Driver Code Information (related to the tertiary driver if applicable) | Y4: Measure Type | Z4: Completion Date (DD/MM/YY) | AA4: Level of Certainty? (P= Purple, R=Red, A=Amber, G=Green | AB4: Abstraction Licence/ Permit, Obstruction ID or No Obstruction ID | AC4: Eastings | AD4: Northings | AE4: Investigation Type | AF4: Investigation Scope | AG4: Implementation Scope | AH4: Groundwater Measures Information | AI4: Name of SSSI (if applicable) | AJ4: Name of N2K/Ramsar site (if applicable) | AK4: SSSI/N2K/Ramsar Unit ID | AL4: SSSI/N2K/Ramsar Area of Unit (Hectares) | AM4: Justification for Action/Investigation | AN4: Eel Priority Status | AO4: Eel Improvement Type | AP4: Primary Type of Priority Habitat Created or Restored/Improved | AQ4: Secondary Type of Priority Habitat Created or Restored/Improved | AR4: Other Priority Habitat Created or Restored/Improved | AS4: Type of Action Taken | AT4: Units Recorded (Hectare or km) | AU4: Number of Hectares or Kms | AV4: Name of Priority Species | AW4: Name of High Risk of Extinction Species | AX4: INNS Control Measure | AY4: INNS Species (if applicable) | AZ4: Name of MCZ | BA4: Name of Bathing Water (where applicable) | BB4: Name of Shellfish Water (where applicable) | BC4: Chemical of Interest (for chemicals measures only) | BD4: Groundwater Chemicals | BE4: Drinking Water Inspectorate - Undertaking or Notice Y/N | BF4: DrWPA Substances at Risk (if applicable) | BG4: Safeguard Zone Name (if applicable) | BH4: Safeguard Zone ID (if applicable) | BI4: Population Equivalent for STWs | BJ4: Current Permit Limit (mg/l) | BK4: Proposed Permit Limit (mg/l) | BL4: Proposed Iron or Aluminium Limits (for Phosphorus measures only) | BM4: Current DWF (m3/d) | BN4: Proposed DWF (m3/d) (if applicable) | BO4: Proposed Permit Limit Other | BP4: Catchment Measure Actions | BQ4: Unsustainable Abstraction System Code | BR4: Linked Groundwater Body Name | BS4: Linked Groundwater Body ID | BT4: Licence Category | BU4: Water Resource Zone (WRZ) | BV4: WR HMWB Flag (X) | BW4: Scheme Relates to Following Missing Mitigation Measures (HMWB only) | BX4: Annual Licence Volume (Ml/a) | BY4: Daily Licence Volume (Ml/d) | BZ4: Aggregate Licence (x) | CA4: Sustainability Change (to Annual Licence Volume) Ml/a | CB4: Sustainability Change (to Daily Licence Volume) Ml/d | CC4: Sustainability Change (to HoF Condition) Ml/d | CD4: *NEW* Water returned to the environment (Reduction in actual abstraction) ML/d | CE4: New Annual Licence Volume (Ml/a) | CF4: New Daily Licence Volume (Ml/d) | CG4: New HoF Condition (Ml/d) | CH4: Quantitative Km River Length Improved or Protected | CI4: Quantitative Area (km2) Improved or Protected | CJ4: Volume (Ml/yr) Drinking Water Protected | CK4: Hectares of Designated Site (HD/RAMSAR/ SSSI) Restored or Improved | CL4: *NEW* INNS ,No Det outcome - Km2 of land with reduced risk of INNS | CM4: Delivers Additional FCERM Benefits (Y/N) | CN4: Delivers on Salmon 5-Point Action Plan | CO4: Additional Comments | CP4: CPS Reference | CQ4: Flow Categorisation 1= PR19 Synergy 2= WFD failure 3= Neither | CR4: Allowed totex unit rate | CS4: Quantity proposed in PR19 FD | CT4: Quantity Delivered | CU4: 1 = In PR19, funded 0 = In PR19, not funded | CV4: Price Control | CW4: Unit | CX4: Unit Conversion to £m | CY4: Company | CZ4: Completion date (EA or Water Company) | DA4: Allowed totex unit rate in 2017/18 prices before adjustment - £ | DB4: Adjustment - £ | DC4: Allowed totex unit rate in 2017/18 prices after adjustment - £ | DD4: PR19 WACC | DE4: Allowed totex unit rate in 2017/18 prices after adjustment & PR19 WACC - £ | DF4: CPIH adjustment (2017/18) | DG4: Allowed totex unit rate in 2022/23 prices after adjustment & PR19 WACC - £m | DH4: PR24 WACC | DI4: Allowed totex unit rate in 2022/23 prices after adjustment - £m per month | DJ4: AoN | DK4: Unique ID after AoN scenario
A5: SSD00384 | B5: Changed | F5: WQ | G5: South East | H5: Solent and South Downs | I5: Southern Water Services Ltd | J5: 7SO200397 | K5: Pagham WWTW | L5: Pagham Rife | M5: GB107041012880 | N5: River | O5: Western Streams | S5: WFD_IMPg | T5: Phosphorus | Y5: Continuous Discharge | Z5: 45648 | AA5: Amber | AB5: A01192 | AC5: 488332 | AD5: 098767 | BI5: 8810 | BJ5: N/A | BK5: 0.25 mg/l AA | BL5: Fe: 4mg/l (95%) 8mg/l (UT) | BM5: 2309 | CH5: 1.5 | CO5: (Permit no. A1192/5/03) aka Summer Lane Pagham WWTW | CR5: 3.472778 | CS5: 1 | CT5: 0 | CU5: 1 | CV5: WWN | CW5: £m | CX5: 1 | CY5: SRN | CZ5: 45808 | DA5: {=_xlfn.IFS(CX5 = 1, CR5 * CS5 * 1000000, CX5 = 0.000001, CR5 * CS5 )} -> 3472778 | DC5: =IF( DB5 = "", DA5, DB5) -> 3472778 | DD5: 1.0294842 | DE5: =DC5 * DD5 -> 3575170.2 | DF5: 1.1806333 | DG5: =( DE5 * DF5 ) / 1000000 -> 4.220965 | DH5: 0.0397 | DI5: =( DG5 * DH5 ) / 12 -> 0.013964359 | DK5: =IF(DJ5="",J5,IF(DJ5="AoN5","7TW100021AoN group","")) -> 7SO200397
A6: SSD00614 | F6: WQ | G6: South East | H6: Solent and South Downs | I6: Southern Water Services Ltd | J6: 7SO300507 | K6: BUDDS FARM HAVANT (Havant) WWTW | L6: LANGSTONE HARBOUR | M6: GB580705130000 | N6: Transitional | O6: Hampshire East TraC | S6: U_IMP5 | Y6: Continuous Discharge | Z6: 45747 | AA6: Green | AB6: A00751 | AC6: 470540 | AD6: 105100 | CR6: 3.3371461 | CS6: 1 | CT6: 0 | CU6: 0 | CV6: WWN | CW6: £m | CX6: 1 | CY6: SRN | CZ6: 46843 | DA6: {=_xlfn.IFS(CX6 = 1, CR6 * CS6 * 1000000, CX6 = 0.000001, CR6 * CS6 )} -> 3337146.1 | DC6: =IF( DB6 = "", DA6, DB6) -> 3337146.1 | DD6: 1.0294842 | DE6: =DC6 * DD6 -> 3435539.2 | DF6: 1.1806333 | DG6: =( DE6 * DF6 ) / 1000000 -> 4.056112 | DH6: 0.0397 | DI6: =( DG6 * DH6 ) / 12 -> 0.013418971 | DK6: =IF(DJ6="",J6,IF(DJ6="AoN5","7TW100021AoN group","")) -> 7SO300507
A7: SSD00619 | F7: WQ | G7: South East | H7: Solent and South Downs | I7: Southern Water Services Ltd | J7: 7SO300513 | K7: CHICHESTER WWTW | L7: Lavant (Sussex) | M7: GB107041006520 | N7: River | O7: Western Streams | S7: U_IMP5 | Y7: Continuous Discharge | Z7: 45747 | AA7: Green | AB7: W00137 | AC7: 484316 | AD7: 103917 | CR7: 3.3371461 | CS7: 1 | CT7: 0 | CU7: 0 | CV7: WWN | CW7: £m | CX7: 1 | CY7: SRN | CZ7: 46843 | DA7: {=_xlfn.IFS(CX7 = 1, CR7 * CS7 * 1000000, CX7 = 0.000001, CR7 * CS7 )} -> 3337146.1 | DC7: =IF( DB7 = "", DA7, DB7) -> 3337146.1 | DD7: 1.0294842 | DE7: =DC7 * DD7 -> 3435539.2 | DF7: 1.1806333 | DG7: =( DE7 * DF7 ) / 1000000 -> 4.056112 | DH7: 0.0397 | DI7: =( DG7 * DH7 ) / 12 -> 0.013418971 | DK7: =IF(DJ7="",J7,IF(DJ7="AoN5","7TW100021AoN group","")) -> 7SO300513
A8: SSD00631 | F8: WQ | G8: South East | H8: Solent and South Downs | I8: Southern Water Services Ltd | J8: 7SO300531 | K8: LIDSEY WWTW | L8: Lidsey Rife | M8: GB107041012010 | N8: River | O8: Western Streams | S8: U_IMP5 | Y8: Continuous Discharge | Z8: 45747 | AA8: Green | AB8: A01209 | AC8: 494490 | AD8: 103290 | CR8: 3.3371461 | CS8: 1 | CT8: 0 | CU8: 0 | CV8: WWN | CW8: £m | CX8: 1 | CY8: SRN | CZ8: 46843 | DA8: {=_xlfn.IFS(CX8 = 1, CR8 * CS8 * 1000000, CX8 = 0.000001, CR8 * CS8 )} -> 3337146.1 | DC8: =IF( DB8 = "", DA8, DB8) -> 3337146.1 | DD8: 1.0294842 | DE8: =DC8 * DD8 -> 3435539.2 | DF8: 1.1806333 | DG8: =( DE8 * DF8 ) / 1000000 -> 4.056112 | DH8: 0.0397 | DI8: =( DG8 * DH8 ) / 12 -> 0.013418971 | DK8: =IF(DJ8="",J8,IF(DJ8="AoN5","7TW100021AoN group","")) -> 7SO300531
A9: SSD00637 | F9: WQ | G9: South East | H9: Solent and South Downs | I9: Southern Water Services Ltd | J9: 7SO300538 | K9: MILFORD ROAD PENNINGTON WWTW | L9: Avon Water | M9: GB107042011300 | N9: River | O9: New Forest - Lymington and Beaulieu | S9: U_IMP5 | Y9: Continuous Discharge | Z9: 45747 | AA9: Green | CR9: 3.3371461 | CS9: 1 | CT9: 0 | CU9: 0 | CV9: WWN | CW9: £m | CX9: 1 | CY9: SRN | CZ9: 46843 | DA9: {=_xlfn.IFS(CX9 = 1, CR9 * CS9 * 1000000, CX9 = 0.000001, CR9 * CS9 )} -> 3337146.1 | DC9: =IF( DB9 = "", DA9, DB9) -> 3337146.1 | DD9: 1.0294842 | DE9: =DC9 * DD9 -> 3435539.2 | DF9: 1.1806333 | DG9: =( DE9 * DF9 ) / 1000000 -> 4.056112 | DH9: 0.0397 | DI9: =( DG9 * DH9 ) / 12 -> 0.013418971 | DK9: =IF(DJ9="",J9,IF(DJ9="AoN5","7TW100021AoN group","")) -> 7SO300538
A10: KSL00441 | F10: WQ | G10: Thames | H10: Kent South London and East Sussex | I10: Southern Water Services Ltd | J10: 7SO300542 | K10: OXTED WWTW | L10: Upper Eden | M10: GB106040018630 | N10: River | O10: Eden | S10: U_IMP5 | Y10: Continuous Discharge | Z10: 45747 | AA10: Green | AB10: A00193 | AC10: 539780 | AD10: 150040 | CR10: 3.3371461 | CS10: 1 | CT10: 0 | CU10: 0 | CV10: WWN | CW10: £m | CX10: 1 | CY10: SRN | CZ10: 46843 | DA10: {=_xlfn.IFS(CX10 = 1, CR10 * CS10 * 1000000, CX10 = 0.000001, CR10 * CS10 )} -> 3337146.1 | DC10: =IF( DB10 = "", DA10, DB10) -> 3337146.1 | DD10: 1.0294842 | DE10: =DC10 * DD10 -> 3435539.2 | DF10: 1.1806333 | DG10: =( DE10 * DF10 ) / 1000000 -> 4.056112 | DH10: 0.0397 | DI10: =( DG10 * DH10 ) / 12 -> 0.013418971 | DK10: =IF(DJ10="",J10,IF(DJ10="AoN5","7TW100021AoN group","")) -> 7SO300542
A11: SSD00642 | F11: WQ | G11: South East | H11: Solent and South Downs | I11: Southern Water Services Ltd | J11: 7SO300544 | K11: PEEL COMMON WWTW | L11: Alver | M11: GB107042011370 | N11: River | O11: East Hampshire Rivers | S11: U_IMP5 | Y11: Continuous Discharge | Z11: 45747 | AA11: Green | AB11: W00131 | AC11: 458100 | AD11: 97700 | CR11: 3.3371461 | CS11: 1 | CT11: 0 | CU11: 0 | CV11: WWN | CW11: £m | CX11: 1 | CY11: SRN | CZ11: 46843 | DA11: {=_xlfn.IFS(CX11 = 1, CR11 * CS11 * 1000000, CX11 = 0.000001, CR11 * CS11 )} -> 3337146.1 | DC11: =IF( DB11 = "", DA11, DB11) -> 3337146.1 | DD11: 1.0294842 | DE11: =DC11 * DD11 -> 3435539.2 | DF11: 1.1806333 | DG11: =( DE11 * DF11 ) / 1000000 -> 4.056112 | DH11: 0.0397 | DI11: =( DG11 * DH11 ) / 12 -> 0.013418971 | DK11: =IF(DJ11="",J11,IF(DJ11="AoN5","7TW100021AoN group","")) -> 7SO300544
A12: KSL00446 | F12: WQ | G12: Thames | H12: Kent South London and East Sussex | I12: Southern Water Services Ltd | J12: 7SO300552 | K12: SITTINGBOURNE WWTW | L12: SWALE | M12: GB530604011500 | N12: Transitional | O12: Medway Swale Estuary | S12: U_IMP5 | Y12: Continuous Discharge | Z12: 45747 | AA12: Green | AB12: W00518 | AC12: 591260 | AD12: 164740 | CR12: 3.3371461 | CS12: 1 | CT12: 0 | CU12: 0 | CV12: WWN | CW12: £m | CX12: 1 | CY12: SRN | CZ12: 46843 | DA12: {=_xlfn.IFS(CX12 = 1, CR12 * CS12 * 1000000, CX12 = 0.000001, CR12 * CS12 )} -> 3337146.1 | DC12: =IF( DB12 = "", DA12, DB12) -> 3337146.1 | DD12: 1.0294842 | DE12: =DC12 * DD12 -> 3435539.2 | DF12: 1.1806333 | DG12: =( DE12 * DF12 ) / 1000000 -> 4.056112 | DH12: 0.0397 | DI12: =( DG12 * DH12 ) / 12 -> 0.013418971 | DK12: =IF(DJ12="",J12,IF(DJ12="AoN5","7TW100021AoN group","")) -> 7SO300552
A13: SSD00652 | F13: WQ | G13: South East | H13: Solent and South Downs | I13: Southern Water Services Ltd | J13: 7SO300561 | K13: SUMMER LANE PAGHAM WWTW | L13: Pagham Rife | M13: GB107041012880 | N13: River | O13: Western Streams | S13: U_IMP5 | Y13: Continuous Discharge | Z13: 45747 | AA13: Green | AB13: A01192 | AC13: 488270 | AD13: 98950 | CR13: 3.3371461 | CS13: 1 | CT13: 0 | CU13: 0 | CV13: WWN | CW13: £m | CX13: 1 | CY13: SRN | CZ13: 45808 | DA13: {=_xlfn.IFS(CX13 = 1, CR13 * CS13 * 1000000, CX13 = 0.000001, CR13 * CS13 )} -> 3337146.1 | DC13: =IF( DB13 = "", DA13, DB13) -> 3337146.1 | DD13: 1.0294842 | DE13: =DC13 * DD13 -> 3435539.2 | DF13: 1.1806333 | DG13: =( DE13 * DF13 ) / 1000000 -> 4.056112 | DH13: 0.0397 | DI13: =( DG13 * DH13 ) / 12 -> 0.013418971 | DK13: =IF(DJ13="",J13,IF(DJ13="AoN5","7TW100021AoN group","")) -> 7SO300561
A14: KSL00449 | F14: WQ | G14: South East | H14: Kent South London and East Sussex | I14: Southern Water Services Ltd | J14: 7SO300562 | K14: SWALECLIFFE WWTW | L14: Swalecliffe Brook | M14: GB107040019630 | N14: River | O14: Oyster Coast Brooks | S14: U_IMP5 | Y14: Continuous Discharge | Z14: 45747 | AA14: Green | AB14: A01102 | AC14: 613500 | AD14: 168150 | CR14: 3.3371461 | CS14: 1 | CT14: 0 | CU14: 0 | CV14: WWN | CW14: £m | CX14: 1 | CY14: SRN | CZ14: 46843 | DA14: {=_xlfn.IFS(CX14 = 1, CR14 * CS14 * 1000000, CX14 = 0.000001, CR14 * CS14 )} -> 3337146.1 | DC14: =IF( DB14 = "", DA14, DB14) -> 3337146.1 | DD14: 1.0294842 | DE14: =DC14 * DD14 -> 3435539.2 | DF14: 1.1806333 | DG14: =( DE14 * DF14 ) / 1000000 -> 4.056112 | DH14: 0.0397 | DI14: =( DG14 * DH14 ) / 12 -> 0.013418971 | DK14: =IF(DJ14="",J14,IF(DJ14="AoN5","7TW100021AoN group","")) -> 7SO300562
A15: KSL00450 | F15: WQ | G15: Thames | H15: Kent South London and East Sussex | I15: Southern Water Services Ltd | J15: 7SO300563 | K15: TUNBRIDGE WELLS SOUTH WWTW | L15: Grom | M15: GB106040018400 | N15: River | O15: Medway Upper | S15: U_IMP5 | Y15: Continuous Discharge | Z15: 45747 | AA15: Green | AB15: A00200 | AC15: 552690 | AD15: 137420 | CR15: 3.3371461 | CS15: 1 | CT15: 0 | CU15: 0 | CV15: WWN | CW15: £m | CX15: 1 | CY15: SRN | CZ15: 46843 | DA15: {=_xlfn.IFS(CX15 = 1, CR15 * CS15 * 1000000, CX15 = 0.000001, CR15 * CS15 )} -> 3337146.1 | DC15: =IF( DB15 = "", DA15, DB15) -> 3337146.1 | DD15: 1.0294842 | DE15: =DC15 * DD15 -> 3435539.2 | DF15: 1.1806333 | DG15: =( DE15 * DF15 ) / 1000000 -> 4.056112 | DH15: 0.0397 | DI15: =( DG15 * DH15 ) / 12 -> 0.013418971 | DK15: =IF(DJ15="",J15,IF(DJ15="AoN5","7TW100021AoN group","")) -> 7SO300563
A16: SSD00948 | F16: WQ | G16: South East | H16: Solent and South Downs | I16: Southern Water Services Ltd | J16: 7SO400120 | K16: BUDDS FARM HAVANT (Havant) | L16: LANGSTONE HARBOUR | M16: GB580705130000 | N16: Transitional | O16: Hampshire East TraC | S16: U_IMP6 | Y16: Continuous Discharge | Z16: 45747 | AA16: Green | AB16: A00751 | AC16: 470540 | AD16: 105100 | CR16: 13.510092 | CS16: 1 | CT16: 0 | CU16: 0 | CV16: WWN | CW16: £m | CX16: 1 | CY16: SRN | CZ16: 45972 | DA16: {=_xlfn.IFS(CX16 = 1, CR16 * CS16 * 1000000, CX16 = 0.000001, CR16 * CS16 )} -> 13510092 | DC16: =IF( DB16 = "", DA16, DB16) -> 13510092 | DD16: 1.0294842 | DE16: =DC16 * DD16 -> 13908427 | DF16: 1.1806333 | DG16: =( DE16 * DF16 ) / 1000000 -> 16.420752 | DH16: 0.0397 | DI16: =( DG16 * DH16 ) / 12 -> 0.05432532 | DK16: =IF(DJ16="",J16,IF(DJ16="AoN5","7TW100021AoN group","")) -> 7SO400120
A17: KSL00721 | F17: WQ | G17: Thames | H17: Kent South London and East Sussex | I17: Southern Water Services Ltd | J17: 7SO400140 | K17: MOTNEY HILL | L17: MEDWAY | M17: GB530604002300 | N17: Transitional | O17: Medway Swale Estuary | S17: U_IMP6 | Y17: Continuous Discharge | Z17: 45747 | AA17: Green | AB17: A00720 | AC17: 583150 | AD17: 169000 | CR17: 13.510092 | CS17: 1 | CT17: 0 | CU17: 0 | CV17: WWN | CW17: £m | CX17: 1 | CY17: SRN | CZ17: 46843 | DA17: {=_xlfn.IFS(CX17 = 1, CR17 * CS17 * 1000000, CX17 = 0.000001, CR17 * CS17 )} -> 13510092 | DC17: =IF( DB17 = "", DA17, DB17) -> 13510092 | DD17: 1.0294842 | DE17: =DC17 * DD17 -> 13908427 | DF17: 1.1806333 | DG17: =( DE17 * DF17 ) / 1000000 -> 16.420752 | DH17: 0.0397 | DI17: =( DG17 * DH17 ) / 12 -> 0.05432532 | DK17: =IF(DJ17="",J17,IF(DJ17="AoN5","7TW100021AoN group","")) -> 7SO400140
A18: SSD00970 | F18: WQ | G18: South East | H18: Solent and South Downs | I18: Southern Water Services Ltd | J18: 7SO400161 | K18: SUMMER LANE PAGHAM | L18: Pagham Rife | M18: GB107041012880 | N18: River | O18: Western Streams | S18: U_IMP6 | Y18: Continuous Discharge | Z18: 45747 | AA18: Green | AB18: A01192 | AC18: 488270 | AD18: 98950 | CR18: 13.510092 | CS18: 1 | CT18: 0 | CU18: 0 | CV18: WWN | CW18: £m | CX18: 1 | CY18: SRN | CZ18: 45443 | DA18: {=_xlfn.IFS(CX18 = 1, CR18 * CS18 * 1000000, CX18 = 0.000001, CR18 * CS18 )} -> 13510092 | DC18: =IF( DB18 = "", DA18, DB18) -> 13510092 | DD18: 1.0294842 | DE18: =DC18 * DD18 -> 13908427 | DF18: 1.1806333 | DG18: =( DE18 * DF18 ) / 1000000 -> 16.420752 | DH18: 0.0397 | DI18: =( DG18 * DH18 ) / 12 -> 0.05432532 | DK18: =IF(DJ18="",J18,IF(DJ18="AoN5","7TW100021AoN group","")) -> 7SO400161

Sheet WINEP_Inputs_TMS
A1: WINEP3 Update March 2019 | H1: National Full data set
AI2: FBG Detail
A3: VERSION 1 | AI3: SSSI/N2K/Ramsar | AN3: Eels | AP3: NERC Driver | AX3: INNS | AZ3: MCZ | BA3: Water Quality Detail | BX3: Water Resource Detail | CH3: Environmental Outcome | CR3: WINEP model inputs
A4: WINEPID | B4: Change Log Winep 2 to 3 | C4: NEW Column. Has an alteration to this measure been made? If Y then please refer to alterations log. | D4: Application in determination by NPS? | E4: Has a permit been issued? | F4: Function | G4: RBD | H4: Area | I4: Water Company | J4: Unique ID * (completed on company collation) | K4: Scheme Name/Name of Investigation/Site Name/Licence name | L4: Name of Waterbody | M4: Waterbody ID | N4: Water Body Type(s) | O4: WFD Operational Catchment | P4: Blank Column | Q4: Blank Column | R4: Blank Column | S4: Driver Code (Primary) | T4: Further Driver Code Information (related to the primary driver if applicable) | U4: Driver Code (Secondary) | V4: Further Driver Code Information (related to the secondary driver if applicable) | W4: Driver Code (Tertiary) | X4: Further Driver Code Information (related to the tertiary driver if applicable) | Y4: Measure Type | Z4: Completion Date (DD/MM/YY) | AA4: Level of Certainty? (P= Purple, R=Red, A=Amber, G=Green | AB4: Abstraction Licence/ Permit, Obstruction ID or No Obstruction ID | AC4: Eastings | AD4: Northings | AE4: Investigation Type | AF4: Investigation Scope | AG4: Implementation Scope | AH4: Groundwater Measures Information | AI4: Name of SSSI (if applicable) | AJ4: Name of N2K/Ramsar site (if applicable) | AK4: SSSI/N2K/Ramsar Unit ID | AL4: SSSI/N2K/Ramsar Area of Unit (Hectares) | AM4: Justification for Action/Investigation | AN4: Eel Priority Status | AO4: Eel Improvement Type | AP4: Primary Type of Priority Habitat Created or Restored/Improved | AQ4: Secondary Type of Priority Habitat Created or Restored/Improved | AR4: Other Priority Habitat Created or Restored/Improved | AS4: Type of Action Taken | AT4: Units Recorded (Hectare or km) | AU4: Number of Hectares or Kms | AV4: Name of Priority Species | AW4: Name of High Risk of Extinction Species | AX4: INNS Control Measure | AY4: INNS Species (if applicable) | AZ4: Name of MCZ | BA4: Name of Bathing Water (where applicable) | BB4: Name of Shellfish Water (where applicable) | BC4: Chemical of Interest (for chemicals measures only) | BD4: Groundwater Chemicals | BE4: Drinking Water Inspectorate - Undertaking or Notice Y/N | BF4: DrWPA Substances at Risk (if applicable) | BG4: Safeguard Zone Name (if applicable) | BH4: Safeguard Zone ID (if applicable) | BI4: Population Equivalent for STWs | BJ4: Current Permit Limit (mg/l) | BK4: Proposed Permit Limit (mg/l) | BL4: Proposed Iron or Aluminium Limits (for Phosphorus measures only) | BM4: Current DWF (m3/d) | BN4: Proposed DWF (m3/d) (if applicable) | BO4: Proposed Permit Limit Other | BP4: Catchment Measure Actions | BQ4: Unsustainable Abstraction System Code | BR4: Linked Groundwater Body Name | BS4: Linked Groundwater Body ID | BT4: Licence Category | BU4: Water Resource Zone (WRZ) | BV4: WR HMWB Flag (X) | BW4: Scheme Relates to Following Missing Mitigation Measures (HMWB only) | BX4: Annual Licence Volume (Ml/a) | BY4: Daily Licence Volume (Ml/d) | BZ4: Aggregate Licence (x) | CA4: Sustainability Change (to Annual Licence Volume) Ml/a | CB4: Sustainability Change (to Daily Licence Volume) Ml/d | CC4: Sustainability Change (to HoF Condition) Ml/d | CD4: *NEW* Water returned to the environment (Reduction in actual abstraction) ML/d | CE4: New Annual Licence Volume (Ml/a) | CF4: New Daily Licence Volume (Ml/d) | CG4: New HoF Condition (Ml/d) | CH4: Quantitative Km River Length Improved or Protected | CI4: Quantitative Area (km2) Improved or Protected | CJ4: Volume (Ml/yr) Drinking Water Protected | CK4: Hectares of Designated Site (HD/RAMSAR/ SSSI) Restored or Improved | CL4: *NEW* INNS ,No Det outcome - Km2 of land with reduced risk of INNS | CM4: Delivers Additional FCERM Benefits (Y/N) | CN4: Delivers on Salmon 5-Point Action Plan | CO4: Additional Comments | CP4: CPS Reference | CQ4: Flow Categorisation 1= PR19 Synergy 2= WFD failure 3= Neither | CR4: Allowed totex unit rate | CS4: Quantity proposed in PR19 FD | CT4: Quantity Delivered | CU4: 1 = In PR19, funded 0 = In PR19, not funded | CV4: Price Control | CW4: Unit | CX4: Unit Conversion to £m | CY4: Company | CZ4: Completion date (EA or Water Company) | DA4: Allowed totex unit rate in 2017/18 prices before adjustment - £ | DB4: Adjustment - £ | DC4: Allowed totex unit rate in 2017/18 prices after adjustment - £ | DD4: PR19 WACC | DE4: Allowed totex unit rate in 2017/18 prices after adjustment & PR19 WACC - £ | DF4: CPIH adjustment (2017/18) | DG4: Allowed totex unit rate in 2022/23 prices after adjustment & PR19 WACC - £m | DH4: PR24 WACC | DI4: Allowed totex unit rate in 2022/23 prices after adjustment - £m per month | DJ4: AoN | DK4: Unique ID after AoN scenario
A5: THM00575 | B5: Changed | F5: WQ | G5: Thames | H5: Thames | I5: Thames Water Utilities Ltd | J5: 7TW200737 | K5: ALTON STW | L5: Caker Stream | M5: GB106039017730 | N5: River | O5: Wey | S5: WFD_IMPm | T5: Phosphorus | Y5: Continuous Discharge | Z5: 45648 | AA5: Amber | AB5: CTCR.1268 | AC5: 472900 | AD5: 139800 | BI5: 19000 | BJ5: 2 | BK5: 0.25 | BL5: IRON: 2.5mg/l 95%ile; 8mg/l (Upper Tier) | BM5: 12915 | CH5: 2.5 | CR5: 147 | CS5: 34800 | CT5: 0 | CU5: 0 | CV5: WWN | CW5: £ per p.e. | CX5: 1e-06 | CY5: TMS | CZ5: 46377 | DA5: {=_xlfn.IFS(CX5 = 1, CR5 * CS5 * 1000000, CX5 = 0.000001, CR5 * CS5 )} -> 5115600 | DB5: 4847385.7 | DC5: =IF( DB5 = "", DA5, DB5) -> 4847385.7 | DD5: 1.0294842 | DE5: =DC5 * DD5 -> 4990307.1 | DF5: 1.1806333 | DG5: =( DE5 * DF5 ) / 1000000 -> 5.8917227 | DH5: 0.0397 | DI5: =( DG5 * DH5 ) / 12 -> 0.019491783 | DK5: =IF(DJ5="",J5,IF(DJ5="AoN5","7TW100021AoN group","")) -> 7TW200737
A6: THM00494 | B6: Changed | F6: WQ | G6: Thames | H6: Thames | I6: Thames Water Utilities Ltd | J6: 7TW200656 | K6: Barford St Michael STW | L6: Swere (Wigginton to Cherwell) | M6: GB106039037220 | N6: River | O6: Cherwell | S6: WFD_IMPg | T6: Phosphorus | Y6: Continuous Discharge | Z6: 45648 | AA6: Amber | AB6: CSSC.1040 | AC6: 444500 | AD6: 232800 | BI6: 860 | BK6: 3 | BL6: IRON:4mg/l (95%ile); 8mg/l (Upper Tier) | BM6: 191 | CH6: 3 | CR6: 1945 | CS6: 800 | CT6: 0 | CU6: 1 | CV6: WWN | CW6: £ per p.e. | CX6: 1e-06 | CY6: TMS | CZ6: 46372 | DA6: {=_xlfn.IFS(CX6 = 1, CR6 * CS6 * 1000000, CX6 = 0.000001, CR6 * CS6 )} -> 1556000 | DB6: 1474417.9 | DC6: =IF( DB6 = "", DA6, DB6) -> 1474417.9 | DD6: 1.0294842 | DE6: =DC6 * DD6 -> 1517889.9 | DF6: 1.1806333 | DG6: =( DE6 * DF6 ) / 1000000 -> 1.7920714 | DH6: 0.0397 | DI6: =( DG6 * DH6 ) / 12 -> 0.0059287696 | DK6: =IF(DJ6="",J6,IF(DJ6="AoN5","7TW100021AoN group","")) -> 7TW200656
A7: HNL00221 | B7: Changed | F7: WQ | G7: Thames | H7: Hertfordshire and North London | I7: Thames Water Utilities Ltd | J7: 7TW200110 | K7: BARKWAY SEWAGE TREATMENT WORKS | L7: Quin | M7: GB106038040120 | N7: River | O7: Lee Upper | S7: WFD_IMPg | T7: Phosphorus | Y7: Continuous Discharge | Z7: 45648 | AA7: Amber | AB7: CATM.3093 | AC7: 538700 | AD7: 234700 | BI7: 756 | BJ7: n/a | BK7: 3.5 mg/l | BL7: 4mg/l as 95%ile and 8 as Upper Teir | BM7: 162 | BN7: N/A | CH7: 8.429 | CM7: No | CO7: KM improved figure is a best guess by measuring distance between discharges on ARCMap. This is what was suggested in the PR19 guidance on Environmental Outcomes. This means that this amount of KM will move from Bad/Poor to good status. Cost Benefit suggests that this is a feasible scheme under the catchment calculations produced by the Environment Agency. | CR7: 1945 | CS7: 900 | CT7: 0 | CU7: 1 | CV7: WWN | CW7: £ per p.e. | CX7: 1e-06 | CY7: TMS | CZ7: 46762 | DA7: {=_xlfn.IFS(CX7 = 1, CR7 * CS7 * 1000000, CX7 = 0.000001, CR7 * CS7 )} -> 1750500 | DB7: 1658720.1 | DC7: =IF( DB7 = "", DA7, DB7) -> 1658720.1 | DD7: 1.0294842 | DE7: =DC7 * DD7 -> 1707626.2 | DF7: 1.1806333 | DG7: =( DE7 * DF7 ) / 1000000 -> 2.0160803 | DH7: 0.0397 | DI7: =( DG7 * DH7 ) / 12 -> 0.0066698658 | DK7: =IF(DJ7="",J7,IF(DJ7="AoN5","7TW100021AoN group","")) -> 7TW200110
A8: THM00581 | B8: Changed | F8: WQ | G8: Thames | H8: Thames | I8: Thames Water Utilities Ltd | J8: 7TW200743 | K8: BENTLEY STW | L8: North Wey (Alton to Tilford) | M8: GB106039017830 | N8: River | O8: Wey | S8: WFD_IMPm | T8: Phosphorus | Y8: Continuous Discharge | Z8: 45648 | AA8: Amber | AB8: CSSC.2455 | AC8: 479300 | AD8: 143500 | BI8: 2560 | BK8: 0.9 | BL8: IRON:4mg/l (95%ile); 8mg/l (Upper Tier) | BM8: 896 | CH8: 2.4 | CR8: 474 | CS8: 4100 | CT8: 0 | CU8: 0 | CV8: WWN | CW8: £ per p.e. | CX8: 1e-06 | CY8: TMS | CZ8: 46479 | DA8: {=_xlfn.IFS(CX8 = 1, CR8 * CS8 * 1000000, CX8 = 0.000001, CR8 * CS8 )} -> 1943400 | DB8: 1841506.3 | DC8: =IF( DB8 = "", DA8, DB8) -> 1841506.3 | DD8: 1.0294842 | DE8: =DC8 * DD8 -> 1895801.6 | DF8: 1.1806333 | DG8: =( DE8 * DF8 ) / 1000000 -> 2.2382465 | DH8: 0.0397 | DI8: =( DG8 * DH8 ) / 12 -> 0.0074048656 | DK8: =IF(DJ8="",J8,IF(DJ8="AoN5","7TW100021AoN group","")) -> 7TW200743
A9: KSL00044 | B9: Changed | F9: WR | G9: Thames | H9: Kent South London and East Sussex | I9: Thames Water Utilities Ltd | J9: 7TW100007 | K9: BEXLEY PUMPING STATION | L9: Upper Cray | M9: GB106040023990 | N9: River | O9: Cray and Shuttle | S9: WFD_IMP_WRFlow | Y9: Sustainability Change | Z9: 45648 | AA9: Amber | AB9: 9/40/01/0130/GR | AC9: 548501 | AD9: 172758 | AG9: Implementation following options appraisal in AMP6 considering Bexley PS and the River Cray. Sustainability Change: remove time-limited variation. The Options Appraisal for implementation in AMP7 (following the current Investigation) will include consideration of a reduction in licensed abstraction and river restoration. | BR9: West Kent Darent and Cray Chalk | BS9: GB40601G501800 | BT9: CAT 2 | BU9: London | BX9: 11600 | BY9: 36 | CA9: 3303 | CB9: 4.2 | CE9: 8297 | CF9: 31.8 | CH9: 2.595 | CR9: 6.2816 | CS9: 1 | CT9: 0 | CU9: 1 | CV9: WR | CW9: £m | CX9: 1 | CY9: TMS | CZ9: 47328 | DA9: {=_xlfn.IFS(CX9 = 1, CR9 * CS9 * 1000000, CX9 = 0.000001, CR9 * CS9 )} -> 6281600 | DC9: =IF( DB9 = "", DA9, DB9) -> 6281600 | DD9: 1.0294842 | DE9: =DC9 * DD9 -> 6466808 | DF9: 1.1806333 | DG9: =( DE9 * DF9 ) / 1000000 -> 7.6349289 | DH9: 0.0397 | DI9: =( DG9 * DH9 ) / 12 -> 0.02525889 | DK9: =IF(DJ9="",J9,IF(DJ9="AoN5","7TW100021AoN group","")) -> 7TW100007
A10: KSL00046 | B10: Changed | F10: WR | G10: Thames | H10: Kent South London and East Sussex | I10: Thames Water Utilities Ltd | J10: 7TW100008 | K10: BEXLEY PUMPING STATION | L10: Lower Cray | M10: GB106040024150 | N10: River | O10: Cray and Shuttle | S10: WFD_IMP_WRFlow | Y10: Sustainability Change | Z10: 45648 | AA10: Amber | AB10: 9/40/01/0130/GR | AC10: 548730 | AD10: 172688 | AG10: Implementation following options appraisal in AMP6 considering Bexley PS and the River Cray. Sustainability Change: remove time-limited variation. The Options Appraisal for implementation in AMP7 (following the current Investigation) will include consideration of a reduction in licensed abstraction and river restoration. | BR10: West Kent Darent and Cray Chalk | BS10: GB40601G501800 | BT10: CAT 2 | BU10: London | BX10: 11600 | BY10: 36 | CA10: 3303 | CB10: 4.2 | CE10: 8297 | CF10: 31.8 | CH10: 2.595 | CR10: 6.2816 | CS10: 1 | CT10: 0 | CU10: 1 | CV10: WR | CW10: £m | CX10: 1 | CY10: TMS | CZ10: 47328 | DA10: {=_xlfn.IFS(CX10 = 1, CR10 * CS10 * 1000000, CX10 = 0.000001, CR10 * CS10 )} -> 6281600 | DC10: =IF( DB10 = "", DA10, DB10) -> 6281600 | DD10: 1.0294842 | DE10: =DC10 * DD10 -> 6466808 | DF10: 1.1806333 | DG10: =( DE10 * DF10 ) / 1000000 -> 7.6349289 | DH10: 0.0397 | DI10: =( DG10 * DH10 ) / 12 -> 0.02525889 | DK10: =IF(DJ10="",J10,IF(DJ10="AoN5","7TW100021AoN group","")) -> 7TW100008
A11: HNL00226 | B11: Changed | F11: WQ | G11: Thames | H11: Hertfordshire and North London | I11: Thames Water Utilities Ltd | J11: 7TW200115 | K11: BISHOPS STORTFORD SEWAGE TREATMENT WORKS | L11: Great Hallingbury Brook | M11: GB106038033330 | N11: River | O11: Lee Upper | S11: WFD_IMPg | T11: Phosphorus | Y11: Continuous Discharge | Z11: 45648 | AA11: Amber | AB11: CNTD.0081 | AC11: 550270 | AD11: 219510 | BI11: 62055 | BJ11: n/a | BK11: 0.25 mg/l | BL11: 4mg/l as 95%ile and 8 as Upper Teir | BM11: 17349 | BN11: N/A | CH11: 2.5 | CM11: No | CO11: KM improved figure is a best guess by measuring distance between discharges on ARCMap. This is what was suggested in the PR19 guidance on Environmental Outcomes. This means that this amount of KM will move from Poor to good status. The improvements in the P levels at this works will help drive the SSSI investigation on the Hunsdon Mead Meadows and allow investigation into what a suitable P target will be for this site. Cost Benefit suggests that this is a feasible scheme under the catchment calculations produced by the Environment Agency. | CR11: 55 | CS11: 92600 | CT11: 0 | CU11: 1 | CV11: WWN | CW11: £ per p.e. | CX11: 1e-06 | CY11: TMS | CZ11: 46471 | DA11: {=_xlfn.IFS(CX11 = 1, CR11 * CS11 * 1000000, CX11 = 0.000001, CR11 * CS11 )} -> 5093000 | DB11: 4825970.7 | DC11: =IF( DB11 = "", DA11, DB11) -> 4825970.7 | DD11: 1.0294842 | DE11: =DC11 * DD11 -> 4968260.6 | DF11: 1.1806333 | DG11: =( DE11 * DF11 ) / 1000000 -> 5.8656939 | DH11: 0.0397 | DI11: =( DG11 * DH11 ) / 12 -> 0.019405671 | DK11: =IF(DJ11="",J11,IF(DJ11="AoN5","7TW100021AoN group","")) -> 7TW200115
A12: HNL00233 | B12: Changed | F12: WQ | G12: Thames | H12: Hertfordshire and North London | I12: Thames Water Utilities Ltd | J12: 7TW200122 | K12: BLACKBIRDS SEWAGE TREATMENT WORKS | L12: Colne (from Confluence with Ver to Gade) | M12: GB106039029840 | N12: River | O12: Colne | S12: WFD_IMPm | T12: Phosphorus | Y12: Continuous Discharge | Z12: 45648 | AA12: Amber | AB12: CNTW.0660 | AC12: 513710 | AD12: 201060 | BI12: 97535 | BJ12: n/a | BK12: 0.25 mg/l | BL12: 4mg/l as 95%ile and 8 as Upper Teir | BM12: 40667 | BN12: N/A | CH12: 14.357 | CM12: No | CO12: KM improved figure is a best guess by measuring distance between discharges on ARCMap. This is what was suggested in the PR19 guidance on Environmental Outcomes. This means that this amount of KM will move from Poor to moderate status. Cost Benefit suggests that this is a feasible scheme under the catchment calculations produced by the Environment Agency. | CR12: 55 | CS12: 91900 | CT12: 0 | CU12: 0 | CV12: WWN | CW12: £ per p.e. | CX12: 1e-06 | CY12: TMS | CZ12: 47360 | DA12: {=_xlfn.IFS(CX12 = 1, CR12 * CS12 * 1000000, CX12 = 0.000001, CR12 * CS12 )} -> 5054500 | DB12: 4789489.2 | DC12: =IF( DB12 = "", DA12, DB12) -> 4789489.2 | DD12: 1.0294842 | DE12: =DC12 * DD12 -> 4930703.6 | DF12: 1.1806333 | DG12: =( DE12 * DF12 ) / 1000000 -> 5.8213528 | DH12: 0.0397 | DI12: =( DG12 * DH12 ) / 12 -> 0.019258976 | DK12: =IF(DJ12="",J12,IF(DJ12="AoN5","7TW100021AoN group","")) -> 7TW200122
A13: THM00585 | B13: Changed | F13: WQ | G13: Thames | H13: Thames | I13: Thames Water Utilities Ltd | J13: 7TW200747 | K13: BLUNSDON STW | L13: Share ditch | M13: GB106039023680 | N13: River | O13: Thames Upper | S13: WFD_IMPm | T13: Phosphorus | Y13: Continuous Discharge | Z13: 45648 | AA13: Amber | AB13: CSSC.2459 | AC13: 415000 | AD13: 191300 | BI13: 1780 | BK13: 0.4 | BL13: IRON:4mg/l (95%ile); 8mg/l (Upper Tier) | BM13: 487 | CH13: 2.5 | CR13: 742 | CS13: 2700 | CT13: 0 | CU13: 1 | CV13: WWN | CW13: £ per p.e. | CX13: 1e-06 | CY13: TMS | CZ13: 46336 | DA13: {=_xlfn.IFS(CX13 = 1, CR13 * CS13 * 1000000, CX13 = 0.000001, CR13 * CS13 )} -> 2003400 | DB13: 1898360.4 | DC13: =IF( DB13 = "", DA13, DB13) -> 1898360.4 | DD13: 1.0294842 | DE13: =DC13 * DD13 -> 1954332.1 | DF13: 1.1806333 | DG13: =( DE13 * DF13 ) / 1000000 -> 2.3073495 | DH13: 0.0397 | DI13: =( DG13 * DH13 ) / 12 -> 0.0076334814 | DK13: =IF(DJ13="",J13,IF(DJ13="AoN5","7TW100021AoN group","")) -> 7TW200747
A14: THM00497 | B14: Changed | F14: WQ | G14: Thames | H14: Thames | I14: Thames Water Utilities Ltd | J14: 7TW200659 | K14: BORDON STW | L14: South Wey (Haslemere to Bordon) | M14: GB106039017700 | N14: River | O14: Wey | S14: WFD_IMPg | T14: Phosphorus | Y14: Continuous Discharge | Z14: 45648 | AA14: Amber | AB14: CTCR.1645 | AC14: 480300 | AD14: 136200 | BI14: 37400 | BJ14: 1 | BK14: 0.25 | BL14: IRON:4mg/l (95%ile); 8mg/l (Upper Tier) | BM14: 8790 | CH14: 2.4 | CR14: 147 | CS14: 49000 | CT14: 0 | CU14: 0 | CV14: WWN | CW14: £ per p.e. | CX14: 1e-06 | CY14: TMS | CZ14: 46168 | DA14: {=_xlfn.IFS(CX14 = 1, CR14 * CS14 * 1000000, CX14 = 0.000001, CR14 * CS14 )} -> 7203000 | DB14: 6825342 | DC14: =IF( DB14 = "", DA14, DB14) -> 6825342 | DD14: 1.0294842 | DE14: =DC14 * DD14 -> 7026581.8 | DF14: 1.1806333 | DG14: =( DE14 * DF14 ) / 1000000 -> 8.2958164 | DH14: 0.0397 | DI14: =( DG14 * DH14 ) / 12 -> 0.027445326 | DK14: =IF(DJ14="",J14,IF(DJ14="AoN5","7TW100021AoN group","")) -> 7TW200659
A15: HNL00220 | B15: Changed | F15: WQ | G15: Thames | H15: Hertfordshire and North London | I15: Thames Water Utilities Ltd | J15: 7TW200109 | K15: BRAUGHING SEWAGE TREATMENT WORKS | L15: Quin | M15: GB106038040120 | N15: River | O15: Lee Upper | S15: WFD_IMPg | T15: Phosphorus | Y15: Continuous Discharge | Z15: 45648 | AA15: Amber | AB15: CSSC.0249 | AC15: 539400 | AD15: 226800 | BI15: 1581 | BJ15: n/a | BK15: 0.4 mg/l | BL15: 4mg/l as 95%ile and 8 as Upper Teir | BM15: 341 | BN15: N/A | CH15: 5.411 | CM15: No | CO15: KM improved figure is a best guess by measuring distance between discharges on ARCMap. This is what was suggested in the PR19 guidance on Environmental Outcomes. This means that this amount of KM will move from Bad/Poor to good status. Cost Benefit suggests that this is a feasible scheme under the catchment calculations produced by the Environment Agency. | CR15: 1370 | CS15: 1800 | CT15: 0 | CU15: 1 | CV15: WWN | CW15: £ per p.e. | CX15: 1e-06 | CY15: TMS | CZ15: 46319 | DA15: {=_xlfn.IFS(CX15 = 1, CR15 * CS15 * 1000000, CX15 = 0.000001, CR15 * CS15 )} -> 2466000 | DB15: 2336706 | DC15: =IF( DB15 = "", DA15, DB15) -> 2336706 | DD15: 1.0294842 | DE15: =DC15 * DD15 -> 2405601.9 | DF15: 1.1806333 | DG15: =( DE15 * DF15 ) / 1000000 -> 2.8401337 | DH15: 0.0397 | DI15: =( DG15 * DH15 ) / 12 -> 0.0093961091 | DK15: =IF(DJ15="",J15,IF(DJ15="AoN5","7TW100021AoN group","")) -> 7TW200109
A16: HNL00207 | B16: Changed | F16: WQ | G16: Thames | H16: Hertfordshire and North London | I16: Thames Water Utilities Ltd | J16: 7TW200096 | K16: BRENTWOOD SEWAGE TREATMENT WORKS | L16: Ingrebourne | M16: GB106037028130 | N16: River | O16: Roding Beam and Ingrebourne | S16: WFD_IMPm | T16: Phosphorus | Y16: Continuous Discharge | Z16: 45648 | AA16: Amber | AB16: CSSC.0328 | AC16: 556000 | AD16: 191490 | BI16: 36773 | BJ16: n/a | BK16: 0.25 mg/l | BL16: 4mg/l as 95%ile and 8 as Upper Teir | BM16: 7000 | BN16: N/A | CH16: 15 | CM16: No | CO16: KM improved figure is a best guess by measuring distance between discharges on ARCMap. This is what was suggested in the PR19 guidance on Environmental Outcomes. This means that this amount of KM will move from Poor to Good status. Cost Benefit suggests that this is a feasible scheme under the catchment calculations produced by the Environment Agency. | CR16: 147 | CS16: 43300 | CT16: 0 | CU16: 0 | CV16: WWN | CW16: £ per p.e. | CX16: 1e-06 | CY16: TMS | CZ16: 46672 | DA16: {=_xlfn.IFS(CX16 = 1, CR16 * CS16 * 1000000, CX16 = 0.000001, CR16 * CS16 )} -> 6365100 | DB16: 6031373.6 | DC16: =IF( DB16 = "", DA16, DB16) -> 6031373.6 | DD16: 1.0294842 | DE16: =DC16 * DD16 -> 6209203.9 | DF16: 1.1806333 | DG16: =( DE16 * DF16 ) / 1000000 -> 7.3307929 | DH16: 0.0397 | DI16: =( DG16 * DH16 ) / 12 -> 0.024252707 | DK16: =IF(DJ16="",J16,IF(DJ16="AoN5","7TW100021AoN group","")) -> 7TW200096
A17: HNL00253 | F17: WQ | G17: Thames | H17: Hertfordshire and North London | I17: Thames Water Utilities Ltd | J17: 7TW200915 | K17: BRENTWOOD SEWAGE TREATMENT WORKS | L17: Ingrebourne | M17: GB106037028130 | N17: River | O17: Roding Beam and Ingrebourne | S17: U_IMP2 | T17: Phosphorus | Y17: Continuous Discharge | Z17: 46154 | AA17: Green | AB17: CSSC.0328 | AC17: 556000 | AD17: 191490 | BI17: 36773 | BK17: 2 | BL17: 2mg/l | BM17: 7000 | CH17: 15 | CR17: 78 | CS17: 43300 | CT17: 0 | CU17: 1 | CV17: WWN | CW17: £ per p.e. | CX17: 1e-06 | CY17: TMS | CZ17: 46154 | DA17: {=_xlfn.IFS(CX17 = 1, CR17 * CS17 * 1000000, CX17 = 0.000001, CR17 * CS17 )} -> 3377400 | DB17: 3200320.7 | DC17: =IF( DB17 = "", DA17, DB17) -> 3200320.7 | DD17: 1.0294842 | DE17: =DC17 * DD17 -> 3294679.6 | DF17: 1.1806333 | DG17: =( DE17 * DF17 ) / 1000000 -> 3.8898085 | DH17: 0.0397 | DI17: =( DG17 * DH17 ) / 12 -> 0.012868783 | DK17: =IF(DJ17="",J17,IF(DJ17="AoN5","7TW100021AoN group","")) -> 7TW200915
A18: THM00587 | B18: Changed | F18: WQ | G18: Thames | H18: Thames | I18: Thames Water Utilities Ltd | J18: 7TW200749 | K18: BURGHFIELD STW | L18: Clayhill Brook | M18: GB106039023120 | N18: River | O18: Kennet | S18: WFD_IMPm | T18: Phosphorus | Y18: Continuous Discharge | Z18: 45648 | AA18: Amber | AB18: CNTD.0004 | AC18: 465910 | AD18: 168570 | BI18: 7240 | BK18: 0.25 | BL18: IRON: 3mg/l (95%ile); 8mg/l (Upper Tier) | BM18: 2200 | CH18: 3.5 | CR18: 754 | CS18: 8100 | CT18: 0 | CU18: 0 | CV18: WWN | CW18: £ per p.e. | CX18: 1e-06 | CY18: TMS | CZ18: 46412 | DA18: {=_xlfn.IFS(CX18 = 1, CR18 * CS18 * 1000000, CX18 = 0.000001, CR18 * CS18 )} -> 6107400 | DB18: 5787185 | DC18: =IF( DB18 = "", DA18, DB18) -> 5787185 | DD18: 1.0294842 | DE18: =DC18 * DD18 -> 5957815.6 | DF18: 1.1806333 | DG18: =( DE18 * DF18 ) / 1000000 -> 7.0339955 | DH18: 0.0397 | DI18: =( DG18 * DH18 ) / 12 -> 0.023270802 | DK18: =IF(DJ18="",J18,IF(DJ18="AoN5","7TW100021AoN group","")) -> 7TW200749
A19: HNL00087 | B19: Changed | F19: WR | G19: Thames | H19: Hertfordshire and North London | I19: Thames Water Utilities Ltd | J19: 7TW100021 | K19: CHINGFORD SOUTH - RIVER LEE DIVERSION | L19: Lea Navigation Enfield Lock to Tottenham Locks | M19: GB106038027950 | N19: River | O19: Lee Lower Rivers and Lakes | S19: WFD_ND_WRFlow | Y19: Sustainability Change | Z19: 45648 | AA19: Amber | AB19: 29/38/08/0194 | AC19: 537400 | AD19: 194900 | AG19: Additional water bodies: Lea Navigation (Fieldes Weir to Enfield Lock) & Lee (Tottenham Locks to Bow Locks/Three Mills Locks), Licence rates in WR Details columns are aggregated per whole licence 29/38/08/0194. This investigation is still ongoing hence solution is yet to be determined. The proposed licence change is based on the worst case scenario. Atkins (2012) reviewed flows required in Lower River Lee to support good ecological potential. Based on their work the minimum flows at Hackney Marsh area should be around 284Ml/d (Closest gauging station - Lea Bridge). In order to protect this flows an estimate of approx. 125 Ml/d through HOF condition. Similar flow increase has been considered in Ricardo (March 2017) briefing note listing various options to mitigate abstraction impacts in Lower Lee. Hence the overall reduction of 125Ml/d is considered for WINEP1. The final option however will be determined by the investigation and option appraisal process and it may be that no sustainability change will be applied but other option to improve the water body will be considered more appropriate. | BT19: CAT 1 | BU19: London | BX19: 200937 | BY19: 2636 | BZ19: x | CH19: 10 | CO19: Additional water bodies: Lea Navigation (Fieldes Weir to Enfield Lock) & Lee (Tottenham Locks to Bow Locks/Three Mills Locks), The overall reduction of 125Ml/d (reduction when HOF at Q70 (recent actual scenario) is reached) is considered for WINEP (see col.AC for more details). The final option however will be determined by the investigation and option appraisal process and it may be that no sustainability change will be applied but other option to improve the water body will be considered more appropriate. Please note rates provided per whole licence rather than a point. Environmental outcomes have been estimated. | CR19: 0 | CS19: 0 | CT19: 0 | CU19: 1 | CV19: WR | CW19: £m | CX19: 1 | CY19: TMS | CZ19: 46479 | DA19: {=_xlfn.IFS(CX19 = 1, CR19 * CS19 * 1000000, CX19 = 0.000001, CR19 * CS19 )} -> 0 | DC19: =IF( DB19 = "", DA19, DB19) -> 0 | DD19: 1.0294842 | DE19: =DC19 * DD19 -> 0 | DF19: 1.1806333 | DG19: =( DE19 * DF19 ) / 1000000 -> 0 | DH19: 0.0397 | DI19: =( DG19 * DH19 ) / 12 -> 0 | DJ19: AoN1 | DK19: =IF(DJ19="",J19,IF(DJ19="AoN5","7TW100021AoN group",""))
A20: HNL00088 | B20: Changed | F20: WR | G20: Thames | H20: Hertfordshire and North London | I20: Thames Water Utilities Ltd | J20: 7TW100021 | K20: CHINGFORD SUPPLY CHANNEL - RIVER LEE DIVERSION | L20: Lea Navigation Enfield Lock to Tottenham Locks | M20: GB106038027950 | N20: River | O20: Lee Lower Rivers and Lakes | S20: WFD_ND_WRFlow | Y20: Sustainability Change | Z20: 45648 | AA20: Amber | AB20: 29/38/08/0194 | AC20: 536700 | AD20: 193200 | AG20: Additional water bodies: Lea Navigation (Fieldes Weir to Enfield Lock) & Lee (Tottenham Locks to Bow Locks/Three Mills Locks), Licence rates in WR Details columns are aggregated per whole licence 29/38/08/0194. This investigation is still ongoing hence solution is yet to be determined. The proposed licence change is based on the worst case scenario. Atkins (2012) reviewed flows required in Lower River Lee to support good ecological potential. Based on their work the minimum flows at Hackney Marsh area should be around 284Ml/d (Closest gauging station - Lea Bridge). In order to protect this flows an estimate of approx. 125 Ml/d through HOF condition. Similar flow increase has been considered in Ricardo (March 2017) briefing note listing various options to mitigate abstraction impacts in Lower Lee. Hence the overall reduction of 125Ml/d is considered for WINEP1. The final option however will be determined by the investigation and option appraisal process and it may be that no sustainability change will be applied but other option to improve the water body will be considered more appropriate. | BT20: CAT 1 | BU20: London | BX20: 200937 | BY20: 2636 | BZ20: x | CH20: 10 | CO20: Additional water bodies: Lea Navigation (Fieldes Weir to Enfield Lock) & Lee (Tottenham Locks to Bow Locks/Three Mills Locks); The overall reduction of 125Ml/d (reduction when HOF at Q70 (recent actual scenario) is reached) is considered for WINEP (see col.AC for more details). The final option however will be determined by the investigation and option appraisal process and it may be that no sustainability change will be applied but other option to improve the water body will be considered more appropriate. Please note rates provided per whole licence rather than a point. Environmental outcomes have been estimated. | CR20: 0 | CS20: 0 | CT20: 0 | CU20: 1 | CV20: WR | CW20: £m | CX20: 1 | CY20: TMS | CZ20: 46479 | DA20: {=_xlfn.IFS(CX20 = 1, CR20 * CS20 * 1000000, CX20 = 0.000001, CR20 * CS20 )} -> 0 | DC20: =IF( DB20 = "", DA20, DB20) -> 0 | DD20: 1.0294842 | DE20: =DC20 * DD20 -> 0 | DF20: 1.1806333 | DG20: =( DE20 * DF20 ) / 1000000 -> 0 | DH20: 0.0397 | DI20: =( DG20 * DH20 ) / 12 -> 0 | DJ20: AoN2 | DK20: =IF(DJ20="",J20,IF(DJ20="AoN5","7TW100021AoN group",""))
A21: THM00514 | B21: Changed | F21: WQ | G21: Thames | H21: Thames | I21: Thames Water Utilities Ltd | J21: 7TW200676 | K21: CRANLEIGH STW | L21: Cranleigh Waters | M21: GB106039017810 | N21: River | O21: Wey | S21: WFD_IMPg | T21: Phosphorus | Y21: Continuous Discharge | Z21: 45648 | AA21: Amber | AB21: CNTD.0042 | AC21: 504000 | AD21: 139400 | BI21: 13900 | BJ21: 2 | BK21: 0.4 | BL21: IRON:4mg/l (95%ile); 8mg/l (Upper Tier) | BM21: 4540 | CH21: 2.4 | CR21: 193 | CS21: 24800 | CT21: 0 | CU21: 0 | CV21: WWN | CW21: £ per p.e. | CX21: 1e-06 | CY21: TMS | CZ21: 46749 | DA21: {=_xlfn.IFS(CX21 = 1, CR21 * CS21 * 1000000, CX21 = 0.000001, CR21 * CS21 )} -> 4786400 | DB21: 4535445.9 | DC21: =IF( DB21 = "", DA21, DB21) -> 4535445.9 | DD21: 1.0294842 | DE21: =DC21 * DD21 -> 4669170 | DF21: 1.1806333 | DG21: =( DE21 * DF21 ) / 1000000 -> 5.5125775 | DH21: 0.0397 | DI21: =( DG21 * DH21 ) / 12 -> 0.018237444 | DK21: =IF(DJ21="",J21,IF(DJ21="AoN5","7TW100021AoN group","")) -> 7TW200676
A22: THM00520 | B22: Changed | F22: WQ | G22: Thames | H22: Thames | I22: Thames Water Utilities Ltd | J22: 7TW200682 | K22: DORTON STW | L22: Dorton, Chearsley and Waddesdon Brooks | M22: GB106039030400 | N22: River | O22: Thame | S22: WFD_IMPg | T22: Phosphorus | Y22: Continuous Discharge | Z22: 45648 | AA22: Amber | AB22: CSSC.0465 | AC22: 468400 | AD22: 214200 | BI22: 130 | BK22: 0.5 | BL22: IRON:4mg/l (95%ile); 8mg/l (Upper Tier) | BM22: 50 | CH22: 7.5 | CR22: 3286 | CS22: 200 | CT22: 0 | CU22: 0 | CV22: WWN | CW22: £ per p.e. | CX22: 1e-06 | CY22: TMS | CZ22: 46295 | DA22: {=_xlfn.IFS(CX22 = 1, CR22 * CS22 * 1000000, CX22 = 0.000001, CR22 * CS22 )} -> 657200 | DB22: 622742.57 | DC22: =IF( DB22 = "", DA22, DB22) -> 622742.57 | DD22: 1.0294842 | DE22: =DC22 * DD22 -> 641103.65 | DF22: 1.1806333 | DG22: =( DE22 * DF22 ) / 1000000 -> 0.75690831 | DH22: 0.0397 | DI22: =( DG22 * DH22 ) / 12 -> 0.002504105 | DK22: =IF(DJ22="",J22,IF(DJ22="AoN5","7TW100021AoN group","")) -> 7TW200682
A23: THM00521 | B23: Changed | F23: WQ | G23: Thames | H23: Thames | I23: Thames Water Utilities Ltd | J23: 7TW200683 | K23: ELSTEAD STW | L23: Wey (Tilford to Shalford) | M23: GB106039017820 | N23: River | O23: Wey | S23: WFD_IMPg | T23: Phosphorus | Y23: Continuous Discharge | Z23: 45648 | AA23: Amber | AB23: CSSC.5784 | AC23: 491200 | AD23: 144300 | BI23: 5570 | BK23: 1 | BL23: IRON:4mg/l (95%ile); 8mg/l (Upper Tier) | BM23: 1591 | CH23: 2.4 | CR23: 226 | CS23: 5800 | CT23: 0 | CU23: 1 | CV23: WWN | CW23: £ per p.e. | CX23: 1e-06 | CY23: TMS | CZ23: 46153 | DA23: {=_xlfn.IFS(CX23 = 1, CR23 * CS23 * 1000000, CX23 = 0.000001, CR23 * CS23 )} -> 1310800 | DB23: 1242073.9 | DC23: =IF( DB23 = "", DA23, DB23) -> 1242073.9 | DD23: 1.0294842 | DE23: =DC23 * DD23 -> 1278695.5 | DF23: 1.1806333 | DG23: =( DE23 * DF23 ) / 1000000 -> 1.5096704 | DH23: 0.0397 | DI23: =( DG23 * DH23 ) / 12 -> 0.004994493 | DK23: =IF(DJ23="",J23,IF(DJ23="AoN5","7TW100021AoN group","")) -> 7TW200683
A24: HNL00089 | B24: Changed | F24: WR | G24: Thames | H24: Hertfordshire and North London | I24: Thames Water Utilities Ltd | J24: 7TW100021 | K24: ENFIELD LOCK - LEA NAVIGATION | L24: Lea Navigation Enfield Lock to Tottenham Locks | M24: GB106038027950 | N24: River | O24: Lee Lower Rivers and Lakes | S24: WFD_ND_WRFlow | Y24: Sustainability Change | Z24: 45648 | AA24: Amber | AB24: 29/38/08/0194 | AC24: 537000 | AD24: 197900 | AG24: Additional water bodies: Lea Navigation (Fieldes Weir to Enfield Lock) & Lee (Tottenham Locks to Bow Locks/Three Mills Locks), Licence rates in WR Details columns are aggregated per whole licence 29/38/08/0194. This investigation is still ongoing hence solution is yet to be determined. The proposed licence change is based on the worst case scenario. Atkins (2012) reviewed flows required in Lower River Lee to support good ecological potential. Based on their work the minimum flows at Hackney Marsh area should be around 284Ml/d (Closest gauging station - Lea Bridge). In order to protect this flows an estimate of approx. 125 Ml/d through HOF condition. Similar flow increase has been considered in Ricardo (March 2017) briefing note listing various options to mitigate abstraction impacts in Lower Lee. Hence the overall reduction of 125Ml/d is considered for WINEP1. The final option however will be determined by the investigation and option appraisal process and it may be that no sustainability change will be applied but other option to improve the water body will be considered more appropriate. | BT24: CAT 1 | BU24: London | BX24: 200937 | BY24: 2636 | BZ24: x | CH24: 10 | CO24: Additional water bodies: Lea Navigation (Fieldes Weir to Enfield Lock) & Lee (Tottenham Locks to Bow Locks/Three Mills Locks); The overall reduction of 125Ml/d (reduction when HOF at Q70 (recent actual scenario) is reached) is considered for WINEP (see col.AC for more details). The final option however will be determined by the investigation and option appraisal process and it may be that no sustainability change will be applied but other option to improve the water body will be considered more appropriate. Please note rates provided per whole licence rather than a point. Environmental outcomes have been estimated. | CR24: 0 | CS24: 0 | CT24: 0 | CU24: 1 | CV24: WR | CW24: £m | CX24: 1 | CY24: TMS | CZ24: 46479 | DA24: {=_xlfn.IFS(CX24 = 1, CR24 * CS24 * 1000000, CX24 = 0.000001, CR24 * CS24 )} -> 0 | DC24: =IF( DB24 = "", DA24, DB24) -> 0 | DD24: 1.0294842 | DE24: =DC24 * DD24 -> 0 | DF24: 1.1806333 | DG24: =( DE24 * DF24 ) / 1000000 -> 0 | DH24: 0.0397 | DI24: =( DG24 * DH24 ) / 12 -> 0 | DJ24: AoN3 | DK24: =IF(DJ24="",J24,IF(DJ24="AoN5","7TW100021AoN group",""))
A25: HNL00090 | B25: Changed | F25: WR | G25: Thames | H25: Hertfordshire and North London | I25: Thames Water Utilities Ltd | J25: 7TW100021 | K25: ENFIELD LOCK - RIVER LEE | L25: Lea Navigation Enfield Lock to Tottenham Locks | M25: GB106038027950 | N25: River | O25: Lee Lower Rivers and Lakes | S25: WFD_ND_WRFlow | Y25: Sustainability Change | Z25: 45648 | AA25: Amber | AB25: 29/38/08/0194 | AC25: 537300 | AD25: 198000 | AG25: Additional water bodies: Lea Navigation (Fieldes Weir to Enfield Lock) & Lee (Tottenham Locks to Bow Locks/Three Mills Locks), Licence rates in WR Details columns are aggregated per whole licence 29/38/08/0194. This investigation is still ongoing hence solution is yet to be determined. The proposed licence change is based on the worst case scenario. Atkins (2012) reviewed flows required in Lower River Lee to support good ecological potential. Based on their work the minimum flows at Hackney Marsh area should be around 284Ml/d (Closest gauging station - Lea Bridge). In order to protect this flows an estimate of approx. 125 Ml/d through HOF condition. Similar flow increase has been considered in Ricardo (March 2017) briefing note listing various options to mitigate abstraction impacts in Lower Lee. Hence the overall reduction of 125Ml/d is considered for WINEP1. The final option however will be determined by the investigation and option appraisal process and it may be that no sustainability change will be applied but other option to improve the water body will be considered more appropriate. | BT25: CAT 1 | BU25: London | BX25: 200937 | BY25: 2636 | BZ25: x | CH25: 10 | CO25: Additional water bodies: Lea Navigation (Fieldes Weir to Enfield Lock) & Lee (Tottenham Locks to Bow Locks/Three Mills Locks); The overall reduction of 125Ml/d (reduction when HOF at Q70 (recent actual scenario) is reached) is considered for WINEP (see col.AC for more details). The final option however will be determined by the investigation and option appraisal process and it may be that no sustainability change will be applied but other option to improve the water body will be considered more appropriate. Please note rates provided per whole licence rather than a point. Environmental outcomes have been estimated. | CR25: 0 | CS25: 0 | CT25: 0 | CU25: 1 | CV25: WR | CW25: £m | CX25: 1 | CY25: TMS | CZ25: 46479 | DA25: {=_xlfn.IFS(CX25 = 1, CR25 * CS25 * 1000000, CX25 = 0.000001, CR25 * CS25 )} -> 0 | DC25: =IF( DB25 = "", DA25, DB25) -> 0 | DD25: 1.0294842 | DE25: =DC25 * DD25 -> 0 | DF25: 1.1806333 | DG25: =( DE25 * DF25 ) / 1000000 -> 0 | DH25: 0.0397 | DI25: =( DG25 * DH25 ) / 12 -> 0 | DJ25: AoN4 | DK25: =IF(DJ25="",J25,IF(DJ25="AoN5","7TW100021AoN group",""))
A26: HNL00211 | B26: Changed | F26: WQ | G26: Thames | H26: Hertfordshire and North London | I26: Thames Water Utilities Ltd | J26: 7TW200100 | K26: EPPING (FIDDLERS HAMLET) SEWAGE TREATMENT WORKS | L26: Cripsey Brook | M26: GB106037033500 | N26: River | O26: Roding Beam and Ingrebourne | S26: WFD_IMPg | T26: Phosphorus | Y26: Continuous Discharge | Z26: 45648 | AA26: Amber | AB26: CSSC.0295 | AC26: 547820 | AD26: 200370 | BI26: 13002 | BJ26: n/a | BK26: 0.25 mg/l | BL26: 4mg/l as 95%ile and 8 as Upper Teir | BM26: 3210 | BN26: N/A | CH26: 2.5 | CM26: No | CO26: KM improved figure is a best guess by measuring distance between discharges on ARCMap. This is what was suggested in the PR19 guidance on Environmental Outcomes. This means that this amount of KM will move from Poor to Good status. Cost Benefit suggests that this is a feasible scheme under the catchment calculations produced by the Environment Agency. | CR26: 438 | CS26: 17800 | CT26: 0 | CU26: 1 | CV26: WWN | CW26: £ per p.e. | CX26: 1e-06 | CY26: TMS | CZ26: 46550 | DA26: {=_xlfn.IFS(CX26 = 1, CR26 * CS26 * 1000000, CX26 = 0.000001, CR26 * CS26 )} -> 7796400 | DB26: 7387629.6 | DC26: =IF( DB26 = "", DA26, DB26) -> 7387629.6 | DD26: 1.0294842 | DE26: =DC26 * DD26 -> 7605448.1 | DF26: 1.1806333 | DG26: =( DE26 * DF26 ) / 1000000 -> 8.9792452 | DH26: 0.0397 | DI26: =( DG26 * DH26 ) / 12 -> 0.029706336 | DK26: =IF(DJ26="",J26,IF(DJ26="AoN5","7TW100021AoN group","")) -> 7TW200100
A27: HNL00252 | F27: WQ | G27: Thames | H27: Hertfordshire and North London | I27: Thames Water Utilities Ltd | J27: 7TW200914 | K27: EPPING (FIDDLERS HAMLET) SEWAGE TREATMENT WORKS | L27: Brookhouse Brook | M27: GB106037028150 | N27: River | O27: Roding Beam and Ingrebourne | S27: U_IMP2 | T27: Phosphorus | Y27: Continuous Discharge | Z27: 46154 | AA27: Green | AB27: CSSC.0295 | AC27: 547820 | AD27: 200370 | BI27: 13002 | BK27: 2 | BL27: 2mg/l | BM27: 3210 | CH27: 24.5 | CR27: 167 | CS27: 17800 | CT27: 0 | CU27: 1 | CV27: WWN | CW27: £ per p.e. | CX27: 1e-06 | CY27: TMS | CZ27: 46154 | DA27: {=_xlfn.IFS(CX27 = 1, CR27 * CS27 * 1000000, CX27 = 0.000001, CR27 * CS27 )} -> 2972600 | DB27: 2816744.6 | DC27: =IF( DB27 = "", DA27, DB27) -> 2816744.6 | DD27: 1.0294842 | DE27: =DC27 * DD27 -> 2899794.1 | DF27: 1.1806333 | DG27: =( DE27 * DF27 ) / 1000000 -> 3.4235935 | DH27: 0.0397 | DI27: =( DG27 * DH27 ) / 12 -> 0.011326388 | DK27: =IF(DJ27="",J27,IF(DJ27="AoN5","7TW100021AoN group","")) -> 7TW200914
A28: THM00598 | B28: Changed | F28: WQ | G28: Thames | H28: Thames | I28: Thames Water Utilities Ltd | J28: 7TW200760 | K28: FARNHAM STW | L28: North Wey (Alton to Tilford) | M28: GB106039017830 | N28: River | O28: Wey | S28: WFD_IMPm | T28: Phosphorus | Y28: Continuous Discharge | Z28: 45648 | AA28: Amber | AB28: CNTD.0069 | AC28: 485500 | AD28: 148070 | BI28: 44600 | BJ28: 2 | BK28: 0.3 | BL28: IRON: 2.5mg/l 95%ile; 8mg/l (Upper Tier) | BM28: 13300 | CH28: 2.4 | CR28: 147 | CS28: 50400 | CT28: 0 | CU28: 0 | CV28: WWN | CW28: £ per p.e. | CX28: 1e-06 | CY28: TMS | CZ28: 46354 | DA28: {=_xlfn.IFS(CX28 = 1, CR28 * CS28 * 1000000, CX28 = 0.000001, CR28 * CS28 )} -> 7408800 | DB28: 7020351.7 | DC28: =IF( DB28 = "", DA28, DB28) -> 7020351.7 | DD28: 1.0294842 | DE28: =DC28 * DD28 -> 7227341.3 | DF28: 1.1806333 | DG28: =( DE28 * DF28 ) / 1000000 -> 8.5328398 | DH28: 0.0397 | DI28: =( DG28 * DH28 ) / 12 -> 0.028229478 | DK28: =IF(DJ28="",J28,IF(DJ28="AoN5","7TW100021AoN group","")) -> 7TW200760
A29: THM00599 | B29: Changed | F29: WQ | G29: Thames | H29: Thames | I29: Thames Water Utilities Ltd | J29: 7TW200761 | K29: FLEET STW | L29: Fleet Brook | M29: GB106039017120 | N29: River | O29: Loddon | S29: WFD_IMPm | T29: Phosphorus | Y29: Continuous Discharge | Z29: 45648 | AA29: Amber | AB29: CTCR.1835 | AC29: 480400 | AD29: 156400 | BI29: 45200 | BJ29: 2 | BK29: 0.3 | BL29: IRON: 3mg/l (95%ile); 8mg/l (Upper Tier) | BM29: 12917 | CH29: 7 | CR29: 147 | CS29: 66400 | CT29: 0 | CU29: 0 | CV29: WWN | CW29: £ per p.e. | CX29: 1e-06 | CY29: TMS | CZ29: 46721 | DA29: {=_xlfn.IFS(CX29 = 1, CR29 * CS29 * 1000000, CX29 = 0.000001, CR29 * CS29 )} -> 9760800 | DB29: 9249034.8 | DC29: =IF( DB29 = "", DA29, DB29) -> 9249034.8 | DD29: 1.0294842 | DE29: =DC29 * DD29 -> 9521735.4 | DF29: 1.1806333 | DG29: =( DE29 * DF29 ) / 1000000 -> 11.241678 | DH29: 0.0397 | DI29: =( DG29 * DH29 ) / 12 -> 0.037191217 | DK29: =IF(DJ29="",J29,IF(DJ29="AoN5","7TW100021AoN group","")) -> 7TW200761
A30: THM00525 | B30: Changed | F30: WQ | G30: Thames | H30: Thames | I30: Thames Water Utilities Ltd | J30: 7TW200687 | K30: GODALMING STW | L30: Wey (Tilford to Shalford) | M30: GB106039017820 | N30: River | O30: Wey | S30: WFD_IMPg | T30: Phosphorus | Y30: Continuous Discharge | Z30: 45648 | AA30: Amber | AB30: CNTW.0659 | AC30: 499400 | AD30: 145700 | BI30: 34000 | BJ30: 2 | BK30: 0.3 | BL30: IRON:4mg/l (95%ile); 8mg/l (Upper Tier) | BM30: 8749 | CH30: 2.4 | CR30: 147 | CS30: 37600 | CT30: 0 | CU30: 0 | CV30: WWN | CW30: £ per p.e. | CX30: 1e-06 | CY30: TMS | CZ30: 46762 | DA30: {=_xlfn.IFS(CX30 = 1, CR30 * CS30 * 1000000, CX30 = 0.000001, CR30 * CS30 )} -> 5527200 | DB30: 5237405.3 | DC30: =IF( DB30 = "", DA30, DB30) -> 5237405.3 | DD30: 1.0294842 | DE30: =DC30 * DD30 -> 5391826 | DF30: 1.1806333 | DG30: =( DE30 * DF30 ) / 1000000 -> 6.3657694 | DH30: 0.0397 | DI30: =( DG30 * DH30 ) / 12 -> 0.021060087 | DK30: =IF(DJ30="",J30,IF(DJ30="AoN5","7TW100021AoN group","")) -> 7TW200687
A31: THM00529 | B31: Changed | F31: WQ | G31: Thames | H31: Thames | I31: Thames Water Utilities Ltd | J31: 7TW200691 | K31: GUILDFORD STW | L31: Wey (Shalford to River Thames confluence at Weybridge) | M31: GB106039017630 | N31: River | O31: Wey | S31: WFD_IMPg | T31: Phosphorus | Y31: Continuous Discharge | Z31: 46112 | AA31: Amber | AB31: CTCR.1084 | AC31: 500300 | AD31: 151600 | BI31: 95900 | BJ31: 2 | BK31: 0.25 | BL31: IRON:4mg/l (95%ile); 8mg/l (Upper Tier) | BM31: 26254 | CH31: 2.4 | CR31: 55 | CS31: 120500 | CT31: 0 | CU31: 0 | CV31: WWN | CW31: £ per p.e. | CX31: 1e-06 | CY31: TMS | CZ31: 46387 | DA31: {=_xlfn.IFS(CX31 = 1, CR31 * CS31 * 1000000, CX31 = 0.000001, CR31 * CS31 )} -> 6627500 | DB31: 6280015.8 | DC31: =IF( DB31 = "", DA31, DB31) -> 6280015.8 | DD31: 1.0294842 | DE31: =DC31 * DD31 -> 6465177.1 | DF31: 1.1806333 | DG31: =( DE31 * DF31 ) / 1000000 -> 7.6330034 | DH31: 0.0397 | DI31: =( DG31 * DH31 ) / 12 -> 0.02525252 | DK31: =IF(DJ31="",J31,IF(DJ31="AoN5","7TW100021AoN group","")) -> 7TW200691
A32: HNL00215 | B32: Changed | F32: WQ | G32: Thames | H32: Hertfordshire and North London | I32: Thames Water Utilities Ltd | J32: 7TW200104 | K32: HARPENDEN SEWAGE TREATMENT WORKS | L32: Lee (from Luton Hoo Lakes to Hertford) | M32: GB106038033392 | N32: River | O32: Lee Upper | S32: WFD_IMPm | T32: Phosphorus | Y32: Continuous Discharge | Z32: 45648 | AA32: Amber | AB32: CLCP.0131 | AC32: 515100 | AD32: 214710 | BI32: 38400 | BJ32: n/a | BK32: 0.3 mg/l | BL32: 4mg/l as 95%ile and 8 as Upper Teir | BM32: 8043 | BN32: N/A | CH32: 10.9 | CM32: No | CO32: KM improved figure is a best guess by measuring distance between discharges on ARCMap. This is what was suggested in the PR19 guidance on Environmental Outcomes. This means that this amount of KM will move from Poor to Moderate status. Cost Benefit suggests that this is a feasible scheme under the catchment calculations produced by the Environment Agency. | CR32: 147 | CS32: 40100 | CT32: 0 | CU32: 0 | CV32: WWN | CW32: £ per p.e. | CX32: 1e-06 | CY32: TMS | CZ32: 46812 | DA32: {=_xlfn.IFS(CX32 = 1, CR32 * CS32 * 1000000, CX32 = 0.000001, CR32 * CS32 )} -> 5894700 | DB32: 5585637 | DC32: =IF( DB32 = "", DA32, DB32) -> 5585637 | DD32: 1.0294842 | DE32: =DC32 * DD32 -> 5750325.1 | DF32: 1.1806333 | DG32: =( DE32 * DF32 ) / 1000000 -> 6.7890253 | DH32: 0.0397 | DI32: =( DG32 * DH32 ) / 12 -> 0.022460359 | DK32: =IF(DJ32="",J32,IF(DJ32="AoN5","7TW100021AoN group","")) -> 7TW200104
A33: THM00602 | B33: Changed | F33: WQ | G33: Thames | H33: Thames | I33: Thames Water Utilities Ltd | J33: 7TW200764 | K33: HARTLEY WINTNEY STW | L33: Hart (Elvetham to Hartley Wintney) | M33: GB106039017170 | N33: River | O33: Loddon | S33: WFD_IMPm | T33: Phosphorus | Y33: Continuous Discharge | Z33: 45648 | AA33: Amber | AB33: CNTD.0047 | AC33: 476600 | AD33: 158000 | BI33: 21400 | BJ33: 1 | BK33: 0.25 | BL33: IRON:4mg/l (95%ile); 8mg/l (Upper Tier) | BM33: 6833 | CH33: 2.7 | CR33: 438 | CS33: 27900 | CT33: 0 | CU33: 0 | CV33: WWN | CW33: £ per p.e. | CX33: 1e-06 | CY33: TMS | CZ33: 46313 | DA33: {=_xlfn.IFS(CX33 = 1, CR33 * CS33 * 1000000, CX33 = 0.000001, CR33 * CS33 )} -> 12220200 | DB33: 11579487 | DC33: =IF( DB33 = "", DA33, DB33) -> 11579487 | DD33: 1.0294842 | DE33: =DC33 * DD33 -> 11920899 | DF33: 1.1806333 | DG33: =( DE33 * DF33 ) / 1000000 -> 14.07421 | DH33: 0.0397 | DI33: =( DG33 * DH33 ) / 12 -> 0.046562179 | DK33: =IF(DJ33="",J33,IF(DJ33="AoN5","7TW100021AoN group","")) -> 7TW200764
A34: THM00531 | B34: Changed | F34: WQ | G34: Thames | H34: Thames | I34: Thames Water Utilities Ltd | J34: 7TW200693 | K34: Haslemere STW | L34: South Wey (Haslemere to Bordon) | M34: GB106039017700 | N34: River | O34: Wey | S34: WFD_IMPg | T34: Phosphorus | Y34: Continuous Discharge | Z34: 45648 | AA34: Amber | AB34: CTCR.1203 | AC34: 487900 | AD34: 132500 | BI34: 15500 | BJ34: 2 | BK34: 0.25 | BL34: IRON:4mg/l (95%ile); 8mg/l (Upper Tier) | BM34: 4296 | CH34: 2.4 | CR34: 438 | CS34: 17600 | CT34: 0 | CU34: 0 | CV34: WWN | CW34: £ per p.e. | CX34: 1e-06 | CY34: TMS | CZ34: 46417 | DA34: {=_xlfn.IFS(CX34 = 1, CR34 * CS34 * 1000000, CX34 = 0.000001, CR34 * CS34 )} -> 7708800 | DB34: 7304622.5 | DC34: =IF( DB34 = "", DA34, DB34) -> 7304622.5 | DD34: 1.0294842 | DE34: =DC34 * DD34 -> 7519993.6 | DF34: 1.1806333 | DG34: =( DE34 * DF34 ) / 1000000 -> 8.8783548 | DH34: 0.0397 | DI34: =( DG34 * DH34 ) / 12 -> 0.029372557 | DK34: =IF(DJ34="",J34,IF(DJ34="AoN5","7TW100021AoN group","")) -> 7TW200693
A35: HNL00216 | B35: Changed | F35: WQ | G35: Thames | H35: Hertfordshire and North London | I35: Thames Water Utilities Ltd | J35: 7TW200105 | K35: HATFIELD (MILL GREEN) SEWAGE TREATMENT WORKS | L35: Lee (from Luton Hoo Lakes to Hertford) | M35: GB106038033392 | N35: River | O35: Lee Upper | S35: WFD_IMPm | T35: Phosphorus | Y35: Continuous Discharge | Z35: 45648 | AA35: Amber | AB35: CLCR.0087 | AC35: 523600 | AD35: 209700 | BI35: 22505 | BJ35: n/a | BK35: 1 mg/l | BL35: 4mg/l as 95%ile and 8 as Upper Teir | BM35: 4694 | BN35: N/A | CH35: 3.1 | CM35: No | CO35: KM improved figure is a best guess by measuring distance between discharges on ARCMap. This is what was suggested in the PR19 guidance on Environmental Outcomes. This means that this amount of KM will move from Poor to Moderate status. Cost Benefit suggests that this is a feasible scheme under the catchment calculations produced by the Environment Agency. | CR35: 78 | CS35: 31800 | CT35: 0 | CU35: 0 | CV35: WWN | CW35: £ per p.e. | CX35: 1e-06 | CY35: TMS | CZ35: 46196 | DA35: {=_xlfn.IFS(CX35 = 1, CR35 * CS35 * 1000000, CX35 = 0.000001, CR35 * CS35 )} -> 2480400 | DB35: 2350351 | DC35: =IF( DB35 = "", DA35, DB35) -> 2350351 | DD35: 1.0294842 | DE35: =DC35 * DD35 -> 2419649.2 | DF35: 1.1806333 | DG35: =( DE35 * DF35 ) / 1000000 -> 2.8567185 | DH35: 0.0397 | DI35: =( DG35 * DH35 ) / 12 -> 0.0094509769 | DK35: =IF(DJ35="",J35,IF(DJ35="AoN5","7TW100021AoN group","")) -> 7TW200105
A36: HNL00092 | B36: Changed | F36: WR | G36: Thames | H36: Hertfordshire and North London | I36: Thames Water Utilities Ltd | J36: 7TW100044 | K36: HAWRIDGE PUMPING STATION | L36: Chess | M36: GB106039029870 | N36: River | O36: Colne | S36: WFD_IMP_WRFlow | U36: NERC_IMP2 | W36: WFD_ND_WRFlow | Y36: Sustainability Change | Z36: 45648 | AA36: Amber | AB36: 28/39/28/0238 | AC36: 495670 | AD36: 205530 | AG36: Investigation, conducted by consultants on behalf of water company, hasn't concluded yet. Impacts of abstraction, however, have already been confirmed hence sustainability reductions included as in WINEP2. Options that will be implemented for both No Deterioration and WFD Improvements will be clarified further through options appraisal process. At the Operational Catchment Scale proposed WINEP3 schemes are cost beneficial. | AP36: Chalk river | AQ36: Chalk river | BR36: Mid-Chilterns Chalk | BS36: GB40601G601200 | BT36: 3 | BU36: Slough Wycombe Aylesbury | BX36: 3327 | BY36: 9.09 | CA36: 3327 | CB36: 9.09 | CD36: 5.5 | CE36: 0 | CF36: 0 | CH36: 5 | CO36: Investigation, conducted by consultants on behalf of water company, hasn't concluded yet. Impacts of abstraction, however, have already been confirmed hence sustainability reductions included as in WINEP2. Options that will be implemented for both No Deterioration and WFD Improvements will be clarified further through options appraisal process. At the Operational Catchment Scale proposed WINEP3 schemes are cost beneficial. | CR36: 20.0815 | CS36: 1 | CT36: 0 | CU36: 1 | CV36: WR | CW36: £m | CX36: 1 | CY36: TMS | CZ36: 46904 | DA36: {=_xlfn.IFS(CX36 = 1, CR36 * CS36 * 1000000, CX36 = 0.000001, CR36 * CS36 )} -> 20081500 | DC36: =IF( DB36 = "", DA36, DB36) -> 20081500 | DD36: 1.0294842 | DE36: =DC36 * DD36 -> 20673587 | DF36: 1.1806333 | DG36: =( DE36 * DF36 ) / 1000000 -> 24.407925 | DH36: 0.0397 | DI36: =( DG36 * DH36 ) / 12 -> 0.080749553 | DK36: =IF(DJ36="",J36,IF(DJ36="AoN5","7TW100021AoN group","")) -> 7TW100044
A37: THM00754 | B37: Addition | F37: WQ | G37: Thames | H37: Thames | I37: Thames Water Utilities Ltd | J37: 7TW300093 | K37: Hockford STW | L37: Hoe Stream (Pirbright to River Wey confluence at Woking) | M37: GB106039017900 | N37: River | O37: Wey | S37: WFD_IMPg | T37: Phosphorus | Y37: Continuous Discharge | Z37: 45648 | AA37: Amber | AB37: CNTD.0037 | AC37: 496000 | AD37: 154200 | BI37: 15800 | BJ37: 2 | BK37: 0.3 | BL37: IRON 3.5mg/l (95%ile); 8mg/l (Upper Tier) | BM37: 6275 | CH37: 2 | CR37: 754 | CS37: 10500 | CT37: 0 | CU37: 0 | CV37: WWN | CW37: £ per p.e. | CX37: 1e-06 | CY37: TMS | CZ37: 47182 | DA37: {=_xlfn.IFS(CX37 = 1, CR37 * CS37 * 1000000, CX37 = 0.000001, CR37 * CS37 )} -> 7917000 | DB37: 7501906.5 | DC37: =IF( DB37 = "", DA37, DB37) -> 7501906.5 | DD37: 1.0294842 | DE37: =DC37 * DD37 -> 7723094.3 | DF37: 1.1806333 | DG37: =( DE37 * DF37 ) / 1000000 -> 9.1181423 | DH37: 0.0397 | DI37: =( DG37 * DH37 ) / 12 -> 0.030165854 | DK37: =IF(DJ37="",J37,IF(DJ37="AoN5","7TW100021AoN group","")) -> 7TW300093
A38: KSL00233 | B38: Changed | F38: WQ | G38: Thames | H38: Kent South London and East Sussex | I38: Thames Water Utilities Ltd | J38: 7TW200154 | K38: Holmwood wwtw | L38: Leigh Brook | M38: GB106039017550 | N38: River | O38: Mole Lower and Rythe | S38: WFD_IMPm | T38: Phosphorus | Y38: Continuous Discharge | Z38: 45648 | AA38: Amber | AB38: CTCR.1189 | AC38: 518800 | AD38: 144900 | BI38: 5989 | BK38: 0.25 mean | BL38: Fe: 3mg/l (95%) 8mg/l (UT) | BM38: 1211 | CH38: 7 | CR38: 754 | CS38: 7200 | CT38: 0 | CU38: 1 | CV38: WWN | CW38: £ per p.e. | CX38: 1e-06 | CY38: TMS | CZ38: 46399 | DA38: {=_xlfn.IFS(CX38 = 1, CR38 * CS38 * 1000000, CX38 = 0.000001, CR38 * CS38 )} -> 5428800 | DB38: 5144164.4 | DC38: =IF( DB38 = "", DA38, DB38) -> 5144164.4 | DD38: 1.0294842 | DE38: =DC38 * DD38 -> 5295836.1 | DF38: 1.1806333 | DG38: =( DE38 * DF38 ) / 1000000 -> 6.2524404 | DH38: 0.0397 | DI38: =( DG38 * DH38 ) / 12 -> 0.020685157 | DK38: =IF(DJ38="",J38,IF(DJ38="AoN5","7TW100021AoN group","")) -> 7TW200154
A39: HNL00094 | B39: Changed | F39: WR | G39: Thames | H39: Hertfordshire and North London | I39: Thames Water Utilities Ltd | J39: 7TW100021 | K39: KEIDS WEIR - RIVER LEE NAVIGATION | L39: Lea Navigation Enfield Lock to Tottenham Locks | M39: GB106038027950 | N39: River | O39: Lee Lower Rivers and Lakes | S39: WFD_ND_WRFlow | Y39: Sustainability Change | Z39: 45648 | AA39: Amber | AB39: 29/38/08/0194 | AC39: 536300 | AD39: 195200 | AG39: Additional water bodies: Lea Navigation (Fieldes Weir to Enfield Lock) & Lee (Tottenham Locks to Bow Locks/Three Mills Locks), Licence rates in WR Details columns are aggregated per whole licence 29/38/08/0194. This investigation is still ongoing hence solution is yet to be determined. The proposed licence change is based on the worst case scenario. Atkins (2012) reviewed flows required in Lower River Lee to support good ecological potential. Based on their work the minimum flows at Hackney Marsh area should be around 284Ml/d (Closest gauging station - Lea Bridge). In order to protect this flows an estimate of approx. 125 Ml/d through HOF condition. Similar flow increase has been considered in Ricardo (March 2017) briefing note listing various options to mitigate abstraction impacts in Lower Lee. Hence the overall reduction of 125Ml/d is considered for WINEP1. The final option however will be determined by the investigation and option appraisal process and it may be that no sustainability change will be applied but other option to improve the water body will be considered more appropriate. | BT39: CAT 1 | BU39: London | BX39: 200937 | BY39: 2636 | BZ39: x | CH39: 10 | CO39: Additional water bodies: Lea Navigation (Fieldes Weir to Enfield Lock) & Lee (Tottenham Locks to Bow Locks/Three Mills Locks); The overall reduction of 125Ml/d (reduction when HOF at Q70 (recent actual scenario) is reached) is considered for WINEP (see col.AC for more details). The final option however will be determined by the investigation and option appraisal process and it may be that no sustainability change will be applied but other option to improve the water body will be considered more appropriate. Please note rates provided per whole licence rather than a point. Environmental outcomes have been estimated. | CR39: 5.594 | CS39: 1 | CT39: 0 | CU39: 1 | CV39: WR | CW39: £m | CX39: 1 | CY39: TMS | CZ39: 46479 | DA39: {=_xlfn.IFS(CX39 = 1, CR39 * CS39 * 1000000, CX39 = 0.000001, CR39 * CS39 )} -> 5594000 | DC39: =IF( DB39 = "", DA39, DB39) -> 5594000 | DD39: 1.0294842 | DE39: =DC39 * DD39 -> 5758934.7 | DF39: 1.1806333 | DG39: =( DE39 * DF39 ) / 1000000 -> 6.79919 | DH39: 0.0397 | DI39: =( DG39 * DH39 ) / 12 -> 0.022493987 | DJ39: AoN5 | DK39: =IF(DJ39="",J39,IF(DJ39="AoN5","7TW100021AoN group","")) -> 7TW100021AoN group
A40: THM00538 | B40: Changed | F40: WQ | G40: Thames | H40: Thames | I40: Thames Water Utilities Ltd | J40: 7TW200700 | K40: Lewknor STW | L40: Lewknor Brook | M40: GB106039023750 | N40: River | O40: Thame | S40: WFD_IMPg | T40: Phosphorus | Y40: Continuous Discharge | Z40: 45648 | AA40: Amber | AB40: CSSC.1401 | AC40: 470900 | AD40: 198200 | BI40: 400 | BK40: 1 | BL40: IRON:4mg/l (95%ile); 8mg/l (Upper Tier) | BM40: 117 | CH40: 6.3 | CR40: 3286 | CS40: 400 | CT40: 0 | CU40: 1 | CV40: WWN | CW40: £ per p.e. | CX40: 1e-06 | CY40: TMS | CZ40: 46971 | DA40: {=_xlfn.IFS(CX40 = 1, CR40 * CS40 * 1000000, CX40 = 0.000001, CR40 * CS40 )} -> 1314400 | DB40: 1245485.1 | DC40: =IF( DB40 = "", DA40, DB40) -> 1245485.1 | DD40: 1.0294842 | DE40: =DC40 * DD40 -> 1282207.3 | DF40: 1.1806333 | DG40: =( DE40 * DF40 ) / 1000000 -> 1.5138166 | DH40: 0.0397 | DI40: =( DG40 * DH40 ) / 12 -> 0.00500821 | DK40: =IF(DJ40="",J40,IF(DJ40="AoN5","7TW100021AoN group","")) -> 7TW200700
A41: HNL00214 | B41: Changed | F41: WQ | G41: Thames | H41: Hertfordshire and North London | I41: Thames Water Utilities Ltd | J41: 7TW200103 | K41: LUTON (EAST HYDE) SEWAGE TREATMENT WORKS | L41: Lee (from Luton Hoo Lakes to Hertford) | M41: GB106038033392 | N41: River | O41: Lee Upper | S41: WFD_IMPm | T41: Phosphorus | Y41: Continuous Discharge | Z41: 45648 | AA41: Amber | AB41: CNTD.0084 | AC41: 512350 | AD41: 217840 | BI41: 174500 | BJ41: n/a | BK41: 0.25 mg/l | BL41: 4mg/l as 95%ile and 8 as Upper Teir | BM41: 44418 | BN41: N/A | CH41: 4.5 | CM41: No | CO41: KM improved figure is a best guess by measuring distance between discharges on ARCMap. This is what was suggested in the PR19 guidance on Environmental Outcomes. This means that this amount of KM will move from Poor to Moderate status. Cost Benefit suggests that this is a feasible scheme under the catchment calculations produced by the Environment Agency. | CR41: 55 | CS41: 201600 | CT41: 0 | CU41: 0 | CV41: WWN | CW41: £ per p.e. | CX41: 1e-06 | CY41: TMS | CZ41: 46965 | DA41: {=_xlfn.IFS(CX41 = 1, CR41 * CS41 * 1000000, CX41 = 0.000001, CR41 * CS41 )} -> 11088000 | DB41: 10506649 | DC41: =IF( DB41 = "", DA41, DB41) -> 10506649 | DD41: 1.0294842 | DE41: =DC41 * DD41 -> 10816429 | DF41: 1.1806333 | DG41: =( DE41 * DF41 ) / 1000000 -> 12.770236 | DH41: 0.0397 | DI41: =( DG41 * DH41 ) / 12 -> 0.042248199 | DK41: =IF(DJ41="",J41,IF(DJ41="AoN5","7TW100021AoN group","")) -> 7TW200103
A42: HNL00234 | B42: Changed | F42: WQ | G42: Thames | H42: Hertfordshire and North London | I42: Thames Water Utilities Ltd | J42: 7TW200123 | K42: MAPLE LODGE SEWAGE TREATMENT WORKS | L42: Colne (Confluence with Chess to River Thames) | M42: GB106039023090 | N42: River | O42: Colne | S42: WFD_IMPm | T42: Phosphorus | Y42: Continuous Discharge | Z42: 45648 | AA42: Amber | AB42: CNTD.0071 | AC42: 504200 | AD42: 191940 | BI42: 522780 | BJ42: n/a | BK42: 0.25 mg/l | BL42: 4mg/l as 95%ile and 8 as Upper Teir | BM42: 130000 | BN42: N/A | CH42: 12.043 | CM42: No | CO42: KM improved figure is a best guess by measuring distance between discharges on ARCMap. This is what was suggested in the PR19 guidance on Environmental Outcomes. This means that this amount of KM will move from Poor to moderate status. Cost Benefit suggests that this is a feasible scheme under the catchment calculations produced by the Environment Agency. | CR42: 55 | CS42: 575300 | CT42: 0 | CU42: 0 | CV42: WWN | CW42: £ per p.e. | CX42: 1e-06 | CY42: TMS | CZ42: 47725 | DA42: {=_xlfn.IFS(CX42 = 1, CR42 * CS42 * 1000000, CX42 = 0.000001, CR42 * CS42 )} -> 31641500 | DB42: 29982515 | DC42: =IF( DB42 = "", DA42, DB42) -> 29982515 | DD42: 1.0294842 | DE42: =DC42 * DD42 -> 30866526 | DF42: 1.1806333 | DG42: =( DE42 * DF42 ) / 1000000 -> 36.442049 | DH42: 0.0397 | DI42: =( DG42 * DH42 ) / 12 -> 0.12056244 | DK42: =IF(DJ42="",J42,IF(DJ42="AoN5","7TW100021AoN group","")) -> 7TW200123
A43: THM00543 | B43: Changed | F43: WQ | G43: Thames | H43: Thames | I43: Thames Water Utilities Ltd | J43: 7TW200705 | K43: MARSH GIBBON STW | L43: Summerstown Ditch and Launton and Cutters Brook | M43: GB106039030120 | N43: River | O43: Oxon Ray | S43: WFD_IMPg | T43: Phosphorus | Y43: Continuous Discharge | Z43: 45648 | AA43: Amber | AB43: CTCR.1646 | AC43: 464422 | AD43: 222548 | BI43: 2470 | BK43: 0.9 | BL43: IRON: 3mg/l (95%ile); 8mg/l (Upper Tier) | BM43: 708 | CH43: 8 | CR43: 474 | CS43: 1800 | CT43: 0 | CU43: 1 | CV43: WWN | CW43: £ per p.e. | CX43: 1e-06 | CY43: TMS | CZ43: 46379 | DA43: {=_xlfn.IFS(CX43 = 1, CR43 * CS43 * 1000000, CX43 = 0.000001, CR43 * CS43 )} -> 853200 | DB43: 808466.16 | DC43: =IF( DB43 = "", DA43, DB43) -> 808466.16 | DD43: 1.0294842 | DE43: =DC43 * DD43 -> 832303.15 | DF43: 1.1806333 | DG43: =( DE43 * DF43 ) / 1000000 -> 0.98264481 | DH43: 0.0397 | DI43: =( DG43 * DH43 ) / 12 -> 0.0032509166 | DK43: =IF(DJ43="",J43,IF(DJ43="AoN5","7TW100021AoN group","")) -> 7TW200705
A44: KSL00234 | B44: Changed | F44: WQ | G44: Thames | H44: Kent South London and East Sussex | I44: Thames Water Utilities Ltd | J44: 7TW200155 | K44: Merstham wwtw | L44: Redhill Brook | M44: GB106039017590 | N44: River | O44: Mole Upper Trib | S44: WFD_IMPm | T44: Phosphorus | Y44: Continuous Discharge | Z44: 45648 | AA44: Amber | AB44: CNTM.0081 | AC44: 529770 | AD44: 152120 | BI44: 9260 | BK44: 0.4 mean | BL44: Fe: 3.5mg/l (95%) 8mg/l (UT) | BM44: 2522 | CH44: 13.5 | CO44: 7.5 km improved to moderate in Redhill Brook and a further 6 km improved to Good in Salfords Stream to the river Mole | CR44: 343 | CS44: 10100 | CT44: 0 | CU44: 1 | CV44: WWN | CW44: £ per p.e. | CX44: 1e-06 | CY44: TMS | CZ44: 46852 | DA44: {=_xlfn.IFS(CX44 = 1, CR44 * CS44 * 1000000, CX44 = 0.000001, CR44 * CS44 )} -> 3464300 | DB44: 3282664.5 | DC44: =IF( DB44 = "", DA44, DB44) -> 3282664.5 | DD44: 1.0294842 | DE44: =DC44 * DD44 -> 3379451.3 | DF44: 1.1806333 | DG44: =( DE44 * DF44 ) / 1000000 -> 3.9898927 | DH44: 0.0397 | DI44: =( DG44 * DH44 ) / 12 -> 0.013199895 | DK44: =IF(DJ44="",J44,IF(DJ44="AoN5","7TW100021AoN group","")) -> 7TW200155
A45: HNL00208 | B45: Changed | F45: WQ | G45: Thames | H45: Hertfordshire and North London | I45: Thames Water Utilities Ltd | J45: 7TW200097 | K45: NORTH WEALD SEWAGE TREATMENT WORKS | L45: Cripsey Brook | M45: GB106037033500 | N45: River | O45: Roding Beam and Ingrebourne | S45: WFD_IMPg | T45: Phosphorus | Y45: Continuous Discharge | Z45: 45648 | AA45: Amber | AB45: CTCR.2136 | AC45: 549600 | AD45: 204600 | BI45: 4673 | BJ45: n/a | BK45: 0.25 mg/l | BL45: 4mg/l as 95%ile and 8 as Upper Teir | BM45: 1475 | BN45: N/A | CH45: 5.5 | CM45: No | CO45: KM improved figure is a best guess by measuring distance between discharges on ARCMap. This is what was suggested in the PR19 guidance on Environmental Outcomes. This means that this amount of KM will move from Poor to Good status. Cost Benefit suggests that this is a feasible scheme under the catchment calculations. | CR45: 754 | CS45: 7900 | CT45: 0 | CU45: 1 | CV45: WWN | CW45: £ per p.e. | CX45: 1e-06 | CY45: TMS | CZ45: 46405 | DA45: {=_xlfn.IFS(CX45 = 1, CR45 * CS45 * 1000000, CX45 = 0.000001, CR45 * CS45 )} -> 5956600 | DB45: 5644291.5 | DC45: =IF( DB45 = "", DA45, DB45) -> 5644291.5 | DD45: 1.0294842 | DE45: =DC45 * DD45 -> 5810709 | DF45: 1.1806333 | DG45: =( DE45 * DF45 ) / 1000000 -> 6.8603166 | DH45: 0.0397 | DI45: =( DG45 * DH45 ) / 12 -> 0.022696214 | DK45: =IF(DJ45="",J45,IF(DJ45="AoN5","7TW100021AoN group","")) -> 7TW200097
A46: THM00550 | B46: Changed | F46: WQ | G46: Thames | H46: Thames | I46: Thames Water Utilities Ltd | J46: 7TW200712 | K46: RIPLEY STW | L46: Wey (Shalford to River Thames confluence at Weybridge) | M46: GB106039017630 | N46: River | O46: Wey | S46: WFD_IMPg | T46: Phosphorus | Y46: Continuous Discharge | Z46: 45648 | AA46: Amber | AB46: CTCR.2150 | AC46: 504500 | AD46: 157400 | BI46: 17000 | BJ46: 2 | BK46: 0.25 | BL46: IRON:4mg/l (95%ile); 8mg/l (Upper Tier) | BM46: 8296 | CH46: 2.4 | CR46: 438 | CS46: 24200 | CT46: 0 | CU46: 0 | CV46: WWN | CW46: £ per p.e. | CX46: 1e-06 | CY46: TMS | CZ46: 46729 | DA46: {=_xlfn.IFS(CX46 = 1, CR46 * CS46 * 1000000, CX46 = 0.000001, CR46 * CS46 )} -> 10599600 | DB46: 10043856 | DC46: =IF( DB46 = "", DA46, DB46) -> 10043856 | DD46: 1.0294842 | DE46: =DC46 * DD46 -> 10339991 | DF46: 1.1806333 | DG46: =( DE46 * DF46 ) / 1000000 -> 12.207738 | DH46: 0.0397 | DI46: =( DG46 * DH46 ) / 12 -> 0.040387266 | DK46: =IF(DJ46="",J46,IF(DJ46="AoN5","7TW100021AoN group","")) -> 7TW200712
A47: HNL00095 | F47: WR | G47: Thames | H47: Hertfordshire and North London | I47: Thames Water Utilities Ltd | J47: 7TW100064 | K47: RIVER RESTORATION PROJECTS - CHESS | L47: Chess | M47: GB106039029870 | N47: River | O47: Colne | S47: WFD_IMP_WRFlow | U47: NERC_IMP1 | Y47: Adaptive Management | Z47: 45747 | AA47: Amber | AG47: Investigation, conducted by consultants on behalf of water company, hasn't concluded yet. Impacts of abstraction, however, have already been confirmed hence sustainability reductions included as in WINEP2. Options that will be implemented for both No Deterioration and WFD Improvements will be clarified further through options appraisal process. At the Operational Catchment Scale proposed WINEP3 schemes are cost beneficial. | AP47: Chalk river | AQ47: Chalk river | CH47: 5 | CO47: Investigation, conducted by consultants on behalf of water company, hasn't concluded yet. Impacts of abstraction, however, have already been confirmed hence sustainability reductions included as in WINEP2. Options that will be implemented for both No Deterioration and WFD Improvements will be clarified further through options appraisal process. At the Operational Catchment Scale proposed WINEP3 schemes are cost beneficial. | CR47: 20.0815 | CS47: 1 | CT47: 0 | CU47: 1 | CV47: WR | CW47: £m | CX47: 1 | CY47: TMS | CZ47: 46566 | DA47: {=_xlfn.IFS(CX47 = 1, CR47 * CS47 * 1000000, CX47 = 0.000001, CR47 * CS47 )} -> 20081500 | DC47: =IF( DB47 = "", DA47, DB47) -> 20081500 | DD47: 1.0294842 | DE47: =DC47 * DD47 -> 20673587 | DF47: 1.1806333 | DG47: =( DE47 * DF47 ) / 1000000 -> 24.407925 | DH47: 0.0397 | DI47: =( DG47 * DH47 ) / 12 -> 0.080749553 | DK47: =IF(DJ47="",J47,IF(DJ47="AoN5","7TW100021AoN group","")) -> 7TW100064
A48: HNL00096 | F48: WR | G48: Thames | H48: Hertfordshire and North London | I48: Thames Water Utilities Ltd | J48: 7TW100065 | K48: RIVER RESTORATION PROJECTS - LOWER LEE | L48: Lea Navigation Enfield Lock to Tottenham Locks | M48: GB106038027950 | N48: River | O48: Lee Lower Rivers and Lakes | S48: WFD_IMP_WRFlow | Y48: Adaptive Management | Z48: 45747 | AA48: Amber | AG48: Additional water bodies: Lea Navigation (Fieldes Weir to Enfield Lock) & Lee (Tottenham Locks to Bow Locks/Three Mills Locks) | CH48: 10 | CO48: Additional water bodies: Lea Navigation (Fieldes Weir to Enfield Lock) & Lee (Tottenham Locks to Bow Locks/Three Mills Locks) | CR48: 5.594 | CS48: 1 | CT48: 0 | CU48: 1 | CV48: WR | CW48: £m | CX48: 1 | CY48: TMS | CZ48: 46479 | DA48: {=_xlfn.IFS(CX48 = 1, CR48 * CS48 * 1000000, CX48 = 0.000001, CR48 * CS48 )} -> 5594000 | DC48: =IF( DB48 = "", DA48, DB48) -> 5594000 | DD48: 1.0294842 | DE48: =DC48 * DD48 -> 5758934.7 | DF48: 1.1806333 | DG48: =( DE48 * DF48 ) / 1000000 -> 6.79919 | DH48: 0.0397 | DI48: =( DG48 * DH48 ) / 12 -> 0.022493987 | DK48: =IF(DJ48="",J48,IF(DJ48="AoN5","7TW100021AoN group","")) -> 7TW100065
A49: THM00552 | B49: Changed | F49: WQ | G49: Thames | H49: Thames | I49: Thames Water Utilities Ltd | J49: 7TW200714 | K49: SHAMLEY GREEN STW | L49: Cranleigh Waters | M49: GB106039017810 | N49: River | O49: Wey | S49: WFD_IMPg | T49: Phosphorus | Y49: Continuous Discharge | Z49: 45648 | AA49: Amber | AB49: CSSC.2354 | AC49: 501800 | AD49: 143800 | BI49: 5350 | BK49: 0.7 | BL49: IRON:4mg/l (95%ile); 8mg/l (Upper Tier) | BM49: 2850 | CH49: 2.4 | CR49: 226 | CS49: 6000 | CT49: 0 | CU49: 0 | CV49: WWN | CW49: £ per p.e. | CX49: 1e-06 | CY49: TMS | CZ49: 46215 | DA49: {=_xlfn.IFS(CX49 = 1, CR49 * CS49 * 1000000, CX49 = 0.000001, CR49 * CS49 )} -> 1356000 | DB49: 1284904 | DC49: =IF( DB49 = "", DA49, DB49) -> 1284904 | DD49: 1.0294842 | DE49: =DC49 * DD49 -> 1322788.4 | DF49: 1.1806333 | DG49: =( DE49 * DF49 ) / 1000000 -> 1.561728 | DH49: 0.0397 | DI49: =( DG49 * DH49 ) / 12 -> 0.0051667169 | DK49: =IF(DJ49="",J49,IF(DJ49="AoN5","7TW100021AoN group","")) -> 7TW200714
A50: THM00554 | B50: Changed | F50: WQ | G50: Thames | H50: Thames | I50: Thames Water Utilities Ltd | J50: 7TW200716 | K50: SHUTFORD STW | L50: Shutford Stream (Source to Sor Brook) | M50: GB106039037300 | N50: River | O50: Cherwell | S50: WFD_IMPg | T50: Phosphorus | Y50: Continuous Discharge | Z50: 45648 | AA50: Amber | AB50: CSSC.1434 | AC50: 439000 | AD50: 240800 | BI50: 1150 | BK50: 0.4 | BL50: IRON:4mg/l (95%ile); 8mg/l (Upper Tier) | BM50: 566 | CH50: 5 | CR50: 1370 | CS50: 1800 | CT50: 0 | CU50: 1 | CV50: WWN | CW50: £ per p.e. | CX50: 1e-06 | CY50: TMS | CZ50: 45983 | DA50: {=_xlfn.IFS(CX50 = 1, CR50 * CS50 * 1000000, CX50 = 0.000001, CR50 * CS50 )} -> 2466000 | DB50: 2336706 | DC50: =IF( DB50 = "", DA50, DB50) -> 2336706 | DD50: 1.0294842 | DE50: =DC50 * DD50 -> 2405601.9 | DF50: 1.1806333 | DG50: =( DE50 * DF50 ) / 1000000 -> 2.8401337 | DH50: 0.0397 | DI50: =( DG50 * DH50 ) / 12 -> 0.0093961091 | DK50: =IF(DJ50="",J50,IF(DJ50="AoN5","7TW100021AoN group","")) -> 7TW200716
A51: THM00558 | B51: Changed | F51: WQ | G51: Thames | H51: Thames | I51: Thames Water Utilities Ltd | J51: 7TW200720 | K51: South Leigh STW | L51: Chil and Limb Brooks (source to B4044) | M51: GB106039030310 | N51: River | O51: Windrush | S51: WFD_IMPg | T51: Phosphorus | Y51: Continuous Discharge | Z51: 45648 | AA51: Amber | AB51: CNTD.0016 | AC51: 439400 | AD51: 208400 | BI51: 300 | BK51: 2 | BL51: IRON:4mg/l (95%ile); 8mg/l (Upper Tier) | BM51: 82 | CH51: 5 | CR51: 3286 | CS51: 300 | CT51: 0 | CU51: 1 | CV51: WWN | CW51: £ per p.e. | CX51: 1e-06 | CY51: TMS | CZ51: 46559 | DA51: {=_xlfn.IFS(CX51 = 1, CR51 * CS51 * 1000000, CX51 = 0.000001, CR51 * CS51 )} -> 985800 | DB51: 934113.86 | DC51: =IF( DB51 = "", DA51, DB51) -> 934113.86 | DD51: 1.0294842 | DE51: =DC51 * DD51 -> 961655.47 | DF51: 1.1806333 | DG51: =( DE51 * DF51 ) / 1000000 -> 1.1353625 | DH51: 0.0397 | DI51: =( DG51 * DH51 ) / 12 -> 0.0037561575 | DK51: =IF(DJ51="",J51,IF(DJ51="AoN5","7TW100021AoN group","")) -> 7TW200720
A52: HNL00222 | B52: Changed | F52: WQ | G52: Thames | H52: Hertfordshire and North London | I52: Thames Water Utilities Ltd | J52: 7TW200111 | K52: STANDON SEWAGE TREATMENT WORKS | L52: Rib (from confluence with Quin to Lee Navigation) | M52: GB106038033360 | N52: River | O52: Lee Upper | S52: WFD_IMPg | T52: Phosphorus | Y52: Continuous Discharge | Z52: 45648 | AA52: Amber | AB52: CSSC.2365 | AC52: 539700 | AD52: 221760 | BI52: 4080 | BJ52: n/a | BK52: 0.4 mg/l | BL52: 4mg/l as 95%ile and 8 as Upper Teir | BM52: 977 | BN52: N/A | CH52: 8.634 | CM52: No | CO52: KM improved figure is a best guess by measuring distance between discharges on ARCMap. This is what was suggested in the PR19 guidance on Environmental Outcomes. This means that this amount of KM will move from Bad/Poor to good status. Cost Benefit suggests that this is a feasible scheme under the catchment calculations produced by the Environment Agency. | CR52: 343 | CS52: 5100 | CT52: 0 | CU52: 1 | CV52: WWN | CW52: £ per p.e. | CX52: 1e-06 | CY52: TMS | CZ52: 46909 | DA52: {=_xlfn.IFS(CX52 = 1, CR52 * CS52 * 1000000, CX52 = 0.000001, CR52 * CS52 )} -> 1749300 | DB52: 1657583.1 | DC52: =IF( DB52 = "", DA52, DB52) -> 1657583.1 | DD52: 1.0294842 | DE52: =DC52 * DD52 -> 1706455.6 | DF52: 1.1806333 | DG52: =( DE52 * DF52 ) / 1000000 -> 2.0146983 | DH52: 0.0397 | DI52: =( DG52 * DH52 ) / 12 -> 0.0066652935 | DK52: =IF(DJ52="",J52,IF(DJ52="AoN5","7TW100021AoN group","")) -> 7TW200111
A53: HNL00212 | B53: Changed | F53: WQ | G53: Thames | H53: Hertfordshire and North London | I53: Thames Water Utilities Ltd | J53: 7TW200101 | K53: STANFORD RIVERS SEWAGE TREATMENT WORKS | L53: Lower Roding (Cripsey Bk to Loughton) | M53: GB106037033500 | N53: River | O53: Roding Beam and Ingrebourne | S53: WFD_IMPg | T53: Phosphorus | Y53: Continuous Discharge | Z53: 45648 | AA53: Amber | AB53: CEYR.0046 | AC53: 554600 | AD53: 199610 | BI53: 8340 | BJ53: n/a | BK53: 0.25 mg/l | BL53: 4mg/l as 95%ile and 8 as Upper Teir | BM53: 4210 | BN53: N/A | CH53: 9.2 | CM53: No | CO53: KM improved figure is a best guess by measuring distance between discharges on ARCMap. This is what was suggested in the PR19 guidance on Environmental Outcomes. This means that this amount of KM will move from Poor to Good status. Cost Benefit suggests that this is a feasible scheme under the catchment calculations produced by the Environment Agency. | CR53: 754 | CS53: 9800 | CT53: 0 | CU53: 1 | CV53: WWN | CW53: £ per p.e. | CX53: 1e-06 | CY53: TMS | CZ53: 47161 | DA53: {=_xlfn.IFS(CX53 = 1, CR53 * CS53 * 1000000, CX53 = 0.000001, CR53 * CS53 )} -> 7389200 | DB53: 7001779.4 | DC53: =IF( DB53 = "", DA53, DB53) -> 7001779.4 | DD53: 1.0294842 | DE53: =DC53 * DD53 -> 7208221.3 | DF53: 1.1806333 | DG53: =( DE53 * DF53 ) / 1000000 -> 8.5102661 | DH53: 0.0397 | DI53: =( DG53 * DH53 ) / 12 -> 0.028154797 | DK53: =IF(DJ53="",J53,IF(DJ53="AoN5","7TW100021AoN group","")) -> 7TW200101
A54: HNL00225 | B54: Changed | F54: WQ | G54: Thames | H54: Hertfordshire and North London | I54: Thames Water Utilities Ltd | J54: 7TW200114 | K54: STANSTED MOUNTFITCHETT SEWAGE TREATMENT WORKS | L54: Stort and Bourne Brook | M54: GB106038033340 | N54: River | O54: Lee Upper | S54: WFD_IMPg | T54: Phosphorus | Y54: Continuous Discharge | Z54: 45648 | AA54: Amber | AB54: CLCR.0165 | AC54: 551300 | AD54: 224800 | BI54: 11048 | BJ54: n/a | BK54: 0.25 mg/l | BL54: 4mg/l as 95%ile and 8 as Upper Teir | BM54: 2650 | BN54: N/A | CH54: 6.822 | CM54: No | CO54: KM improved figure is a best guess by measuring distance between discharges on ARCMap. This is what was suggested in the PR19 guidance on Environmental Outcomes. This means that this amount of KM will move from Poor to good status. The improvements in the P levels at this works will help drive the SSSI investigation on the Hunsdon Mead Meadows and allow investigation into what a suitable P target will be for this site. Cost Benefit suggests that this is a feasible scheme under the catchment calculations produced by the Environment Agency. | CR54: 754 | CS54: 12200 | CT54: 0 | CU54: 1 | CV54: WWN | CW54: £ per p.e. | CX54: 1e-06 | CY54: TMS | CZ54: 46194 | DA54: {=_xlfn.IFS(CX54 = 1, CR54 * CS54 * 1000000, CX54 = 0.000001, CR54 * CS54 )} -> 9198800 | DB54: 8716500.9 | DC54: =IF( DB54 = "", DA54, DB54) -> 8716500.9 | DD54: 1.0294842 | DE54: =DC54 * DD54 -> 8973500 | DF54: 1.1806333 | DG54: =( DE54 * DF54 ) / 1000000 -> 10.594413 | DH54: 0.0397 | DI54: =( DG54 * DH54 ) / 12 -> 0.035049849 | DK54: =IF(DJ54="",J54,IF(DJ54="AoN5","7TW100021AoN group","")) -> 7TW200114
A55: THM00561 | B55: Changed | F55: WQ | G55: Thames | H55: Thames | I55: Thames Water Utilities Ltd | J55: 7TW200723 | K55: STANTON HARCOURT STW | L55: Chil and Limb Brooks (source to B4044) | M55: GB106039030310 | N55: River | O55: Windrush | S55: WFD_IMPg | T55: Phosphorus | Y55: Continuous Discharge | Z55: 45648 | AA55: Amber | AB55: CSSC.1439 | AC55: 442100 | AD55: 206000 | BI55: 340 | BK55: 0.6 | BL55: IRON:4mg/l (95%ile); 8mg/l (Upper Tier) | BM55: 760 | CH55: 5 | CR55: 1370 | CS55: 1700 | CT55: 0 | CU55: 1 | CV55: WWN | CW55: £ per p.e. | CX55: 1e-06 | CY55: TMS | CZ55: 46579 | DA55: {=_xlfn.IFS(CX55 = 1, CR55 * CS55 * 1000000, CX55 = 0.000001, CR55 * CS55 )} -> 2329000 | DB55: 2206889 | DC55: =IF( DB55 = "", DA55, DB55) -> 2206889 | DD55: 1.0294842 | DE55: =DC55 * DD55 -> 2271957.4 | DF55: 1.1806333 | DG55: =( DE55 * DF55 ) / 1000000 -> 2.6823485 | DH55: 0.0397 | DI55: =( DG55 * DH55 ) / 12 -> 0.0088741031 | DK55: =IF(DJ55="",J55,IF(DJ55="AoN5","7TW100021AoN group","")) -> 7TW200723
A56: THM00562 | B56: Changed | F56: WQ | G56: Thames | H56: Thames | I56: Thames Water Utilities Ltd | J56: 7TW200724 | K56: TETSWORTH STW | L56: Latchford Brook at Tetsworth | M56: GB106039023830 | N56: River | O56: Thame | S56: WFD_IMPg | T56: Phosphorus | Y56: Continuous Discharge | Z56: 45648 | AA56: Amber | AB56: CNTD.0018 | AC56: 468500 | AD56: 202500 | BI56: 1120 | BK56: 0.4 | BL56: IRON:4mg/l (95%ile); 8mg/l (Upper Tier) | BM56: 324 | CH56: 7.4 | CR56: 1370 | CS56: 1200 | CT56: 0 | CU56: 1 | CV56: WWN | CW56: £ per p.e. | CX56: 1e-06 | CY56: TMS | CZ56: 46378 | DA56: {=_xlfn.IFS(CX56 = 1, CR56 * CS56 * 1000000, CX56 = 0.000001, CR56 * CS56 )} -> 1644000 | DB56: 1557804 | DC56: =IF( DB56 = "", DA56, DB56) -> 1557804 | DD56: 1.0294842 | DE56: =DC56 * DD56 -> 1603734.6 | DF56: 1.1806333 | DG56: =( DE56 * DF56 ) / 1000000 -> 1.8934225 | DH56: 0.0397 | DI56: =( DG56 * DH56 ) / 12 -> 0.0062640728 | DK56: =IF(DJ56="",J56,IF(DJ56="AoN5","7TW100021AoN group","")) -> 7TW200724
A57: HNL00213 | B57: Changed | F57: WQ | G57: Thames | H57: Hertfordshire and North London | I57: Thames Water Utilities Ltd | J57: 7TW200102 | K57: THEYDON BOIS SEWAGE TREATMENT WORKS | L57: Brookhouse Brook | M57: GB106037033500 | N57: River | O57: Roding Beam and Ingrebourne | S57: WFD_IMPg | T57: Phosphorus | Y57: Continuous Discharge | Z57: 45648 | AA57: Amber | AB57: CSSC.0294 | AC57: 547800 | AD57: 298000 | BI57: 4064 | BJ57: n/a | BK57: 0.25 mg/l | BL57: 4mg/l as 95%ile and 8 as Upper Teir | BM57: 3440 | BN57: N/A | CH57: 0.2 | CM57: No | CO57: KM improved figure is a best guess by measuring distance between discharges on ARCMap. This is what was suggested in the PR19 guidance on Environmental Outcomes. This means that this amount of KM will move from Poor to Good status. The improvements in the P levels at this works will help drive the SSSI investigation on the Roding Meadows and allow investigation into what a suitable P target will be for this site. Cost Benefit suggests that this is a feasible scheme under the catchment calculations produced by the Environment Agency. | CR57: 1500 | CS57: 5000 | CT57: 0 | CU57: 1 | CV57: WWN | CW57: £ per p.e. | CX57: 1e-06 | CY57: TMS | CZ57: 46222 | DA57: {=_xlfn.IFS(CX57 = 1, CR57 * CS57 * 1000000, CX57 = 0.000001, CR57 * CS57 )} -> 7500000 | DB57: 7106770.1 | DC57: =IF( DB57 = "", DA57, DB57) -> 7106770.1 | DD57: 1.0294842 | DE57: =DC57 * DD57 -> 7316307.6 | DF57: 1.1806333 | DG57: =( DE57 * DF57 ) / 1000000 -> 8.6378763 | DH57: 0.0397 | DI57: =( DG57 * DH57 ) / 12 -> 0.028576974 | DK57: =IF(DJ57="",J57,IF(DJ57="AoN5","7TW100021AoN group","")) -> 7TW200102
A58: HNL00209 | B58: Changed | F58: WQ | G58: Thames | H58: Hertfordshire and North London | I58: Thames Water Utilities Ltd | J58: 7TW200098 | K58: THORNWOOD COMMON SEWAGE TREATMENT WORKS | L58: Cripsey Brook | M58: GB106037033500 | N58: River | O58: Roding Beam and Ingrebourne | S58: WFD_IMPg | T58: Phosphorus | Y58: Continuous Discharge | Z58: 45648 | AA58: Amber | AB58: CSSC.1445 | AC58: 547700 | AD58: 105000 | BI58: 950 | BJ58: n/a | BK58: 0.25 mg/l | BL58: 4mg/l as 95%ile and 8 as Upper Teir | BM58: 242 | BN58: N/A | CH58: 6.5 | CM58: No | CO58: KM improved figure is a best guess by measuring distance between discharges on ARCMap. This is what was suggested in the PR19 guidance on Environmental Outcomes. This means that this amount of KM will move from Poor to Good status. Cost Benefit suggests that this is a feasible scheme under the catchment calculations produced by the Environment Agency. | CR58: 3415 | CS58: 1400 | CT58: 0 | CU58: 1 | CV58: WWN | CW58: £ per p.e. | CX58: 1e-06 | CY58: TMS | CZ58: 46410 | DA58: {=_xlfn.IFS(CX58 = 1, CR58 * CS58 * 1000000, CX58 = 0.000001, CR58 * CS58 )} -> 4781000 | DB58: 4530329 | DC58: =IF( DB58 = "", DA58, DB58) -> 4530329 | DD58: 1.0294842 | DE58: =DC58 * DD58 -> 4663902.2 | DF58: 1.1806333 | DG58: =( DE58 * DF58 ) / 1000000 -> 5.5063582 | DH58: 0.0397 | DI58: =( DG58 * DH58 ) / 12 -> 0.018216869 | DK58: =IF(DJ58="",J58,IF(DJ58="AoN5","7TW100021AoN group","")) -> 7TW200098
A59: KSL00401 | B59: Addition | F59: WR | G59: Thames | H59: Kent South London and East Sussex | I59: Thames Water Utilities Ltd | J59: 7TW300092 | K59: Upper Cray Restoration | L59: Upper Cray | M59: GB106040023990 | N59: River | O59: Cray and Shuttle | S59: WFD_IMP_WRFlow | Y59: Adaptive Management | Z59: 45648 | AA59: Amber | AB59: 9/40/01/0124/GR, 9/40/01/0127/GR | AC59: 546695 | AD59: 166819 | AG59: Waterbody scale Adaptive Management | BR59: West Kent Darent and Cray Chalk | BS59: GB40601G501800 | BT59: CAT2 | BU59: London | CH59: 1.37 | CR59: 6.2816 | CS59: 1 | CT59: 0 | CU59: 1 | CV59: WR | CW59: £m | CX59: 1 | CY59: TMS | CZ59: 46460 | DA59: {=_xlfn.IFS(CX59 = 1, CR59 * CS59 * 1000000, CX59 = 0.000001, CR59 * CS59 )} -> 6281600 | DC59: =IF( DB59 = "", DA59, DB59) -> 6281600 | DD59: 1.0294842 | DE59: =DC59 * DD59 -> 6466808 | DF59: 1.1806333 | DG59: =( DE59 * DF59 ) / 1000000 -> 7.6349289 | DH59: 0.0397 | DI59: =( DG59 * DH59 ) / 12 -> 0.02525889 | DK59: =IF(DJ59="",J59,IF(DJ59="AoN5","7TW100021AoN group","")) -> 7TW300092
A60: KSL00045 | B60: Changed | F60: WR | G60: Thames | H60: Kent South London and East Sussex | I60: Thames Water Utilities Ltd | J60: 7TW100009 | K60: Upper Darent Restoration - SUNDRIDGE PUMPING STATION | L60: Upper Darent | M60: GB106040024221 | N60: River | O60: Darent | S60: WFD_IMP_WRFlow | Y60: Adaptive Management | Z60: 45648 | AA60: Amber | AB60: 9/40/01/0123/GR | AC60: 548965 | AD60: 155677 | AG60: Waterbody scale implementation following options appraisal in AMP6 considering Sundridge PS, Westerham PS; SEW sources; and SESW sources in the Upper Darent catchment. Measures to be carried out in AMP7 (on the Upper Darent between Westerham and Otford) will increase low flow resilience and post-drought recovery, including restoration measures such as bank reprofiling, deflector installation, bed re-profiling and tree work (re shading). | BR60: Kent Greensand Western | BS60: GB40601G500500 | BT60: CAT 2 | BU60: London | CH60: 2.15 | CR60: 6.2816 | CS60: 1 | CT60: 0 | CU60: 1 | CV60: WR | CW60: £m | CX60: 1 | CY60: TMS | CZ60: 46460 | DA60: {=_xlfn.IFS(CX60 = 1, CR60 * CS60 * 1000000, CX60 = 0.000001, CR60 * CS60 )} -> 6281600 | DC60: =IF( DB60 = "", DA60, DB60) -> 6281600 | DD60: 1.0294842 | DE60: =DC60 * DD60 -> 6466808 | DF60: 1.1806333 | DG60: =( DE60 * DF60 ) / 1000000 -> 7.6349289 | DH60: 0.0397 | DI60: =( DG60 * DH60 ) / 12 -> 0.02525889 | DK60: =IF(DJ60="",J60,IF(DJ60="AoN5","7TW100021AoN group","")) -> 7TW100009
A61: KSL00049 | B61: Changed | F61: WR | G61: Thames | H61: Kent South London and East Sussex | I61: Thames Water Utilities Ltd | J61: 7TW100081 | K61: Upper Darent Restoration - WESTERHAM HILL PS | L61: Upper Darent | M61: GB106040024221 | N61: River | O61: Darent | S61: WFD_IMP_WRFlow | Y61: Adaptive Management | Z61: 45648 | AA61: Amber | AB61: 9/40/01/0119/GR | AC61: 542869 | AD61: 155809 | AG61: Waterbody scale implementation following options appraisal in AMP6 considering Sundridge PS, Westerham PS; SEW sources; and SESW sources in the Upper Darent catchment. Measures to be carried out in AMP7 (on the Upper Darent between Westerham and Otford) will increase low flow resilience and post-drought recovery, including restoration measures such as bank reprofiling, deflector installation, bed re-profiling and tree work (re shading). | BR61: West Kent Darent and Cray Chalk | BS61: GB40601G501800 | BT61: CAT 2 | BU61: London | CH61: 2.15 | CR61: 6.2816 | CS61: 1 | CT61: 0 | CU61: 1 | CV61: WR | CW61: £m | CX61: 1 | CY61: TMS | CZ61: 46460 | DA61: {=_xlfn.IFS(CX61 = 1, CR61 * CS61 * 1000000, CX61 = 0.000001, CR61 * CS61 )} -> 6281600 | DC61: =IF( DB61 = "", DA61, DB61) -> 6281600 | DD61: 1.0294842 | DE61: =DC61 * DD61 -> 6466808 | DF61: 1.1806333 | DG61: =( DE61 * DF61 ) / 1000000 -> 7.6349289 | DH61: 0.0397 | DI61: =( DG61 * DH61 ) / 12 -> 0.02525889 | DK61: =IF(DJ61="",J61,IF(DJ61="AoN5","7TW100021AoN group","")) -> 7TW100081
A62: THM00564 | B62: Changed | F62: WQ | G62: Thames | H62: Thames | I62: Thames Water Utilities Ltd | J62: 7TW200726 | K62: WADDESDON STW | L62: Fleet Marston Brook, Denham Brook, Pitchcott Brook west | M62: GB106039030420 | N62: River | O62: Thame | S62: WFD_IMPg | T62: Phosphorus | Y62: Continuous Discharge | Z62: 45648 | AA62: Amber | AB62: CNTD.0052 | AC62: 474870 | AD62: 217900 | BI62: 3450 | BK62: 0.5 | BL62: IRON:4mg/l (95%ile); 8mg/l (Upper Tier) | BM62: 680 | CH62: 6.8 | CR62: 474 | CS62: 3800 | CT62: 0 | CU62: 1 | CV62: WWN | CW62: £ per p.e. | CX62: 1e-06 | CY62: TMS | CZ62: 46183 | DA62: {=_xlfn.IFS(CX62 = 1, CR62 * CS62 * 1000000, CX62 = 0.000001, CR62 * CS62 )} -> 1801200 | DB62: 1706761.9 | DC62: =IF( DB62 = "", DA62, DB62) -> 1706761.9 | DD62: 1.0294842 | DE62: =DC62 * DD62 -> 1757084.4 | DF62: 1.1806333 | DG62: =( DE62 * DF62 ) / 1000000 -> 2.0744724 | DH62: 0.0397 | DI62: =( DG62 * DH62 ) / 12 -> 0.0068630461 | DK62: =IF(DJ62="",J62,IF(DJ62="AoN5","7TW100021AoN group","")) -> 7TW200726
A63: THM00567 | B63: Changed | F63: WQ | G63: Thames | H63: Thames | I63: Thames Water Utilities Ltd | J63: 7TW200729 | K63: WATLINGTON STW | L63: Chalgrove Brook | M63: GB106039023740 | N63: River | O63: Thame | S63: WFD_IMPg | T63: Phosphorus | Y63: Continuous Discharge | Z63: 45648 | AA63: Amber | AB63: CSSC.2329 | AC63: 467400 | AD63: 195400 | BI63: 2790 | BK63: 0.6 | BL63: IRON:4mg/l (95%ile); 8mg/l (Upper Tier) | BM63: 2000 | CH63: 9.6 | CR63: 474 | CS63: 3100 | CT63: 0 | CU63: 1 | CV63: WWN | CW63: £ per p.e. | CX63: 1e-06 | CY63: TMS | CZ63: 46249 | DA63: {=_xlfn.IFS(CX63 = 1, CR63 * CS63 * 1000000, CX63 = 0.000001, CR63 * CS63 )} -> 1469400 | DB63: 1392358.4 | DC63: =IF( DB63 = "", DA63, DB63) -> 1392358.4 | DD63: 1.0294842 | DE63: =DC63 * DD63 -> 1433411 | DF63: 1.1806333 | DG63: =( DE63 * DF63 ) / 1000000 -> 1.6923327 | DH63: 0.0397 | DI63: =( DG63 * DH63 ) / 12 -> 0.0055988008 | DK63: =IF(DJ63="",J63,IF(DJ63="AoN5","7TW100021AoN group","")) -> 7TW200729
A64: HNL00217 | B64: Changed | F64: WQ | G64: Thames | H64: Hertfordshire and North London | I64: Thames Water Utilities Ltd | J64: 7TW200106 | K64: WESTON (HERTS) SEWAGE TREATMENT WORKS | L64: Beane (Source to Stevenage Brook) | M64: GB106038040110 | N64: River | O64: Lee Upper | S64: WFD_IMPg | T64: Phosphorus | Y64: Continuous Discharge | Z64: 45648 | AA64: Amber | AB64: CLCR.0097 | AC64: 527570 | AD64: 229600 | BI64: 878 | BJ64: n/a | BK64: 0.4 mg/l | BL64: 4mg/l as 95%ile and 8 as Upper Teir | BM64: 244 | BN64: N/A | CH64: 27.588 | CM64: No | CO64: KM improved figure is a best guess by measuring distance between discharges on ARCMap. This is what was suggested in the PR19 guidance on Environmental Outcomes. This means that this amount of KM will move from moderate to good status for whole waterbody give or take 5km.Cost Benefit suggests that this is a feasible scheme under the catchment calculations produced by the Environment Agency. | CR64: 2060 | CS64: 900 | CT64: 0 | CU64: 1 | CV64: WWN | CW64: £ per p.e. | CX64: 1e-06 | CY64: TMS | CZ64: 46559 | DA64: {=_xlfn.IFS(CX64 = 1, CR64 * CS64 * 1000000, CX64 = 0.000001, CR64 * CS64 )} -> 1854000 | DB64: 1756793.6 | DC64: =IF( DB64 = "", DA64, DB64) -> 1756793.6 | DD64: 1.0294842 | DE64: =DC64 * DD64 -> 1808591.2 | DF64: 1.1806333 | DG64: =( DE64 * DF64 ) / 1000000 -> 2.135283 | DH64: 0.0397 | DI64: =( DG64 * DH64 ) / 12 -> 0.007064228 | DK64: =IF(DJ64="",J64,IF(DJ64="AoN5","7TW100021AoN group","")) -> 7TW200106
A65: THM00569 | B65: Changed | F65: WQ | G65: Thames | H65: Thames | I65: Thames Water Utilities Ltd | J65: 7TW200731 | K65: WESTON-ON-THE-GREEN SEWAGE WORKS | L65: Gallos Brook | M65: GB106039030130 | N65: River | O65: Oxon Ray | S65: WFD_IMPg | T65: Phosphorus | Y65: Continuous Discharge | Z65: 45648 | AA65: Amber | AB65: CNTD.0054 | AC65: 453600 | AD65: 217400 | BI65: 530 | BK65: 0.8 | BL65: IRON:4mg/l (95%ile); 8mg/l (Upper Tier) | BM65: 243 | CH65: 4.1 | CR65: 1945 | CS65: 600 | CT65: 0 | CU65: 1 | CV65: WWN | CW65: £ per p.e. | CX65: 1e-06 | CY65: TMS | CZ65: 46264 | DA65: {=_xlfn.IFS(CX65 = 1, CR65 * CS65 * 1000000, CX65 = 0.000001, CR65 * CS65 )} -> 1167000 | DB65: 1105813.4 | DC65: =IF( DB65 = "", DA65, DB65) -> 1105813.4 | DD65: 1.0294842 | DE65: =DC65 * DD65 -> 1138417.5 | DF65: 1.1806333 | DG65: =( DE65 * DF65 ) / 1000000 -> 1.3440536 | DH65: 0.0397 | DI65: =( DG65 * DH65 ) / 12 -> 0.0044465772 | DK65: =IF(DJ65="",J65,IF(DJ65="AoN5","7TW100021AoN group","")) -> 7TW200731
A66: THM00571 | B66: Changed | F66: WQ | G66: Thames | H66: Thames | I66: Thames Water Utilities Ltd | J66: 7TW200733 | K66: WISLEY STW | L66: Wey (Shalford to River Thames confluence at Weybridge) | M66: GB106039017630 | N66: River | O66: Wey | S66: WFD_IMPg | T66: Phosphorus | Y66: Continuous Discharge | Z66: 45648 | AA66: Amber | AB66: CTCR.0780 | AC66: 506000 | AD66: 159900 | BI66: 25500 | BJ66: 2 | BK66: 0.25 | BL66: IRON:4mg/l (95%ile); 8mg/l (Upper Tier) | BM66: 6782 | CH66: 2.4 | CR66: 438 | CS66: 27300 | CT66: 0 | CU66: 0 | CV66: WWN | CW66: £ per p.e. | CX66: 1e-06 | CY66: TMS | CZ66: 46669 | DA66: {=_xlfn.IFS(CX66 = 1, CR66 * CS66 * 1000000, CX66 = 0.000001, CR66 * CS66 )} -> 11957400 | DB66: 11330466 | DC66: =IF( DB66 = "", DA66, DB66) -> 11330466 | DD66: 1.0294842 | DE66: =DC66 * DD66 -> 11664536 | DF66: 1.1806333 | DG66: =( DE66 * DF66 ) / 1000000 -> 13.771539 | DH66: 0.0397 | DI66: =( DG66 * DH66 ) / 12 -> 0.045560842 | DK66: =IF(DJ66="",J66,IF(DJ66="AoN5","7TW100021AoN group","")) -> 7TW200733
A67: THM00572 | B67: Changed | F67: WQ | G67: Thames | H67: Thames | I67: Thames Water Utilities Ltd | J67: 7TW200734 | K67: WOKING STW | L67: Wey (Shalford to River Thames confluence at Weybridge) | M67: GB106039017630 | N67: River | O67: Wey | S67: WFD_IMPg | T67: Phosphorus | Y67: Continuous Discharge | Z67: 45648 | AA67: Amber | AB67: CASM.0308 | AC67: 503200 | AD67: 157400 | BI67: 78300 | BJ67: 2 | BK67: 0.25 | BL67: IRON:4mg/l (95%ile); 8mg/l (Upper Tier) | BM67: 19394 | CH67: 2.4 | CR67: 55 | CS67: 90100 | CT67: 0 | CU67: 0 | CV67: WWN | CW67: £ per p.e. | CX67: 1e-06 | CY67: TMS | CZ67: 46680 | DA67: {=_xlfn.IFS(CX67 = 1, CR67 * CS67 * 1000000, CX67 = 0.000001, CR67 * CS67 )} -> 4955500 | DB67: 4695679.9 | DC67: =IF( DB67 = "", DA67, DB67) -> 4695679.9 | DD67: 1.0294842 | DE67: =DC67 * DD67 -> 4834128.3 | DF67: 1.1806333 | DG67: =( DE67 * DF67 ) / 1000000 -> 5.7073328 | DH67: 0.0397 | DI67: =( DG67 * DH67 ) / 12 -> 0.018881759 | DK67: =IF(DJ67="",J67,IF(DJ67="AoN5","7TW100021AoN group","")) -> 7TW200734
A68: KSL00235 | B68: Changed | F68: WQ | G68: Thames | H68: Kent South London and East Sussex | I68: Thames Water Utilities Ltd | J68: 7TW200156 | K68: Burstow wwtw | L68: Burstow Stream | M68: GB106039017520 | N68: River | O68: Mole Upper Trib | S68: WFD_IMPm | T68: Phosphorus | Y68: Continuous Discharge | Z68: 45648 | AA68: Amber | AB68: CASM.0095 | AC68: 530500 | AD68: 143800 | BI68: 10774 | BK68: 0.3 mean | BL68: Fe: 4mg/l (95%) 8mg/l (UT) | BM68: 1596 | CH68: 4.1 | CR68: 754 | CS68: 11100 | CT68: 0 | CU68: 0 | CV68: WWN | CW68: £ per p.e. | CX68: 1e-06 | CY68: TMS | CZ68: 45754 | DA68: {=_xlfn.IFS(CX68 = 1, CR68 * CS68 * 1000000, CX68 = 0.000001, CR68 * CS68 )} -> 8369400 | DB68: 7930586.9 | DC68: =IF( DB68 = "", DA68, DB68) -> 7930586.9 | DD68: 1.0294842 | DE68: =DC68 * DD68 -> 8164414 | DF68: 1.1806333 | DG68: =( DE68 * DF68 ) / 1000000 -> 9.639179 | DH68: 0.0397 | DI68: =( DG68 * DH68 ) / 12 -> 0.031889617 | DK68: =IF(DJ68="",J68,IF(DJ68="AoN5","7TW100021AoN group","")) -> 7TW200156
A69: THM00536 | B69: Changed | F69: WQ | G69: Thames | H69: Thames | I69: Thames Water Utilities Ltd | J69: 7TW200698 | K69: KINGSTON BAGPUIZE STW | L69: Ock and tributaries (Land Brook confluence to Thames) | M69: GB106039023430 | N69: River | O69: Ock | S69: WFD_IMPg | T69: Ammonia | Y69: Continuous Discharge | Z69: 45648 | AA69: Amber | AB69: CTCR.2011 | AC69: 440200 | AD69: 197400 | BI69: 3040 | BJ69: 7 | BK69: 3 | BM69: 633 | CH69: 2 | CR69: 2.951 | CS69: 1 | CT69: 0 | CU69: 1 | CV69: WWN | CW69: £m | CX69: 1 | CY69: TMS | CZ69: 46417 | DA69: {=_xlfn.IFS(CX69 = 1, CR69 * CS69 * 1000000, CX69 = 0.000001, CR69 * CS69 )} -> 2951000 | DB69: 2796277.1 | DC69: =IF( DB69 = "", DA69, DB69) -> 2796277.1 | DD69: 1.0294842 | DE69: =DC69 * DD69 -> 2878723.2 | DF69: 1.1806333 | DG69: =( DE69 * DF69 ) / 1000000 -> 3.3987164 | DH69: 0.0397 | DI69: =( DG69 * DH69 ) / 12 -> 0.011244087 | DK69: =IF(DJ69="",J69,IF(DJ69="AoN5","7TW100021AoN group","")) -> 7TW200698
A70: THM00570 | B70: Changed | F70: WQ | G70: Thames | H70: Thames | I70: Thames Water Utilities Ltd | J70: 7TW200732 | K70: WINGRAVE STW | L70: Thame upstream of Aylesbury | M70: GB106039030410 | N70: River | O70: Thame | S70: WFD_IMPg | T70: Phosphorus | Y70: Continuous Discharge | Z70: 45648 | AA70: Amber | AB70: CSSC.2320 | AC70: 486400 | AD70: 218700 | BI70: 1410 | BK70: 0.7 | BL70: IRON:4mg/l (95%ile); 8mg/l (Upper Tier) | BM70: 538 | CH70: 10 | CR70: 794 | CS70: 1800 | CT70: 0 | CU70: 1 | CV70: WWN | CW70: £ per p.e. | CX70: 1e-06 | CY70: TMS | CZ70: 45885 | DA70: {=_xlfn.IFS(CX70 = 1, CR70 * CS70 * 1000000, CX70 = 0.000001, CR70 * CS70 )} -> 1429200 | DB70: 1354266.1 | DC70: =IF( DB70 = "", DA70, DB70) -> 1354266.1 | DD70: 1.0294842 | DE70: =DC70 * DD70 -> 1394195.6 | DF70: 1.1806333 | DG70: =( DE70 * DF70 ) / 1000000 -> 1.6460337 | DH70: 0.0397 | DI70: =( DG70 * DH70 ) / 12 -> 0.0054456282 | DK70: =IF(DJ70="",J70,IF(DJ70="AoN5","7TW100021AoN group","")) -> 7TW200732

Sheet WINEP_Inputs_NWT
A1: WINEP3 Update March 2019 | H1: National Full data set
AI2: FBG Detail
A3: VERSION 1 | AI3: SSSI/N2K/Ramsar | AN3: Eels | AP3: NERC Driver | AX3: INNS | AZ3: MCZ | BA3: Water Quality Detail | BX3: Water Resource Detail | CH3: Environmental Outcome | CR3: WINEP model inputs
A4: WINEPID | B4: Change Log Winep 2 to 3 | C4: NEW Column. Has an alteration to this measure been made? If Y then please refer to alterations log. | D4: Application in determination by NPS? | E4: Has a permit been issued? | F4: Function | G4: RBD | H4: Area | I4: Water Company | J4: Unique ID * (completed on company collation) | K4: Scheme Name/Name of Investigation/Site Name/Licence name | L4: Name of Waterbody | M4: Waterbody ID | N4: Water Body Type(s) | O4: WFD Operational Catchment | P4: Blank Column | Q4: Blank Column | R4: Blank Column | S4: Driver Code (Primary) | T4: Further Driver Code Information (related to the primary driver if applicable) | U4: Driver Code (Secondary) | V4: Further Driver Code Information (related to the secondary driver if applicable) | W4: Driver Code (Tertiary) | X4: Further Driver Code Information (related to the tertiary driver if applicable) | Y4: Measure Type | Z4: Completion Date (DD/MM/YY) | AA4: Level of Certainty? (P= Purple, R=Red, A=Amber, G=Green | AB4: Abstraction Licence/ Permit, Obstruction ID or No Obstruction ID | AC4: Eastings | AD4: Northings | AE4: Investigation Type | AF4: Investigation Scope | AG4: Implementation Scope | AH4: Groundwater Measures Information | AI4: Name of SSSI (if applicable) | AJ4: Name of N2K/Ramsar site (if applicable) | AK4: SSSI/N2K/Ramsar Unit ID | AL4: SSSI/N2K/Ramsar Area of Unit (Hectares) | AM4: Justification for Action/Investigation | AN4: Eel Priority Status | AO4: Eel Improvement Type | AP4: Primary Type of Priority Habitat Created or Restored/Improved | AQ4: Secondary Type of Priority Habitat Created or Restored/Improved | AR4: Other Priority Habitat Created or Restored/Improved | AS4: Type of Action Taken | AT4: Units Recorded (Hectare or km) | AU4: Number of Hectares or Kms | AV4: Name of Priority Species | AW4: Name of High Risk of Extinction Species | AX4: INNS Control Measure | AY4: INNS Species (if applicable) | AZ4: Name of MCZ | BA4: Name of Bathing Water (where applicable) | BB4: Name of Shellfish Water (where applicable) | BC4: Chemical of Interest (for chemicals measures only) | BD4: Groundwater Chemicals | BE4: Drinking Water Inspectorate - Undertaking or Notice Y/N | BF4: DrWPA Substances at Risk (if applicable) | BG4: Safeguard Zone Name (if applicable) | BH4: Safeguard Zone ID (if applicable) | BI4: Population Equivalent for STWs | BJ4: Current Permit Limit (mg/l) | BK4: Proposed Permit Limit (mg/l) | BL4: Proposed Iron or Aluminium Limits (for Phosphorus measures only) | BM4: Current DWF (m3/d) | BN4: Proposed DWF (m3/d) (if applicable) | BO4: Proposed Permit Limit Other | BP4: Catchment Measure Actions | BQ4: Unsustainable Abstraction System Code | BR4: Linked Groundwater Body Name | BS4: Linked Groundwater Body ID | BT4: Licence Category | BU4: Water Resource Zone (WRZ) | BV4: WR HMWB Flag (X) | BW4: Scheme Relates to Following Missing Mitigation Measures (HMWB only) | BX4: Annual Licence Volume (Ml/a) | BY4: Daily Licence Volume (Ml/d) | BZ4: Aggregate Licence (x) | CA4: Sustainability Change (to Annual Licence Volume) Ml/a | CB4: Sustainability Change (to Daily Licence Volume) Ml/d | CC4: Sustainability Change (to HoF Condition) Ml/d | CD4: *NEW* Water returned to the environment (Reduction in actual abstraction) ML/d | CE4: New Annual Licence Volume (Ml/a) | CF4: New Daily Licence Volume (Ml/d) | CG4: New HoF Condition (Ml/d) | CH4: Quantitative Km River Length Improved or Protected | CI4: Quantitative Area (km2) Improved or Protected | CJ4: Volume (Ml/yr) Drinking Water Protected | CK4: Hectares of Designated Site (HD/RAMSAR/ SSSI) Restored or Improved | CL4: *NEW* INNS ,No Det outcome - Km2 of land with reduced risk of INNS | CM4: Delivers Additional FCERM Benefits (Y/N) | CN4: Delivers on Salmon 5-Point Action Plan | CO4: Additional Comments | CP4: CPS Reference | CQ4: Flow Categorisation 1= PR19 Synergy 2= WFD failure 3= Neither | CR4: Allowed totex unit rate | CS4: Quantity proposed in PR19 FD | CT4: Quantity Delivered | CU4: 1 = In PR19, funded 0 = In PR19, not funded | CV4: Price Control | CW4: Unit | CX4: Unit Conversion to £m | CY4: Company | CZ4: Completion date (EA or Water Company) | DA4: Allowed totex unit rate in 2017/18 prices before adjustment - £ | DB4: Adjustment - £ | DC4: Allowed totex unit rate in 2017/18 prices after adjustment - £ | DD4: PR19 WACC | DE4: Allowed totex unit rate in 2017/18 prices after adjustment & PR19 WACC - £ | DF4: CPIH adjustment (2017/18) | DG4: Allowed totex unit rate in 2022/23 prices after adjustment & PR19 WACC - £m | DH4: PR24 WACC | DI4: Allowed totex unit rate in 2022/23 prices after adjustment - £m per month | DJ4: AoN | DK4: Unique ID after AoN scenario
A5: GMC00070 | B5: Changed | F5: WQ | G5: North West | H5: Greater Manchester, Merseyside and Cheshire | I5: United Utilities | J5: 7UU200519 | K5: Failsworth WwTW | L5: Medlock (Lumb Brook to Irwell) | M5: GB112069061152 | N5: River | O5: Roch Irk Medlock | S5: U_IMP2 | T5: Phosphorus | Y5: Continuous Discharge | Z5: 46154 | AA5: Amber | AB5: 016983268 | AC5: 389600 | AD5: 399710 | BI5: 21576 | BK5: 2 | BL5: Iron 4mg/l LUT 8mg/l UT | BM5: 6180 | CH5: 10.1 | CM5: No | CO5: Medlock & Lower Irwell Candidate for Sensitive Area (Eutrophic). Waterbodies GB112069061452 & GB112069061152 are included in the designation. | CR5: 156 | CS5: 21412 | CT5: 0 | CU5: 1 | CV5: WWN | CW5: £ per pe | CX5: 1e-06 | CY5: NWT | CZ5: 46154 | DA5: {=_xlfn.IFS(CX5 = 1, CR5 * CS5 * 1000000, CX5 = 0.000001, CR5 * CS5 )} -> 3340272 | DC5: =IF( DB5 = "", DA5, DB5) -> 3340272 | DD5: 1.0294842 | DE5: =DC5 * DD5 -> 3438757.3 | DF5: 1.1806333 | DG5: =( DE5 * DF5 ) / 1000000 -> 4.0599114 | DH5: 0.0397 | DI5: =( DG5 * DH5 ) / 12 -> 0.01343154 | DK5: =IF(DJ5="",J5,IF(DJ5="AoN5","7TW100021AoN group","")) -> 7UU200519
A6: GMC00068 | B6: Changed | F6: WQ | G6: North West | H6: Greater Manchester, Merseyside and Cheshire | I6: United Utilities | J6: 7UU200517 | K6: Glossop WwTW | L6: Etherow (Glossop Brook to Goyt) | M6: GB112069061050 | N6: River | O6: Goyt Etherow Tame | S6: U_IMP2 | T6: Phosphorus | Y6: Continuous Discharge | Z6: 46154 | AA6: Amber | AB6: 016940172 | AC6: 399930 | AD6: 394160 | BI6: 35994 | BK6: 2 | BL6: Iron 4mg/l LUT 8mg/l UT | BM6: 14800 | CH6: 14.3 | CM6: No | CN6: Recovering Salmon River | CO6: Goyt & Etherow Candidate for Sensitive Area (Eutrophic). Waterbodies GB112069061050, GB112069060960, GB112069061000 are included in the designation. | CR6: 36 | CS6: 35994 | CT6: 0 | CU6: 1 | CV6: WWN | CW6: £ per pe | CX6: 1e-06 | CY6: NWT | CZ6: 46154 | DA6: {=_xlfn.IFS(CX6 = 1, CR6 * CS6 * 1000000, CX6 = 0.000001, CR6 * CS6 )} -> 1295784 | DC6: =IF( DB6 = "", DA6, DB6) -> 1295784 | DD6: 1.0294842 | DE6: =DC6 * DD6 -> 1333989.2 | DF6: 1.1806333 | DG6: =( DE6 * DF6 ) / 1000000 -> 1.574952 | DH6: 0.0397 | DI6: =( DG6 * DH6 ) / 12 -> 0.0052104663 | DK6: =IF(DJ6="",J6,IF(DJ6="AoN5","7TW100021AoN group","")) -> 7UU200517
A7: GMC00067 | B7: Changed | F7: WQ | G7: North West | H7: Greater Manchester, Merseyside and Cheshire | I7: United Utilities | J7: 7UU200516 | K7: Hazel Grove WwTW | L7: Goyt (Etherow to Mersey) | M7: GB112069061000 | N7: River | O7: Goyt Etherow Tame | S7: U_IMP2 | T7: Phosphorus | Y7: Continuous Discharge | Z7: 46154 | AA7: Amber | AB7: 016940175 | AC7: 393120 | AD7: 389440 | BI7: 47299 | BK7: 2 | BL7: Iron 4mg/l LUT 8mg/l UT | BM7: 14660 | CH7: 6.5 | CM7: No | CN7: Recovering Salmon River | CO7: Goyt & Etherow Candidate for Sensitive Area (Eutrophic). Waterbodies GB112069061050, GB112069060960, GB112069061000 are included in the designation. | CR7: 36 | CS7: 46662 | CT7: 0 | CU7: 1 | CV7: WWN | CW7: £ per pe | CX7: 1e-06 | CY7: NWT | CZ7: 46154 | DA7: {=_xlfn.IFS(CX7 = 1, CR7 * CS7 * 1000000, CX7 = 0.000001, CR7 * CS7 )} -> 1679832 | DC7: =IF( DB7 = "", DA7, DB7) -> 1679832 | DD7: 1.0294842 | DE7: =DC7 * DD7 -> 1729360.5 | DF7: 1.1806333 | DG7: =( DE7 * DF7 ) / 1000000 -> 2.0417406 | DH7: 0.0397 | DI7: =( DG7 * DH7 ) / 12 -> 0.0067547585 | DK7: =IF(DJ7="",J7,IF(DJ7="AoN5","7TW100021AoN group","")) -> 7UU200516
A8: GMC00064 | B8: Changed | F8: WQ | G8: North West | H8: Greater Manchester, Merseyside and Cheshire | I8: United Utilities | J8: 7UU200513 | K8: Knutsford WwTW | L8: Birkin Brook - Source to Mobberley Brook | M8: GB112069061340 | N8: River | O8: Bollin Dean Mersey Upper | S8: U_IMP2 | T8: Phosphorus | Y8: Continuous Discharge | Z8: 46154 | AA8: Amber | AB8: 016910007 | AC8: 376780 | AD8: 380040 | BI8: 14178 | BK8: 2 | BL8: Iron 4mg/l LUT 8mg/l UT | BM8: 4000 | CH8: 5.5 | CM8: No | CN8: Recovering Salmon River | CO8: Bollin & Birkin Brook Candidate for Sensitive Area (Eutrophic). Waterbodies GB112069061370, GB112069061340, GB112069061320, GB112069061381, GB112069061382 are included in the designation. | CR8: 156 | CS8: 14178 | CT8: 0 | CU8: 1 | CV8: WWN | CW8: £ per pe | CX8: 1e-06 | CY8: NWT | CZ8: 46154 | DA8: {=_xlfn.IFS(CX8 = 1, CR8 * CS8 * 1000000, CX8 = 0.000001, CR8 * CS8 )} -> 2211768 | DC8: =IF( DB8 = "", DA8, DB8) -> 2211768 | DD8: 1.0294842 | DE8: =DC8 * DD8 -> 2276980.2 | DF8: 1.1806333 | DG8: =( DE8 * DF8 ) / 1000000 -> 2.6882787 | DH8: 0.0397 | DI8: =( DG8 * DH8 ) / 12 -> 0.008893722 | DK8: =IF(DJ8="",J8,IF(DJ8="AoN5","7TW100021AoN group","")) -> 7UU200513
A9: GMC00063 | B9: Changed | F9: WQ | G9: North West | H9: Greater Manchester, Merseyside and Cheshire | I9: United Utilities | J9: 7UU200512 | K9: Macclesfield WwTW | L9: Bollin (Source to Dean) | M9: GB112069061320 | N9: River | O9: Bollin Dean Mersey Upper | S9: U_IMP2 | T9: Phosphorus | Y9: Continuous Discharge | Z9: 46154 | AA9: Amber | AB9: 016910009 | AC9: 389340 | AD9: 378690 | BI9: 74029 | BK9: 2 | BL9: Iron 4mg/l LUT 8mg/l UT | BM9: 28500 | CH9: 10.1 | CM9: No | CN9: Recovering Salmon River | CO9: Bollin & Birkin Brook Candidate for Sensitive Area (Eutrophic). Waterbodies GB112069061370, GB112069061340, GB112069061320, GB112069061381, GB112069061382 are included in the designation. | CR9: 36 | CS9: 74029 | CT9: 0 | CU9: 1 | CV9: WWN | CW9: £ per pe | CX9: 1e-06 | CY9: NWT | CZ9: 46154 | DA9: {=_xlfn.IFS(CX9 = 1, CR9 * CS9 * 1000000, CX9 = 0.000001, CR9 * CS9 )} -> 2665044 | DC9: =IF( DB9 = "", DA9, DB9) -> 2665044 | DD9: 1.0294842 | DE9: =DC9 * DD9 -> 2743620.7 | DF9: 1.1806333 | DG9: =( DE9 * DF9 ) / 1000000 -> 3.23921 | DH9: 0.0397 | DI9: =( DG9 * DH9 ) / 12 -> 0.010716386 | DK9: =IF(DJ9="",J9,IF(DJ9="AoN5","7TW100021AoN group","")) -> 7UU200512
A10: GMC00071 | B10: Changed | F10: WQ | G10: North West | H10: Greater Manchester, Merseyside and Cheshire | I10: United Utilities | J10: 7UU200520 | K10: Oldham WwTW | L10: Wince Brook | M10: GB112069061120 | N10: River | O10: Roch Irk Medlock | S10: U_IMP2 | T10: Phosphorus | Y10: Continuous Discharge | Z10: 46154 | AA10: Amber | AB10: 016950038 | AC10: 389250 | AD10: 404310 | BI10: 161356 | BK10: 1 | BL10: Iron_x000D_ 2.5mg/l LUT_x000D_ 8mg/l UT | BM10: 56400 | CH10: 5.7 | CM10: No | CO10: Medlock & Lower Irwell Candidate for Sensitive Area (Eutrophic). Waterbodies GB112069061452 & GB112069061152 are included in the designation. | CR10: 36 | CS10: 161356 | CT10: 0 | CU10: 1 | CV10: WWN | CW10: £ per pe | CX10: 1e-06 | CY10: NWT | CZ10: 46154 | DA10: {=_xlfn.IFS(CX10 = 1, CR10 * CS10 * 1000000, CX10 = 0.000001, CR10 * CS10 )} -> 5808816 | DC10: =IF( DB10 = "", DA10, DB10) -> 5808816 | DD10: 1.0294842 | DE10: =DC10 * DD10 -> 5980084.4 | DF10: 1.1806333 | DG10: =( DE10 * DF10 ) / 1000000 -> 7.0602867 | DH10: 0.0397 | DI10: =( DG10 * DH10 ) / 12 -> 0.023357782 | DK10: =IF(DJ10="",J10,IF(DJ10="AoN5","7TW100021AoN group","")) -> 7UU200520
